Workbook
Name Z_0FA6C61B_5D69_45A6_B753_810BACE552D4_.wvu.Cols: '16Anth'!#REF!
Name Z_0FA6C61B_5D69_45A6_B753_810BACE552D4_.wvu.PrintArea: '10Preg'!$A$1:$BN$38
Name Z_0FA6C61B_5D69_45A6_B753_810BACE552D4_.wvu.PrintArea: '13Repr'!$A$1:$CM$48
Name Z_0FA6C61B_5D69_45A6_B753_810BACE552D4_.wvu.PrintArea: '19Mat Santé psy'!$A$1:$Q$41
Name Z_0FA6C61B_5D69_45A6_B753_810BACE552D4_.wvu.PrintArea: '20COVID'!$A$1:$AJ$48
Name Z_173E41C6_F793_4836_931B_07E2CF29825D_.wvu.Cols: '16Anth'!#REF!
Name Z_173E41C6_F793_4836_931B_07E2CF29825D_.wvu.PrintArea: '10Preg'!$A$1:$BN$38
Name Z_173E41C6_F793_4836_931B_07E2CF29825D_.wvu.PrintArea: '13Repr'!$A$1:$CM$48
Name Z_173E41C6_F793_4836_931B_07E2CF29825D_.wvu.PrintArea: '19Mat Santé psy'!$A$1:$Q$41
Name Z_173E41C6_F793_4836_931B_07E2CF29825D_.wvu.PrintArea: '20COVID'!$A$1:$AJ$48
Name Z_5D50646D_E318_43BF_A447_05EA9F27B315_.wvu.Cols: '16Anth'!#REF!
Name Z_5D50646D_E318_43BF_A447_05EA9F27B315_.wvu.PrintArea: '10Preg'!$A$1:$BN$38
Name Z_5D50646D_E318_43BF_A447_05EA9F27B315_.wvu.PrintArea: '13Repr'!$A$1:$CM$48
Name Z_5D50646D_E318_43BF_A447_05EA9F27B315_.wvu.PrintArea: '19Mat Santé psy'!$A$1:$Q$41
Name Z_5D50646D_E318_43BF_A447_05EA9F27B315_.wvu.PrintArea: '20COVID'!$A$1:$AJ$48
Name Z_5F65594C_FA75_4A86_A3E4_8227EEB77D02_.wvu.Cols: '16Anth'!#REF!
Name Z_5F65594C_FA75_4A86_A3E4_8227EEB77D02_.wvu.PrintArea: '10Preg'!$A$1:$BN$38
Name Z_5F65594C_FA75_4A86_A3E4_8227EEB77D02_.wvu.PrintArea: '13Repr'!$A$1:$CM$48
Name Z_5F65594C_FA75_4A86_A3E4_8227EEB77D02_.wvu.PrintArea: '19Mat Santé psy'!$A$1:$Q$41
Name Z_5F65594C_FA75_4A86_A3E4_8227EEB77D02_.wvu.PrintArea: '20COVID'!$A$1:$AJ$48
Name Z_75D0AFA1_72F4_4D37_82B1_16CDC1782011_.wvu.PrintArea: '09 Woman Health'!$A$1:$BO$50
Name Z_75D0AFA1_72F4_4D37_82B1_16CDC1782011_.wvu.PrintArea: '15 Child Health'!$A$1:$EC$50
Name Z_7A111591_EC51_4691_AC01_E587AFA51198_.wvu.Cols: '09 Woman Health'!#REF!,'09 Woman Health'!#REF!,'09 Woman Health'!#REF!
Name Z_7A111591_EC51_4691_AC01_E587AFA51198_.wvu.Cols: '11Hist'!#REF!,'11Hist'!#REF!,'11Hist'!#REF!
Name Z_7A111591_EC51_4691_AC01_E587AFA51198_.wvu.Cols: '13Repr'!#REF!,'13Repr'!#REF!,'13Repr'!$N:$N
Name Z_7A111591_EC51_4691_AC01_E587AFA51198_.wvu.Cols: '15 Child Health'!#REF!,'15 Child Health'!#REF!,'15 Child Health'!#REF!
Name Z_7A111591_EC51_4691_AC01_E587AFA51198_.wvu.Cols: '16Anth'!#REF!,'16Anth'!#REF!,'16Anth'!#REF!
Name Z_7A111591_EC51_4691_AC01_E587AFA51198_.wvu.Cols: '17CHW'!#REF!,'17CHW'!#REF!,'17CHW'!#REF!
Name Z_7A111591_EC51_4691_AC01_E587AFA51198_.wvu.Cols: '19Mat Santé psy'!#REF!,'19Mat Santé psy'!#REF!,'19Mat Santé psy'!$K:$K
Name Z_7A111591_EC51_4691_AC01_E587AFA51198_.wvu.Cols: '20COVID'!#REF!,'20COVID'!#REF!,'20COVID'!#REF!
Name Z_7A111591_EC51_4691_AC01_E587AFA51198_.wvu.Cols: Flap_1!#REF!,Flap_1!#REF!,Flap_1!#REF!
Name Z_7A111591_EC51_4691_AC01_E587AFA51198_.wvu.PrintArea: '09 Woman Health'!#REF!
Name Z_7A111591_EC51_4691_AC01_E587AFA51198_.wvu.PrintArea: '11Hist'!$H$2:$U$60
Name Z_7A111591_EC51_4691_AC01_E587AFA51198_.wvu.PrintArea: '13Repr'!$C$2:$R$31
Name Z_7A111591_EC51_4691_AC01_E587AFA51198_.wvu.PrintArea: '15 Child Health'!#REF!
Name Z_7A111591_EC51_4691_AC01_E587AFA51198_.wvu.PrintArea: '16Anth'!#REF!
Name Z_7A111591_EC51_4691_AC01_E587AFA51198_.wvu.PrintArea: '17CHW'!#REF!
Name Z_7A111591_EC51_4691_AC01_E587AFA51198_.wvu.PrintArea: '19Mat Santé psy'!$C$2:$O$24
Name Z_7A111591_EC51_4691_AC01_E587AFA51198_.wvu.PrintArea: '20COVID'!#REF!
Name Z_7A111591_EC51_4691_AC01_E587AFA51198_.wvu.PrintArea: Flap_1!$A$2:$N$43
Name Z_7A111591_EC51_4691_AC01_E587AFA51198_.wvu.Rows: '09 Woman Health'!#REF!,'09 Woman Health'!#REF!
Name Z_7A111591_EC51_4691_AC01_E587AFA51198_.wvu.Rows: '11Hist'!#REF!,'11Hist'!#REF!
Name Z_7A111591_EC51_4691_AC01_E587AFA51198_.wvu.Rows: '13Repr'!#REF!,'13Repr'!#REF!
Name Z_7A111591_EC51_4691_AC01_E587AFA51198_.wvu.Rows: '15 Child Health'!#REF!,'15 Child Health'!#REF!
Name Z_7A111591_EC51_4691_AC01_E587AFA51198_.wvu.Rows: '16Anth'!#REF!,'16Anth'!#REF!
Name Z_7A111591_EC51_4691_AC01_E587AFA51198_.wvu.Rows: '17CHW'!#REF!,'17CHW'!#REF!
Name Z_7A111591_EC51_4691_AC01_E587AFA51198_.wvu.Rows: '19Mat Santé psy'!#REF!,'19Mat Santé psy'!#REF!
Name Z_7A111591_EC51_4691_AC01_E587AFA51198_.wvu.Rows: '20COVID'!#REF!,'20COVID'!#REF!
Name Z_7A111591_EC51_4691_AC01_E587AFA51198_.wvu.Rows: Flap_1!#REF!,Flap_1!#REF!
Name Z_7A111591_EC51_4691_AC01_E587AFA51198_.wvu.Rows: Notes!#REF!
Name Z_8BA3C514_D57A_4F35_B228_74EE997D93F5_.wvu.Cols: '16Anth'!#REF!
Name Z_8BA3C514_D57A_4F35_B228_74EE997D93F5_.wvu.PrintArea: '10Preg'!$A$1:$BN$38
Name Z_8BA3C514_D57A_4F35_B228_74EE997D93F5_.wvu.PrintArea: '13Repr'!$A$1:$CM$48
Name Z_8BA3C514_D57A_4F35_B228_74EE997D93F5_.wvu.PrintArea: '19Mat Santé psy'!$A$1:$Q$41
Name Z_8BA3C514_D57A_4F35_B228_74EE997D93F5_.wvu.PrintArea: '20COVID'!$A$1:$AJ$48
Name Z_8C7CF8DA_E59E_4E05_A9FB_675A67E7B122_.wvu.Cols: '16Anth'!#REF!
Name Z_8C7CF8DA_E59E_4E05_A9FB_675A67E7B122_.wvu.PrintArea: '10Preg'!$A$1:$BN$38
Name Z_8C7CF8DA_E59E_4E05_A9FB_675A67E7B122_.wvu.PrintArea: '13Repr'!$A$1:$CM$48
Name Z_8C7CF8DA_E59E_4E05_A9FB_675A67E7B122_.wvu.PrintArea: '19Mat Santé psy'!$A$1:$Q$41
Name Z_8C7CF8DA_E59E_4E05_A9FB_675A67E7B122_.wvu.PrintArea: '20COVID'!$A$1:$AJ$48

Sheet Cover 
D2: RÉPUBLIQUE DÉMOCRATIQUE DU CONGO
A3: MINISTÈRE DE LA SANTÉ PUBLIQUE
D4: ENQUÊTE FINALE POUR L'ÉVALUATION D'IMPACT DU FINANCEMENT BASÉ SUR LES RÉSULTATS 2021
A6: QUESTIONNAIRE MÉNAGE
A9: SITUATION GÉOGRAPHIQUE
A12: Province : | I12: District:
A14: Zone de Santé (ZS): | I14: Aire de santé (AS):
A16: Code du village ou Quartier : | I16: (0.09)a Voudriez vous remplacer le village? | Q16: Oui | U16: 1
Q17: Non | U17: 2 | V17: ► | W17: (0.09)d
A18: (0.09)b Nom du village remplacement: | I18: (0.09)c Code du village remplacement:
A20: (0.09)d Est-ce que c'est une deuxième ou troisième village pour completer le premier village de moins 50 ménages? | F20: Oui | G20: 1 | I20: (0.09e) Nom du deuxième ou troisième village pour completer le premier village de moins 50 ménages:
F21: Non | G21: 2 | H21: ►(0.10)
A22: Numéro du ménage:____________ | I22: Groupe du ménage:
I23: Groupe A | S23: 1
I24: Groupe B | S24: 2
I25: Groupe C | S25: 3
A26: COORDONNÉES GPS DU MÉNAGE | P26: (0.10) Milieu de résidence
B28: LATITUDE (NORD): | H28: . | Q28: Urbain …… 1
Q29: Rural …………2
B30: LONGITUDE (EST): | H30: .
B31: Le répondant :
D32: Chef de ménage………...…...…. 1
D33: Épouse du Chef du ménage …. 2
D34: Enfant du Chef du ménage ……..3
D35: Autre personne (à préciser) …….7
A36: VISITES DANS LE MENAGE
A38: NOM/PRENOM DE L'ENQUÊTEUR: | N38: CODE ENQUETEUR:
A40: Date Visite | C40: JOUR | E40: MOIS | G40: ANNÉE
A45: LANGUE UTILISÉE
A46: PAR L'ENQUÊTEUR ? | F46: PAR LE RÉPONDANT ? | K46: Français | Q46: 1
K47: Lingala | Q47: 2
K48: Swahili | Q48: 3
K49: Kikongo | Q49: 4
K50: Autre, à préciser | Q50: 7
A51: RECAPITULATIF DU MENAGE | K51: RÉSULTAT DE L'ENTRETIEN :
A52: Nombre total des membres du ménage : | K52: Entièrement rempli | P52: 1
A53: Nombre total d'enfants de 0-4 ans : | K53: Partiellement rempli | P53: 2
A54: Nombre total de filles de 5-14 ans : | K54: Refus d'autoriser l'entretien | P54: 3
A55: Nombre total de garçons 5-14 ans : | K55: Absence des membres du ménage | P55: 4
A56: Nombre total de femmes de 15-49 ans : | K56: Autre (à préciser) | P56: 7
A57: Nombre total d'hommes de 15-49 ans :
A58: Nombre total de femmes de plus de 50 ans :
A59: Nombre total d'hommes de plus de 50 ans :
A61: CONSENTEMENT ECLAIRE, A RECUEILLIR AVANT LE DEBUT DE L'ENTREVUE
A62: ENQUETEUR : Bonjour/Bonsoir ! Je m'appelle _______ , je travaille pour MÉDECINS D'AFRIQUE. Le Ministère de la santé nous a demandé de mener une étude portant sur les formations sanitaires de la RDC. Aujourd'hui, nous allons nous entretenir avec Vous. Nous voulons déterminer le niveau général de service dans les formations sanitaires du pays. Si vous acceptez de prendre part à cet entretien, nous vous assurons que les informations fournies seront traitées confidentiellement. Vous avez le droit de refuser de prendre part à l'entretien au début ou de l'interrompre à n'importe quelle étape. Toutefois, nous vous réaffirmons que les informations que vous allez fournir sont d'une importance capitale pour les decideurs et acteurs impliqués dans le secteur de la santé (Gouvernements central et provincial, partenaires au développement, cofessions religieuses, ONGs, sociétét civile) qui s'en serviront pour l'amlioration des services de santé et des conditions de vie de la population dans votre province. Acceptez-vous prendre part à l'enquête aujourd'hui ?
F68: OUI | H68: 1
F69: NON | H69: 2

Sheet Flap_1
A1: 1 | B1: Caractéristiques des femmes éligibles du ménages
A3: SUJET : TOUTES FEMMES AGÉES DE 15-49 ANS
A4: RÉPONDANT : LE CHEF DU MÉNAGE OU LE MEMBRE DU MÉNAGE LE MIEUX INFORMÉ
A6: CODE ID | C6: -1.01 | E6: -1.02 | H6: =E6-0.01 -> -1.03 | I6: (1.04)a | J6: (1.04)b | K6: (1.04)c | L6: -1.06 | N6: =L$6-0.01 -> -1.07 | R6: =N$6-0.01 -> -1.08 | T6: =R6-0.01 -> -1.09
C7: Veuillez me communiquer le nom des toutes les femmes de 15-49 vivant dans ce ménage | E7: Quelle est la date de naissance de [NOM] ? | H7: Quel âge a [NOM] ? | I7: Est-ce que [NOM] a été enceinte au cours de 24 derniers mois? | J7: [NOM] a-t-elle vécu sans intéruption dans ce ménage au cours des deux dernières années? | K7: Combien de temps était-elle hors de ce ménage au cours des deux dernières années? (TOTAL EN JOURS) | L7: Quelle est la situation matrimoniale actuelle de [NOM] ? | N7: Quel est le niveau d'instruction le plus élevé atteint par [NOM] ? | R7: À ce niveau d'instruc tion quelle est la classe la plus élevée achevée par [NOM] ? | T7: Quelle est la religion de [NOM] ?
E10: SI LE RÉPONDANT NE CONNAIT PAS LE JOUR OU LE MOIS, INSCRIRE "98". S'IL NE CONNAIT PAS L'ANNÉE, APPROFONDIR EN UTILISANT UN CALENDRIER DES ÉVÉNEMENTS.
C14: INSCRIRE ICI LE PRÉNOM ET LE NOM DE FAMILLE
E16: A. | F16: B. | G16: C.
E17: JJ | F17: MM | G17: AAAA | H17: ANS | I17: OUI 1 | J17: OUI 1 ►(1.06) | L17: Célibataire | M17: 1 | N17: Sans niveau | O17: 0 | P17: ► | Q17: =T6 -> -1.09 | R17: Primaire 1 | S17: 5 | T17: Aucune | U17: 1
I18: NON 2 | J18: NON 2 | L18: Mariée monogame | M18: 2 | N18: Primaire | O18: 2 | R18: Primaire 2 | S18: 6 | T18: Catholique | U18: 2
C19: a.NOM | D19: b.PRÉNOM | L19: Mariée polygame | M19: 3 | N19: cycle d'orientation ( 1 ère et 2 ème année) | O19: 3 | R19: Primaire 3 | S19: 7 | T19: Protestante | U19: 3
L20: Union libre | M20: 4 | N20: cycle humanités ( 3 ème,4ème,5ème et 6ème) | O20: 4 | R20: Primaire 4 | S20: 8 | T20: Musulmane | U20: =U19+1 -> 4
L21: Divorcée/séparée | M21: 5 | N21: Supérieur et plus | O21: 5 | R21: Primaire 5 | S21: 9 | T21: Eglise de Réveil | U21: 5
L22: Veuve | M22: 6 | R22: Primaire 6 | S22: 10 | T22: Kimbanguiste | U22: 6
R23: cycle d'orientation 1 | S23: 11 | T23: Salutiste | U23: 7
R24: cycle d'orientation 2 | S24: 12 | T24: Autre à préciser | U24: 97
R25: cycle des humanités 3 | S25: 13
R26: cycle des humanités 4 | S26: 14
R27: cycle des humanités 5 | S27: 15
R28: cycle des humanités 6 | S28: 16
R29: Graduat 1 | S29: 17
R30: Graduat 2 | S30: 18
R31: Graduat 3 | S31: 19
R32: Licence 1 | S32: 20
R33: Licence 2 | S33: 21
A34: =A33+1 -> 1 | E34: |__|__| | F34: |__|__| | G34: |__|__|__|__| | H34: |__|__| | I34: |__| | J34: |__| | K34: |__| | L34: |__| | N34: |__| | R34: Autre | S34: 22 | T34: |__|
A35: =A34+1 -> 2 | E35: |__|__| | F35: |__|__| | G35: |__|__|__|__| | H35: |__|__| | I35: |__| | J35: |__| | K35: |__| | L35: |__| | N35: |__| | R35: |__| | T35: |__|
A36: =A35+1 -> 3 | E36: |__|__| | F36: |__|__| | G36: |__|__|__|__| | H36: |__|__| | I36: |__| | J36: |__| | K36: |__| | L36: |__| | N36: |__| | R36: |__| | T36: |__|
A37: =A36+1 -> 4 | E37: |__|__| | F37: |__|__| | G37: |__|__|__|__| | H37: |__|__| | I37: |__| | J37: |__| | K37: |__| | L37: |__| | N37: |__| | R37: |__| | T37: |__|
A38: =A37+1 -> 5 | E38: |__|__| | F38: |__|__| | G38: |__|__|__|__| | H38: |__|__| | I38: |__| | J38: |__| | K38: |__| | L38: |__| | N38: |__| | R38: |__| | T38: |__|
A39: =A38+1 -> 6 | E39: |__|__| | F39: |__|__| | G39: |__|__|__|__| | H39: |__|__| | I39: |__| | J39: |__| | K39: |__| | L39: |__| | N39: |__| | R39: |__| | T39: |__|
A40: =A39+1 -> 7 | E40: |__|__| | F40: |__|__| | G40: |__|__|__|__| | H40: |__|__| | I40: |__| | J40: |__| | K40: |__| | L40: |__| | N40: |__| | R40: |__| | T40: |__|
A41: =A40+1 -> 8 | E41: |__|__| | F41: |__|__| | G41: |__|__|__|__| | H41: |__|__| | I41: |__| | J41: |__| | K41: |__| | L41: |__| | N41: |__| | R41: |__| | T41: |__|
A42: =A41+1 -> 9 | E42: |__|__| | F42: |__|__| | G42: |__|__|__|__| | H42: |__|__| | I42: |__| | J42: |__| | K42: |__| | L42: |__| | N42: |__| | R42: |__| | T42: |__|
A43: =A42+1 -> 10 | E43: |__|__| | F43: |__|__| | G43: |__|__|__|__| | H43: |__|__| | I43: |__| | J43: |__| | K43: |__| | L43: |__| | N43: |__| | R43: |__| | T43: |__|

Sheet Flap_2
A1: 2 | B1: Caractéristiques des enfants de moins de 5 ans du ménage
A3: SUJET : TOUS LES ENFANTS DE MOINS DE 5 ANS
A4: RÉPONDANT : LE CHEF DU MÉNAGE OU LE GARDIEN DE L'ENFANT
A6: CODE ID | C6: -2.01 | D6: =C6-0.01 -> -2.02 | F6: =D6-0.01 -> -2.03 | I6: =F6-0.01 -> -2.04 | K6: =I6-0.01 -> -2.05 | N6: =K$6-0.01 -> -2.06
C7: Veuillez me communiquer le nom des enfants de 0-4 ans révolu (0 à 59 mois)vivant dans le ménage | D7: Quel est le sexe de [NOM] ? | F7: Quelle est la date de naissance de [NOM] ? | I7: Quel âge a [NOM] ? | K7: La mère de [NOM] vit-elle dans ce ménage? | N7: COPIER LE CODE D'IDENTIFICATION DE LA MÈRE
I9: (INDIQUER AUSSI LE NOMBRE EN ANNEES ET EN MOIS)
F10: SI LE RÉPONDANT NE CONNAIT PAS LE JOUR OU LE MOIS, INSCRIRE "98". S'IL NE CONNAIT PAS L'ANNÉE, APPROFONDIR EN UTILISANT UN CALENDRIER DES ÉVÉNEMENTS.
C14: INSCRIRE ICI LE PRÉNOM ET LE NOM DE FAMILLE
F18: A. | G18: B. | H18: C.
C19: NOM ET PRENOMS | D19: Masculin | E19: 1 | F19: JJ | G19: MM | H19: AAAA | I19: ANNÉES | J19: MOIS | K19: Oui 1 | L19: 1
A20: 1 | D20: Féminin | E20: 2 | F20: |__|__| | G20: |__|__| | H20: |__|__|__|__| | I20: |__|__| | J20: |__|__| | K20: Non | L20: 2 | M20: ► PASSER À L'ENFANT SUIVANT | N20: |__|
A21: =A20+1 -> 2 | D21: |__| | F21: |__|__| | G21: |__|__| | H21: |__|__|__|__| | I21: |__|__| | J21: |__|__| | K21: |__| | N21: |__|
A22: =A21+1 -> 3 | D22: |__| | F22: |__|__| | G22: |__|__| | H22: |__|__|__|__| | I22: |__|__| | J22: |__|__| | K22: |__| | N22: |__|
A23: =A22+1 -> 4 | D23: |__| | F23: |__|__| | G23: |__|__| | H23: |__|__|__|__| | I23: |__|__| | J23: |__|__| | K23: |__| | N23: |__|
A24: =A23+1 -> 5 | D24: |__| | F24: |__|__| | G24: |__|__| | H24: |__|__|__|__| | I24: |__|__| | J24: |__|__| | K24: |__| | N24: |__|
A25: =A24+1 -> 6 | D25: |__| | F25: |__|__| | G25: |__|__| | H25: |__|__|__|__| | I25: |__|__| | J25: |__|__| | K25: |__| | N25: |__|
A26: =A25+1 -> 7 | D26: |__| | F26: |__|__| | G26: |__|__| | H26: |__|__|__|__| | I26: |__|__| | J26: |__|__| | K26: |__| | N26: |__|
A27: =A26+1 -> 8 | D27: |__| | F27: |__|__| | G27: |__|__| | H27: |__|__|__|__| | I27: |__|__| | J27: |__|__| | K27: |__| | N27: |__|
A28: =A27+1 -> 9 | D28: |__| | F28: |__|__| | G28: |__|__| | H28: |__|__|__|__| | I28: |__|__| | J28: |__|__| | K28: |__| | N28: |__|
A29: =A28+1 -> 10 | D29: |__| | F29: |__|__| | G29: |__|__| | H29: |__|__|__|__| | I29: |__|__| | J29: |__|__| | K29: |__| | N29: |__|

Sheet Caract_HH_3
A1: 3 | B1: Situation économique du ménage : Revenus
A3: SUJET : UNE RÉPONSE GLOBALE PAR MÉNAGE
A4: RÉPONDANT : LE CHEF DU MÉNAGE OU LE MEMBRE DU MÉNAGE LE MIEUX INFORMÉ
A6: =-A1-0.01 -> -3.01 | B6: Y a-t-il dans le ménage quelqu'un qui est couvert par une assurance maladie ou membre d'une mutuelle de santé ? | X6: =A30-0.01 -> -3.06 | Y6: Au cours des 4 dernières semaines, est-ce que votre ménage a reçu de l'argent de la part d'amis ou de membres vivant ailleurs ?
B8: Oui | F8: 1
B9: Non | F9: 2 | H9: ► | I9: =A18 -> -3.03 | Y9: Oui | AC9: 1
Y10: Non | AC10: 2
A11: =A6-0.01 -> -3.02 | B11: Qui sont ceux qui sont couverts par une assurance maladie ou membre d'une mutuelle de santé ?
C12: a. Chef de ménage
C13: b. Epouse du CM | O13: Oui | S13: 1 | X13: =X6-0.01 -> -3.07 | Y13: Au cours des 4 dernières semaines, est-ce que votre ménage a reçu de l'argent provenant des programmes d'assistance sociale ?
C14: c. Enfants du CM | O14: Non | S14: 2
C15: d. Tous
C16: e. Autre (à préciser) | Y16: Oui | AC16: 1
Y17: Non | AC17: 2
A18: =A11-0.01 -> -3.03 | B18: Au cours des 4 dernières semaines, est-ce votre ménage a reçu/gagné de l'argent par la vente de ses produits agricoles ?
B21: Oui | F21: 1
B22: Non | F22: 2
A24: =A18-0.01 -> -3.04 | B24: Au cours des 4 dernières semaines, est-ce que votre ménage a reçu/gagné de l'argent grâce au travail rémuneré par un salaire de l'un de ses membres?
B27: Oui | F27: 1
B28: Non | F28: 2
A30: =A24-0.01 -> -3.05 | B30: Au cours des 4 dernières semaines, est-ce que votre ménage a reçu/gagné de l'argent grâce au travail non-salarié de l'un de ses membres?
AI31: ,
B33: Oui | F33: 1
B34: Non | F34: 2
A37: 3 | B37: Caractéristiques socioéconomiques du ménage : Chocs financiers liés à la santé
A39: =-3.09 -> -3.09 | B39: Au cours des 12 derniers mois, avez-vous eu des dépenses de santé excédant les moyens financiers acquis par vos revenus habituels? | X39: =K57-0.01 -> -3.13 | Y39: Au cours des 12 derniers mois, un membre de votre ménage a-t-il dû emprunter de l'argent pour couvrir des dépenses de santé ? (Emprunter de l'argent signifie que vous devrez le rembourser au bout d'un certain temps).
D42: Oui | H42: 1 | AB42: OUI | AD42: 1 | AM42: |__|
D43: Non | H43: 2 | AB43: NON | AD43: 2 | AE43: ► | AF43: =X49 -> -3.16
A45: =A39-0.01 -> -3.1 | B45: Au cours des 12 derniers mois, un membre de votre ménage a-t-il dû vendre des terrains, des bâtiments, du matériel agricole, du bétail, des réserves alimentaires ou d'autres possessions pour faire face à des dépenses de santé ? | X45: =X39-0.01 -> -3.14 | Y45: Au total, combien avez-vous emprunté pour payer les frais de santé au cours des 12 derniers mois ?
AF47: MONTANT EN CDF : | AG47: |___|___|___|___|___|___|___|
C49: APPROFONDIR : LES DÉPENSES DE SANTÉ COMPRENNENT LES FACTURES DES FORMATINS SANITAIRES, LES HONORAIRES DES MÉDECINS, L'ACHAT DES MÉDICAMENTS, LES FRAIS DE CHAMBRE OU DE TRANSPORT POUR SE RENDRE DANS UNE FORMATION SANITAIRE, LES FRAIS LIÉS AUX SOINS HABITUELS, ETC... | X49: =X45-0.02 -> -3.16 | Y49: Au cours des 12 derniers mois un membre de votre ménage a-t-il du utiliser un emprunt fait dans un autre objectif mais utiliser pour les dépenses de santé ?
AB51: Oui | AD51: 1 | AM51: |__|
AB52: Non | AD52: 2 | AE52: ► | AF52: =X58 -> -3.19
D54: Oui | H54: 1 | X54: =X49-0.01 -> -3.17 | Y54: Au total, combien d'argent d'un autre crédit avez-vous utilisé pour payer des frais de santé au cours des 12 derniers mois ?
D55: Non | H55: 2 | I55: ► | J55: =X39 -> -3.13
AF56: MONTANT EN CDF : | AG56: |___|___|___|___|___|___|___|
H57: =A45-0.01 -> -3.11 | K57: =H57- 0.01 -> -3.12
H58: Avez-vous dû vendre [BIEN] ? | K58: Au total, quelle est la somme que vous avez obtenue ? | X58: =X54-0.02 -> -3.19 | Y58: Au cours des 12 derniers mois, un membre de votre ménage a-t-il reçu de l'argent en cadeau, pour l'aider à payer des soins de santé ? Il peut s'agir d'une aide de votre communauté pour votre ménage afin de l'aider à payer des factures, mais aussi de cadeaux de membres de votre famille qui n'habitent pas dans votre ménage et autres assistances pour vous aider à payer des soins de santé.
H61: OUI | J61: 1
H62: NON | J62: 2 | K62: MONTANT EN CDF
H63: ►Bien suivant | AB63: Oui | AD63: 1
A64: 1 | B64: Terrain | K64: |___|___|___|___|___| | AB64: Non | AD64: 2 | AF64: ► | AG64: =X69 -> -3.21
A65: 2 | B65: Bâtiments | K65: |___|___|___|___|___|
A66: 3 | B66: Matériel agricole | K66: |___|___|___|___|___| | X66: =X58-0.01 -> -3.2 | Z66: Estimer en Francs Congolais la valeur de ces assistances reçus pour les frais de soins de santé au cours des 12 derniers mois?
A67: 4 | B67: Céréales | K67: |___|___|___|___|___|
A68: 5 | B68: Bétail | K68: |___|___|___|___|___| | AF68: MONTANT EN CDF : | AG68: |___|___|___|___|___|___|___|
A69: 97 | B69: Autres possessions | K69: |___|___|___|___|___| | X69: =X66-0.01 -> -3.21 | Z69: Au total, combien avez-vous reçu pour payer les frais de santé au cours des 12 derniers mois ?
AF71: MONTANT EN CDF : | AG71: |___|___|___|___|___|___|___|
BM75: `
A81: 3b | B81: Logement
A82: =X69-0.01 -> -3.22 | B82: D'où provient principalement l'eau que boivent les membres de votre ménage ? | X82: =A110-0.01 -> -3.26 | Y82: Quel type de toilettes les membres de votre ménage utilisent-ils habituellement?
C83: EAU DU ROBINET | Y83: CHASSE D'EAU/CHASSE MANUELLE/CHASSE D'EAU CONNECTÉE
C84: a. ROBINET DANS LOGEMENT | Y84: a. À UN SYSTÈME D'ÉGOUT
C85: b. ROBINET DANS COUR/PARCELLE | Y85: b. À UNE FOSSE SEPTIQUE
C86: c. ROBINET PUBLIC/BORNE FONTAINE | Y86: c. À UNE FOSSE D'AISANCES
C87: d. PUITS À POMPE OU FORAGE | Y87: d. À QUELQUE CHOSE D'AUTRE
C88: PUITS CREUSÉ | Y88: e. À NE SAIT PAS OÙ
C89: e. PUITS PROTÉGÉ | Y89: FOSSE D'AISANCES
C90: f. PUITS NON PROTÉGÉ | Y90: f. FOSSES D'AISANCES AMÉLIORÉE AUTO-AÉRÉE
C91: EAU DE SOURCE | Y91: g. FOSSES D'AISANCES AVEC DALLE
C92: g. SOURCE PROTÉGÉE | Y92: h. FOSSES D'AISANCES SANS DALLE/TROU OUVERT
C93: h. SOURCE NON PROTÉGÉE | Y93: AUTRES
C94: AUTRES | Y94: i. TOILETTES À COMPOSTAGE
... C97: k. CHARRETTE AVEC PETITE CITERNE/TONNEAU | Y97: l. AUTRE (PRECISEZ)
C98: l. EAU DE SURFACE (RIVIÈRES/BARRAGES)
C99: m. LACS/MARÉES/FLEUVES/CANAUX | X99: (3,26)a | Y99: Avec combien d'autres ménages partagez-vous vos toilettes?
C100: n. D'IRRIGATION
C101: o. EAU EN BOUTEILLE
C102: p. AUTRE (Preciser…..)
X103: =X82-0.04 -> -3.3 | Y103: “Montrez-moi, s'il vous plait, où les membres du ménage se lavent le plus souvent les mains”
A104: =A82-0.01 -> -3.23 | B104: Combien de temps faut-il pour s'y rendre, prendre l'eau et revenir ? | Y104: a. OBSERVÉ
C105: a. DANS LOGEMENT/PARCELLE (0 minutes) | Y105: b. NON OBSERVÉ, PAS DANS LOGEMENT/COUR/PARCELLE | AP105: ► | AQ105: =X119 -> -3.33
C106: b. MINUTES (Préciser) | Y106: c. NON OBSERVÉ, PAS DE PERMISSION POUR VÉRIFIER | AP106: ► | AQ106: =X119 -> -3.33
C107: c. NE SAIT PAS | Y107: d. NON OBSERVÉ, AUTRE RAISON | AP107: ► | AQ107: =X119 -> -3.33
T109: ` | X109: =X103-0.01 -> -3.31 | Y109: Observation seulement: Observez la disponibilité d’eau à l’endroit où les membres du ménage
A110: =A104-0.02 -> -3.25 | B110: Habituellement, que faites-vous pour rendre l'eau que vous buvez plus saine ? | Y110: se lavent les mains:
B111: a. LA FAIRE BOUILLIR | Y111: a. EAU DISPONIBLE
B112: b. AJOUTER EAU DE JAVEL/CHLORE | Y112: b. EAU NON DISPONIBLE
B113: c. LA FILTRER À TRAVERS UN LINGE
B114: d. UTILISER UN FILTRE (CÉRAMIQUE/SABLE/COMPOSITE/ ETC.) | X114: =X109-0.01 -> -3.32 | Y114: Observation seulement: la présence de savon, détergent ou autre produit pour se laver les mains
B115: e. DÉSINFECTION SOLAIRE | Y115: a. SAVON, DÉTERGENT (EN MORCEAU, LIQUIDE, POUDRE, PÂTE)
B116: f. LAISSER REPOSER | Y116: b. CENDRE, BOUE, SABLE
B117: g. AUTRE, préciser | Y117: c. AUCUN
B118: h. NE SAIT PAS
B119: i. RIEN | X119: =X114-0.01 -> -3.33 | Y119: Quelle est la principale source d'énergie pour cuisiner dans votre ménage?
Y120: a. Kérosène / parraffine | AM120: 1
Y121: b. Gaz | AM121: 2
Y122: c. Réseau électrique principal (SNEL) | AM122: 3
Y123: d. Générateur/Groupe électrogène | AM123: 4
Y124: e. Panneaux solaires | AM124: 5
Y125: f. Bois | AM125: 7
Y126: g Charbon de bois | AM126: 8
Y127: h. Fumier animal | AM127: 10
Y128: i. Déchets agricoles | AM128: 11
Y129: j. Arbustes et paille | AM129: 12
Y130: k. Autre (préciser) | AM130: 97
X132: =X119-0.01 -> -3.34 | Y132: Quelle est la principale source de lumière dans votre ménage?
Y133: a. Kérosène / parraffine | AM133: 1
Y134: b. Gaz | AM134: 2
Y135: c. Réseau électrique principal (SNEL) | AM135: 3
...

Sheet Biens_4
A1: 4 | B1: Biens du ménage
A2: SUJET : UNE RÉPONSE GLOBALE PAR MÉNAGE
A3: RÉPONDANT : LE CHEF DU MÉNAGE OU LE MEMBRE DU MÉNAGE LE MIEUX INFORMÉ
A4: Partie A : Biens durables | M4: Partie B : Biens immobiliers
A6: CODE DES BIENS DURABLES | B6: BIENS DURABLES | E6: =-A1-0.01 -> -4.01 | L6: =E6-0.02 -> -4.03 | N6: Votre ménage est-il propriétaire d'une parcelle sur laquelle cette habitation est construite (possession signifie que vous pouvez par example le vendre et en tirer de l'argent) ?
E7: Combien de [BIENS DURABLES] votre ménage possède-t-il ?
O8: OUI | Q8: 1 | W8: |__|
O9: NON | Q9: 2 | R9: ► | S9: =L16 -> -4.05
L11: =L6-0.01 -> -4.04 | N11: Quelle est la superficie de cette parcelle ?
O12: UNITÉ DE SURFACE : | V12: SUPERFICIE | W12: |___|___|___| | AF12: UNITÉ DE SURFACE : | AG12: |__| | AH12: |__|
O13: MÈTRE CARRÉ | R13: 1
E14: N'INSCRIRE QUE LES BIENS QUI FONCTIONNENT | O14: HECTARE | R14: 2
L16: =L11-0.01 -> -4.05 | N16: Sans tenir compte de cette résidence, votre ménage possède-t-il du terrain/champ?
O17: OUI | Q17: 1
E18: SI CE N'EST PAS LE CAS, INSCRIRE 0 PASSER AUX BIENS DURABLE SUIVANT | O18: NON | Q18: 2 | R18: ► | S18: =Q29 -> -4.07 | AG18: |__|
L20: =L16-0.01 -> -4.06 | N20: Quelle est la superficie de cet(s) autre(s) terrain(s)/champ que possède votre ménage ?
O22: UNITÉ DE SURFACE : | V22: SUPERFICIE | W22: |___|___|___| | AF22: UNITÉ DE SURFACE : | AG22: |__| | AH22: |__|
E23: NOMBRE | O23: MÈTRE CARRÉ | Q23: 1
A24: 1 | B24: Radio | E24: |___|___| | O24: HECTARE | Q24: 2
A25: 6 | B25: Lampe à pétrole / Pile | E25: |___|___|
A26: 7 | B26: Lit/matelas | E26: |___|___|
A27: 8 | B27: Moustiquaires | E27: |___|___| | L27: Partie C : Elevage
A28: 12 | B28: Téléphone portable | E28: |___|___|
A29: 14 | B29: Moto | E29: |___|___| | L29: CODE DES ANIMAUX | M29: ANIMAL | Q29: =L20-0.01 -> -4.07 | S29: =S25-0.01 -> -0.01 | U29: =U25-0.01 -> -0.01
A30: 15 | B30: Bicyclette | E30: |___|___| | Q30: Combien de [ANIMAUX] votre ménage possède-t-il ?
A31: 16 | B31: Camionnette ou voiture | E31: |___|___|
A32: 20 | B32: Houes/herses/haches | E32: |___|___|
A33: 21 | B33: Groupe électrogène | E33: |___|___| | Q33: SI PAS DE [ANIMAL], INSCRIRE 0 PUIS PASSER À L'ANIMAL SUIVANT
A34: 22 | B34: Panneau solaire | E34: |___|___|
A35: 28 | B35: Pirogue | E35: |___|___|
A36: 31 | B36: Table à manger | E36: |___|___|
A37: 33 | B37: Chaises | E37: |___|___|
Q38: NOMBRE
L39: 1 | M39: Chèvre | Q39: |___|___| |___|___|___|
L40: =1+L39 -> 2 | M40: Mouton | Q40: |___|___| |___|___|___|
L41: 3 | M41: Porc | Q41: |___|___| |___|___|___|
L42: 4 | M42: Volaille | Q42: |___|___| |___|___|___|
L43: 5 | M43: Boeufs | Q43: |___|___| |___|___|___|
L44: =L43+1 -> 6 | M44: Autres, specifiez: | Q44: |___|___| |___|___|___|

Sheet Services_sante_5
A1: 5 | B1: Services de santé: appréciation des formations les plus frequentées et les plus proches
V2: =A61-0.01 -> -5.05 | W2: Quelle formation sanitaire (hôpital, centre de santé, etc.) frequentez-vous le plus souvent ?
A3: SUJET : UNE RÉPONSE GLOBALE PAR MÉNAGE
A4: RÉPONDANT : LE CHEF DU MÉNAGE OU LE MEMBRE DU MÉNAGE LE MIEUX INFORMÉ | W4: Nom de la formation sanitaire | AK4: Code
W5: ………………………………………………………………………….
A6: =-A1-0.01 -> -5.01 | B6: Quelle est la formation sanitaire (hôpital, Centre de Santé, Poste de santé) la plus proche de votre ménage ? | W6: SI LA FOSA EST LA MEME QUE CELLE LA PLUS PROCHE, ALLEZ AU (5,11)
V7: =V2-0.01 -> -5.06 | W7: Quel est le type de cette formation sanitaire ?
B8: Nom de la formation sanitaire | P8: Code | W8: Hôpital général de référence | AK8: 1
B9: …………………………………………………………………………. | W9: Centre de santé de référence | AK9: 3
W10: Centre de santé | AK10: 2
A11: (5,01)a | B11: De quel type de formation sanitaire s'agit-il? | W11: Poste de santé | AK11: 4
B12: Hôpital général de référence | O12: 1 | W12: Autre (préciser) | AK12: 97
B13: Centre de santé de référence | O13: 3
B14: Centre de santé | O14: 2 | V14: =V7-0.01 -> -5.07 | W14: Quel est le statut de cette formation sanitaire ?
B15: Poste de santé | O15: 4 | W15: Public | AK15: 1
B16: Autre (préciser) | O16: 97 | W16: Privé à but lucratif | AK16: 2
W17: Privé à but non-lucratif | AK17: 3
A18: (5,01)b | B18: Quel est le statut de cette formation sanitaire? | W18: Confessionel | AK18: 4
B19: Public | O19: 1 | W19: Parapublic (État-confessionel, État-Privé) | AK19: 5
B20: Privé à but lucratif | O20: 2
B21: Privé à but non-lucratif | O21: 3 | V21: (5,07)a | W21: Combien de temps faut-il pour se rendre à cette formation sanitaire?
B22: Confessionel | O22: 4 | AK22: |__|__|__| minutes
B23: Parapublic (État-confessionel, État-Privé) | O23: 5
V24: (5,07)b | W24: En général, quel mode de transport utilisez-vous pour vous rendre à cette formation sanitaire?
A25: (5,01)c | B25: Combien de temps faut-il pour se rendre à cette formation sanitaire? | W25: À pied | AJ25: 1
P26: |__|__|__| minutes | W26: En voiture ou en camionette | AJ26: 2
W27: À moto | AJ27: 3
A28: (5,01)d | B28: En général, quel mode de transport utilisez-vous pour vous rendre à cette formation sanitaire? | W28: À vélo | AJ28: 4
B29: À pied | O29: 1 | W29: En pirogue | AJ29: 5
B30: En voiture ou en camionette | O30: 2 | W30: En hors bord | AJ30: 6
B31: À moto | O31: 3 | W31: Une combinaison de moyens de transport ou autre (préciser) | AJ31: 97
B32: À vélo | O32: 4
B33: En pirogue | O33: 5 | W33: Quelle appréciation faites-vous des aspects suivants de cette formation sanitaire ? | AK33: Très bon | AN33: 1
B34: En hors bord | O34: 6 | V34: =V14-0.01 -> -5.08 | AK34: Bon | AN34: 2
B35: Une combinaison de moyens de transport ou autre (préciser) | O35: 97 | AK35: Passable | AN35: 3
AK36: Mauvais | AN36: 4
A37: =A6-0.01 -> -5.02 | B37: Quelle appréciation faites-vous des aspects suivants de cette formation sanitaire ? | P37: Très bon | S37: 1 | AK37: Très mauvais | AN37: 5
P38: Bon | S38: 2 | W38: Les horaires d'ouverture de la formation sanitaire
P39: Passable | S39: 3 | W39: La propreté, le confort des salles/du lieu de soin
P40: Mauvais | S40: 4 | W40: Matériel pour être examiné / soigné
P41: Très mauvais | S41: 5 | W41: La manière de faire le diagnostic
B42: Les heures d'ouverture/fermeture de la formation sanitaire | W42: La disponibilité des médicaments
B43: La propreté, le confort des salles/du lieu de soin | W43: L'éfficacité des traitements reçus, des médicaments prescrits
B44: Le matériel pour être examiné / soigné | V44: =V34-0.01 -> -5.09
B45: La manière de faire le diagnostic | W45: Dans cette formation sanitaire, comment appréciez-vous l'attitude du personnel traitant en ce qui concerne | AK45: Très bon | AN45: 1
B46: La disponibilité des médicaments | AK46: Bon | AN46: 2
B47: L'éfficacité des traitements reçus, des médicaments prescrits | AK47: Passable | AN47: 3
AK48: Mauvais | AN48: 4
A49: =A37-0.01 -> -5.03 | B49: Dans cette formation sanitaire, comment appréciez-vous l'attitude du personnel traitant en ce qui concerne | P49: Très bon | S49: 1 | AK49: Très mauvais | AN49: 5
P50: Bon | S50: 2 | W50: L'accueil reservé aux patients
P51: Passable | S51: 3 | W51: Temps d'attente
P52: Mauvais | S52: 4 | W52: Le respect envers les patients
P53: Très mauvais | S53: 5 | W53: La compétence de l'agent de santé
B54: L'accueil reservé aux patients | W54: L'échange avec l'agent de santé sur votre maladie
B55: Le temps d'attente | W55: La possibilité de poser des questions
B56: Le respect envers les patients | V56: =V44-0.01 -> -5.1
B57: La compétence de l'agent de santé | W57: Quelle appréciation faites-vous des aspects suivants de cette formation sanitaire ? | AK57: Tres Acceptable | AN57: 1
B58: L'échange avec l'agent de santé sur votre maladie | AK58: Acceptable | AN58: 2
B59: La possibilité de poser des questions | AK59: Moyenne | AN59: 3
AK60: Moins acceptable | AN60: 4
A61: =A49-0.01 -> -5.04 | B61: Quelle appréciation faites-vous des aspects suivants de cette formation sanitaire ? | P61: Tres Acceptable | S61: 1 | AK61: Pas du tout acceptable | AN61: 5
P62: Acceptable | S62: 2 | W62: Les coûts de services et autres actes
P63: Moyenne | S63: 3 | W63: Les coûts des médicaments
P64: Moins acceptable | S64: 4 | W64: La distance pour se rendre à la formation sanitaire
P65: Pas du tout acceptable | S65: 5
B66: Les coûts de services et autres actes
B67: Les coûts des médicaments
B68: La distance pour se rendre à la formation sanitaire
A70: 5 | B70: Services de santé: préferences par type de services
A71: =V56-0.01 -> -5.11 | B71: A votre avis, quelle est la formation où l'on peut recevoir les meilleurs services de santé prénatals (CPN) dans ce village ou ses alentours? (indepéndamment des frais imposés) | V71: =A82-0.02 -> -5.14 | W71: A votre avis, quelle est la formation où l'on peut recevoir les meilleurs services de santé pour les soins des enfants de moin de 5 ans dans ce village ou ses alentours? (indepéndamment des frais imposés)
B73: Nom de la formation sanitaire | J73: Code | W73: Nom de la formation sanitaire | AE73: Code
J74: SI CODE NON CONNU, INSCRIRE 999999. | AE74: SI CODE NON CONNU, INSCRIRE 999999.
J75: SI CODE CONNU | N75: ► | O75: =A82 -> -5.12 | AE75: SI CODE CONNU | AI75: ► | AJ75: =V82 -> -5.15
B76: ………………………………………………………………………………………………… | W76: …………………………………………………………………………………………………
A78: (5.11)a | B78: Dans quel village est cette formation sanitaire? | V78: (5.14)a | W78: Dans quel village est cette formation sanitaire?
B79: Nom du village | W79: Nom du village
B80: ………………………………………………………………………………………………… | W80: …………………………………………………………………………………………………
A82: =A71-0.01 -> -5.12 | B82: A votre avis, quelle est la formation où l'on peut recevoir les meilleurs services de santé pour un accouchement dans ce village ou ses alentours? (indepéndamment des frais imposés) | V82: =V71-0.01 -> -5.15 | W82: A votre avis, quelle est la formation où l'on peut recevoir les meilleurs services de santé pour la planification familiale dans ce village ou ses alentours? (indepéndamment des frais imposés)
B84: Nom de la formation sanitaire | J84: Code | W84: Nom de la formation sanitaire | AE84: Code
J85: SI CODE NON CONNU, INSCRIRE 999999. | AE85: SI CODE NON CONNU, INSCRIRE 999999.
J86: SI CODE CONNU | N86: ► | O86: =A93 -> 0 | AE86: SI CODE CONNU | AI86: ► | AJ86: Section suivante
B87: ………………………………………………………………………………………………… | W87: …………………………………………………………………………………………………
A89: (5.12)a | B89: Dans quel village est cette formation sanitaire? | V89: (5.15)a | W89: Dans quel village est cette formation sanitaire?
B90: Nom du village | W90: Nom du village
B91: ………………………………………………………………………………………………… | W91: …………………………………………………………………………………………………

Sheet 20COVID
B1: 20 | D1: COVID
B3: SUJET : UNE RÉPONSE GLOBALE PAR MÉNAGE
B4: RÉPONDANT : LE CHEF DU MÉNAGE OU LE MEMBRE DU MÉNAGE LE MIEUX INFORMÉ
B6: CODE ID | D6: =-B1-0.01 -> -20.01 | H6: =D6-0.01 -> -20.02 | R6: =H6-0.01 -> -20.03 | AA6: =R6-0.01 -> -20.04 | AJ6: =AA6-0.01 -> -20.05
D7: Avez-vous entendu parlé du coronavirus? | H7: Quelles mesures connaissez-vous pour réduire le risque de contracter le coronavirus ? ENQUETEUR: NE PAS LIRE LES REPONSES. SELECTIONNEZ TOUTES LES REPONSES QUI S'APPLIQUENT. | R7: Quelles mesures le gouvernement ou les autorités locales ont-ils prises pour réduire la propagation du virus dans votre localité/région? | AA7: Depuis le début de la pandémie de COVID19, avez-vous adopté les comportements suivants? ENQUETEUR: LISTER LES MODALITES. | AJ7: Globalement, depuis le début de la pandémie de COVID19 votre revenu total:
R9: ENQUETEUR: NE PAS LIRE LES REPONSES. SELECTIONNEZ TOUTES LES REPONSES QUI S'APPLIQUENT.
H10: (a) Se laver les mains | I10: (b) Utiliser du désinfectant | J10: (c) Aucune poignée de main/ salutations | K10: (d) Porter un masque | L10: (e) Porter des gants | M10: (f) Eviter les voyages | N10: (g) Eviter les rassemblements | O10: (h) Respecter la disctanciation sociale | P10: (i) En cas de toux ou d'éternuement, couvrez-vous le nez et la bouche avec le pli du coude ou avec un mouchoir | Q10: (j) Autre (spécifier) | R10: (a) Prière de rester à la maison | S10: (b) Restrictions pour les déplacements dans le pays | T10: (d) Fermeture des écoles et des universités | U10: (e) Couvre-feu | V10: (f) Confinement obligatoire | W10: (g) Fermeture de toute activité non-essentielle | X10: (h) Fermeture des marchés | Y10: (i) Interdiction des rassemblements | Z10: (i) Autre (spécifier) | AA10: (a) Se laver les mains | AB10: (b) Utiliser du désinfectant | AC10: (c) Aucune poignée de main/ salutations | AD10: (d) Porter un masque | AE10: (e) Porter des gants | AF10: (f) Eviter les voyages | AG10: (g) Eviter les rassemblements | AH10: (h) Respecter la disctanciation sociale | AI10: (i) En cas de toux ou d'éternuement, couvrez-vous le nez et la bouche avec le pli du coude ou avec un mouchoir
AJ19: a augmenté | AN19: 1
D20: OUI | E20: 1 | H20: OUI 1 | I20: OUI 1 | J20: OUI 1 | K20: OUI 1 | L20: OUI 1 | M20: OUI 1 | N20: OUI 1 | O20: OUI 1 | P20: OUI 1 | Q20: OUI 1 | R20: OUI 1 | S20: OUI 1 | T20: OUI 1 | U20: OUI 1 | V20: OUI 1 | W20: OUI 1 | X20: OUI 1 | Y20: OUI 1 | Z20: OUI 1 | AA20: OUI 1 | AB20: OUI 1 | AC20: OUI 1 | AD20: OUI 1 | AE20: OUI 1 | AF20: OUI 1 | AG20: OUI 1 | AH20: OUI 1 | AI20: OUI 1 | AJ20: est resté le même | AN20: 2
D21: NON | E21: 2 | F21: ► | G21: Section suivante | H21: NON 2 | I21: NON 2 | J21: NON 2 | K21: NON 2 | L21: NON 2 | M21: NON 2 | N21: NON 2 | O21: NON 2 | P21: NON 2 | Q21: NON 2 | R21: NON 2 | S21: NON 2 | T21: NON 2 | U21: NON 2 | V21: NON 2 | W21: NON 2 | X21: NON 2 | Y21: NON 2 | Z21: NON 2 | AA21: NON 2 | AB21: NON 2 | AC21: NON 2 | AD21: NON 2 | AE21: NON 2 | AF21: NON 2 | AG21: NON 2 | AH21: NON 2 | AI21: NON 2 | AJ21: a diminué | AN21: 3
B29: 1
B30: =B29+1 -> 2
B31: =B30+1 -> 3
B32: =B31+1 -> 4
B33: =B32+1 -> 5
B34: =B33+1 -> 6
B35: =B34+1 -> 7
B36: =B35+1 -> 8
B37: =B36+1 -> 9
B38: =B37+1 -> 10
B39: =B38+1 -> 11
B40: =B39+1 -> 12
B41: =B40+1 -> 13
... B48: =B47+1 -> 20

Sheet 09 Woman Health
A1: 9 | B1: Statut de Santé | AJ1: Statut de Santé | AK1: 9 Statut de Santé et Utilisation de service de santé | BI1: Statut de Santé | BJ1: 9 Statut de Santé et Utilisation de service de santé
C2: OBJET : TOUTES FEMMES 15 à 49 ANS DANS LE MÉNAGE
C3: RÉPONDANT : ELLE-MÊME
C4: Enqueteur : Prière de demander à la femme de trouver un espace privé dans la concession
N5: HANDICAP ET MALADIES CHRONIQUES | W5: ASSURANCE | Y5: MALADIE AIGUË | AK5: MALADIE AIGUË | AN5: RECHERCHE DE SOINS, DERNIÈRE VISITE | BJ5: DÉPENSES
A6: CODE ID | C6: =-A1-0.01 -> -9.01 | D6: (9,01a) | H6: (9,01b) | L6: =C6-0.01 -> -9.02 | N6: =L6-0.01 -> -9.03 | R6: =N6-0.01 -> -9.04 | U6: =R6-0.01 -> -9.05 | W6: =U6-0.01 -> -9.06 | Y6: =W6-0.01 -> -9.07 | AC6: =Y6-0.01 -> -9.08 | AG6: =AC6-0.01 -> -9.09 | AI6: CODE ID | AK6: =AG6-0.01 -> -9.1 | AN6: =AK6-0.01 -> -9.11 | AR6: =AN6-0.01 -> -9.12 | AU6: =AR6-0.01 -> -9.13 | AZ6: =AU6-0.01 -> -9.14 | BC6: =AZ6-0.02 -> -9.16 | BF6: =BC6-0.01 -> -9.17 | BH6: CODE ID | BJ6: =BF6-0.01 -> -9.18
C7: CODE D'IDENTIFICATION DE LA FEMME | D7: Pensez-vous que [NOM] est en état ou a la capacité de répondre aux questions concernant sa santé? ENQUÊTEUR: ÉCHANGER AVEC LE CHEF DE MÉNAGE OU LE MEMBRE LE PLUS INFORMÉ DU MÉNAGE | H7: Aujourd'hui, nous allons nous entretenir avec vous concernant votre état de santé. Nous vous assurons que cette entretien restera privé et que les informations que vous allez fournir resteront confidentielles. Acceptez-vous cet entretien ? | L7: Comment a été votre état de santé durant les 12 derniers mois ? | N7: Souffrez-vous d'handicap ou de maladies chroniques ? | R7: De quel handicap ou maladie chronique souffrez-vous principalement? | U7: Étant donnée votre santé actuelle , comment êtes-vous en mesure d'effectuer vos activités quotidiennes (travail, école, etc.) ? | W7: Etes-vous présentement couvert (e) par une assurance maladie? | Y7: Au cours des 4 dernières semaines, avez-vous été malade, ou souffrez-vous d'une maladie ou blessure, en dehors des handicaps ou des maladies chroniques ? | AC7: Connaissez-vous le nom de votre maladie? | AG7: Si oui, quellle est-elle? | AK7: Qui vous a dit le nom de votre maladie ? | AN7: Avez-vous effectué une quelconque démarche pour vous soignez que ce soit chez un guérisseur, de l'automédication ou une consultation dans une formation sanitaire ? | AR7: Combien de temps après le début de votre maladie avez-vous attendu avant de chercher à se faire soigner pour la 1ère fois ? | AU7: Quel type de recours avez-vous choisi et dans quel ordre ? | AZ7: Dans quel village/quartier avez-vous cherché premièrement à se faire soigner ? | BC7: S'IL S'AGIT D'UN HÔPITAL, D'UN CENTRE DE SANTÉ OU D'UN POSTE DE SANTÉ OU CLINIQUE, APPROFONDIR POUR OBTENIR LE NOM DE CET ÉTABLISSEMENT ET INSCRIRE SON CODE. | BF7: Pourquoi ne vous-êtes-vous pas rendu(e) dans un établissement de santé ou n'avez-vous pas vu du personnel médical pour vous faire soigner ? | BJ7: Au cours des 4 dernières semaines, quel est le montant dépensé par votre ménage de sa propre poche pour traiter votre maladie? Plus spécifiquement, combien votre ménage a-t-il dépensé pour…
R9: HANDICAPS | BF9: TROP CHER | BG9: 1
R10: HANDICAP PHYSIQUE | T10: 1 | BF10: TROP LOIN | BG10: 2
R11: HANDICAP MENTAL | T11: 2 | BF11: TROP OCCUPÉ(E) (TRAVAIL, ENFANTS) | BG11: 3
R12: CÉCITÉ | T12: 3 | AG12: ENQUÊTEUR : ÉCRIRE CI-DESSOUS LE CODE CORRESPONDANT À LA MALADIE MENTIONNÉE PAR LE RÉPONDANT | BF12: N'ÉTAIT PAS SUFFISAMMENT MALADE | BG12: 4
R13: SURDITÉ/MUTITÉ | T13: 4 | AU13: Formation sanitaire | AW13: 1 | BF13: ETAT PHYSIQUE DU BATIMENT N' INSPIRANT PAS CONFIANCE | BG13: 5 | BJ13: INSCRIRE 00 SI PAS DE DÉPENSE
R14: AUTRE HANDICAP | T14: 5 | AU14: Tradipraticien | AW14: 2 | AX14: ► | AY14: =$BF$6 -> -9.17 | BF14: L'ÉTABLISSEMENT A DES STOCKS MEDICAMENTS INSUFFISANTS | BG14: 6
AU15: Automédication moderne | AW15: 3 | AX15: ► | AY15: =$BF$6 -> -9.17 | AZ15: NOTER 99 SI VILLAGE HORS ZONE DE LA SANTÉ | BF15: MAUVAISE ATTITUDE DU PERSONNEL | BG15: =BG14+1 -> 7 | BJ15: Pouvez-vous me montrer l'ordonnance ou le carnet de vaccination ?
R16: MALADIE CHRONIQUE | AU16: Automédication traditionnelle | AW16: 4 | AX16: ► | AY16: =$BF$6 -> -9.17 | BF16: NE CONNAIT AUCUN MEMBRE DU PERSONNEL | BG16: =BG15+1 -> 8
R17: TROUBLE CARDIAQUE | T17: 6 | AU17: Médecine asiatique | AW17: 5 | AX17: ► | AY17: =$BF$6 -> -9.17 | BF17: NE FAIT PAS CONFIANCE AU PERSONNEL | BG17: =BG16+1 -> 9 | BJ17: LIRE À HAUTE VOIX CHAQUE CATÉGORIE
R18: DIABÈTE | T18: 7 | AU18: Agent de santé communautaire | AW18: 6 | AX18: ► | AY18: =$BF$6 -> -9.17 | BC18: ENQUÊTEUR: APRÉS RÉPONSE | BF18: PERSONNEL HABITUELLEMENT ABSENT | BG18: =BG17+1 -> 10
R19: ÉPILEPSIE | T19: 8 | AU19: Prière de guérison | AW19: 7 | AX19: ► | AY19: =$BF$6 -> -9.17 | BD19: ► | BE19: =BJ6 -> -9.18 | BF19: ÉTABLISSEMENT DE SANTÉ FERMÉ | BG19: =BG18+1 -> 11
R20: ASTHME | T20: 9 | AU20: Autre, préciser | AW20: 8 | AX20: ► | AY20: =$BF$6 -> -9.17 | BF20: PAS DE TRANSPORT | BG20: =BG19+1 -> 12
R21: ULCERES GASTRIQUES | T21: 10 | BF21: MAUVAISE QUALITÉ DES SOINS | BG21: =BG20+1 -> 13 | BJ21: A. | BK21: B. | BL21: C. | BM21: D. | BN21: E | BO21: F
R22: INCONTINENCE URINAIRE | T22: 11 | BF22: HORAIRES PEU PRATIQUES | BG22: =BG21+1 -> 14 | BJ22: Frais de consultation officiels | BK22: Frais de laboratoire/radiographie et de chirurgie | BL22: Autres paiements (frais non réglementaires,etc) | BM22: Transports | BN22: Médicaments | BO22: Montant total des frais de santé
D23: OUI | E23: 1 | H23: OUI | I23: 1 | L23: Très bon | M23: 1 | N23: OUI | O23: 1 | R23: CANCER | T23: 12 | U23: AISÉMENT | V23: 1 | W23: OUI | X23: 1 | Y23: OUI | Z23: 1 | AC23: OUI | AD23: 1 | AK23: ÉVIDENT (Cas d'accident) | AL23: 1 | AN23: OUI | AO23: 1 | AR23: DANS LES 24 HEURES | AT23: 1 | BF23: LONGUES ATTENTES | BG23: 15
D24: NON | E24: 2 | F24: ► | G24: SECTION 16 | H24: NON | I24: 2 | J24: ► | K24: SECTION 16 | L24: Bon | M24: 2 | N24: NON | O24: 2 | P24: ► | Q24: =W6 -> -9.06 | R24: VIH/SIDA | T24: 13 | U24: DIFFICILEMENT | V24: 2 | W24: NON | X24: 2 | Y24: NON 2 | AA24: ► | AB24: SECTION SUIVANTE | AC24: NON | AD24: 2 | AE24: ► | AF24: =AN6 -> -9.11 | AN24: NON | AO24: 2 | AP24: ► | AQ24: =BF6 -> -9.17 | BF24: INSECURITE | BG24: 16
L25: Moyen | M25: 3 | R25: TUBERCULOSE | T25: 14 | U25: TRES DIFFICILEMENT | V25: 3 | AC25: NE SAIT PAS | AD25: 98 | AE25: ► | AF25: =AN6 -> -9.11 | AK25: GUÉRISSEUR | AL25: 2 | AR25: ENTRE 24 ET 48 HEURES | AT25: 2 | AU25: ENQUÊTEUR: UTILISER LA MÊME STRUCTURE POUR LES QUESTIONS DE (9,13) À (9,17), ORDONNER LES RÉPONSES | AZ25: ` | BF25: PREFERE AUTOMEDICATION | BG25: 17
R26: HYPERTENSION ( HTA) | T26: 15 | U26: INCAPABLE DE LE FAIRE | V26: 4 | AK26: PERSONNEL DE SANTÉ | AL26: 3 | BF26: PREFERE MEDECINE TRADITIONNELLE | BG26: 18
L27: Mauvais | M27: 4 | R27: DOULEURS ARTICULAIRES | T27: 16 | AK27: MOI-MÊME | AL27: 4 | AR27: DANS LA MEME SEMAINE | AT27: 3 | BF27: ETABLISSEMENT OFFRE PLUS DES MEDICAMENTS PAR VOIE ORALE | BG27: 19
L28: Très mauvais | M28: 5 | R28: DREPANOCITOSE | T28: 17 | AK28: AUTRE PERSONNE | AL28: 97 | BF28: MANQUE D'EXAMEN DE LABORATOIRE | BG28: 20
R29: AUTRE MALADIE CHRONIQUE | T29: 97 | AR29: DANS LES 15 JOURS | AT29: 4 | AU29: 1er | AV29: 2ème | AX29: 3ème | AZ29: Code 1er VILLAGE | BA29: Code 2e VILLAGE | BB29: Code 3e VILLAGE | BC29: Nom 1er ÉTABLISSEMENT | BD29: Nom 2e ÉTABLISSEMENT | BE29: Nom 3e ÉTABLISSEMENT | BF29: AUTRE 97 APRÉS RÉPONSE ► | BG29: ='10Preg'!D6 -> -10 | BJ29: CDF | BK29: CDF | BL29: CDF | BM29: CDF | BN29: CDF | BO29: CDF
R30: A | S30: B | T30: C | BF30: ENQUÊTEUR : POUR LES RÉPONSES AUTRES, PRCISER ICI NB: Il faut toujours préciser si la réponse est "Autre". | BG30: CODE RÉPONSE
A31: 1 | AI31: 1 | AK31: |__|__| | AN31: |___| | AR31: DANS LES 3 SEMAINES | AT31: 5 | BG31: |___|___| | BH31: 1 | BJ31: |__|__||__|__|__||__|__|__| | BK31: |__|__||__|__|__||__|__|__| | BL31: |__|__||__|__|__||__|__|__| | BM31: |__|__||__|__|__||__|__|__| | BN31: |__|__||__|__|__||__|__|__| | BO31: |__|__||__|__|__||__|__|__|
A32: =A31+1 -> 2 | AI32: =AI31+1 -> 2 | AK32: |__|__| | AN32: |___| | BC32: Code 1er ÉTABLISSEMENT | BD32: Code 2eme ÉTABLISSEMENT | BE32: Code 3eme ÉTABLISSEMENT | BG32: |___|___| | BH32: =BH31+1 -> 2 | BJ32: |__|__||__|__|__||__|__|__| | BK32: |__|__||__|__|__||__|__|__| | BL32: |__|__||__|__|__||__|__|__| | BM32: |__|__||__|__|__||__|__|__| | BN32: |__|__||__|__|__||__|__|__| | BO32: |__|__||__|__|__||__|__|__|
A33: =A32+1 -> 3 | AI33: =AI32+1 -> 3 | AK33: |__|__| | AN33: |___| | AR33: PLUS DE 3 SEMAINES | AT33: 6 | BG33: |___|___| | BH33: =BH32+1 -> 3 | BJ33: |__|__||__|__|__||__|__|__| | BK33: |__|__||__|__|__||__|__|__| | BL33: |__|__||__|__|__||__|__|__| | BM33: |__|__||__|__|__||__|__|__| | BN33: |__|__||__|__|__||__|__|__| | BO33: |__|__||__|__|__||__|__|__|
A34: =A33+1 -> 4 | AI34: =AI33+1 -> 4 | AK34: |__|__| | AN34: |___| | BG34: |___|___| | BH34: =BH33+1 -> 4 | BJ34: |__|__||__|__|__||__|__|__| | BK34: |__|__||__|__|__||__|__|__| | BL34: |__|__||__|__|__||__|__|__| | BM34: |__|__||__|__|__||__|__|__| | BN34: |__|__||__|__|__||__|__|__| | BO34: |__|__||__|__|__||__|__|__|
A35: =A34+1 -> 5 | AI35: =AI34+1 -> 5 | AK35: |__|__| | AN35: |___| | AR35: |___| | BG35: |___|___| | BH35: =BH34+1 -> 5 | BJ35: |__|__||__|__|__||__|__|__| | BK35: |__|__||__|__|__||__|__|__| | BL35: |__|__||__|__|__||__|__|__| | BM35: |__|__||__|__|__||__|__|__| | BN35: |__|__||__|__|__||__|__|__| | BO35: |__|__||__|__|__||__|__|__|
A36: =A35+1 -> 6 | AI36: =AI35+1 -> 6 | AK36: |__|__| | AN36: |___| | AR36: |___| | BG36: |___|___| | BH36: =BH35+1 -> 6 | BJ36: |__|__||__|__|__||__|__|__| | BK36: |__|__||__|__|__||__|__|__| | BL36: |__|__||__|__|__||__|__|__| | BM36: |__|__||__|__|__||__|__|__| | BN36: |__|__||__|__|__||__|__|__| | BO36: |__|__||__|__|__||__|__|__|
A37: =A36+1 -> 7 | AI37: =AI36+1 -> 7 | AK37: |__|__| | AN37: |___| | AR37: |___| | BG37: |___|___| | BH37: =BH36+1 -> 7 | BJ37: |__|__||__|__|__||__|__|__| | BK37: |__|__||__|__|__||__|__|__| | BL37: |__|__||__|__|__||__|__|__| | BM37: |__|__||__|__|__||__|__|__| | BN37: |__|__||__|__|__||__|__|__| | BO37: |__|__||__|__|__||__|__|__|
A38: =A37+1 -> 8 | AI38: =AI37+1 -> 8 | AK38: |__|__| | AN38: |___| | AR38: |___| | BG38: |___|___| | BH38: =BH37+1 -> 8 | BJ38: |__|__||__|__|__||__|__|__| | BK38: |__|__||__|__|__||__|__|__| | BL38: |__|__||__|__|__||__|__|__| | BM38: |__|__||__|__|__||__|__|__| | BN38: |__|__||__|__|__||__|__|__| | BO38: |__|__||__|__|__||__|__|__|
A39: =A38+1 -> 9 | AI39: =AI38+1 -> 9 | AK39: |__|__| | AN39: |___| | AR39: |___| | BG39: |___|___| | BH39: =BH38+1 -> 9 | BJ39: |__|__||__|__|__||__|__|__| | BK39: |__|__||__|__|__||__|__|__| | BL39: |__|__||__|__|__||__|__|__| | BM39: |__|__||__|__|__||__|__|__| | BN39: |__|__||__|__|__||__|__|__| | BO39: |__|__||__|__|__||__|__|__|
A40: =A39+1 -> 10 | AI40: =AI39+1 -> 10 | AK40: |__|__| | AN40: |___| | AR40: |___| | BG40: |___|___| | BH40: =BH39+1 -> 10 | BJ40: |__|__||__|__|__||__|__|__| | BK40: |__|__||__|__|__||__|__|__| | BL40: |__|__||__|__|__||__|__|__| | BM40: |__|__||__|__|__||__|__|__| | BN40: |__|__||__|__|__||__|__|__| | BO40: |__|__||__|__|__||__|__|__|
A41: =A40+1 -> 11 | AI41: =AI40+1 -> 11 | AK41: |__|__| | AN41: |___| | AR41: |___| | BG41: |___|___| | BH41: =BH40+1 -> 11 | BJ41: |__|__||__|__|__||__|__|__| | BK41: |__|__||__|__|__||__|__|__| | BL41: |__|__||__|__|__||__|__|__| | BM41: |__|__||__|__|__||__|__|__| | BN41: |__|__||__|__|__||__|__|__| | BO41: |__|__||__|__|__||__|__|__|
A42: =A41+1 -> 12 | AI42: =AI41+1 -> 12 | AK42: |__|__| | AN42: |___| | AR42: |___| | BG42: |___|___| | BH42: =BH41+1 -> 12 | BJ42: |__|__||__|__|__||__|__|__| | BK42: |__|__||__|__|__||__|__|__| | BL42: |__|__||__|__|__||__|__|__| | BM42: |__|__||__|__|__||__|__|__| | BN42: |__|__||__|__|__||__|__|__| | BO42: |__|__||__|__|__||__|__|__|
A43: =A42+1 -> 13 | AI43: =AI42+1 -> 13 | AK43: |__|__| | AN43: |___| | AR43: |___| | BG43: |___|___| | BH43: =BH42+1 -> 13 | BJ43: |__|__||__|__|__||__|__|__| | BK43: |__|__||__|__|__||__|__|__| | BL43: |__|__||__|__|__||__|__|__| | BM43: |__|__||__|__|__||__|__|__| | BN43: |__|__||__|__|__||__|__|__| | BO43: |__|__||__|__|__||__|__|__|
A44: =A43+1 -> 14 | AI44: =AI43+1 -> 14 | AK44: |__|__| | AN44: |___| | AR44: |___| | BG44: |___|___| | BH44: =BH43+1 -> 14 | BJ44: |__|__||__|__|__||__|__|__| | BK44: |__|__||__|__|__||__|__|__| | BL44: |__|__||__|__|__||__|__|__| | BM44: |__|__||__|__|__||__|__|__| | BN44: |__|__||__|__|__||__|__|__| | BO44: |__|__||__|__|__||__|__|__|
A45: =A44+1 -> 15 | AI45: =AI44+1 -> 15 | AK45: |__|__| | AN45: |___| | AR45: |___| | BG45: |___|___| | BH45: =BH44+1 -> 15 | BJ45: |__|__||__|__|__||__|__|__| | BK45: |__|__||__|__|__||__|__|__| | BL45: |__|__||__|__|__||__|__|__| | BM45: |__|__||__|__|__||__|__|__| | BN45: |__|__||__|__|__||__|__|__| | BO45: |__|__||__|__|__||__|__|__|
A46: =A45+1 -> 16 | AI46: =AI45+1 -> 16 | AK46: |__|__| | AN46: |___| | AR46: |___| | BG46: |___|___| | BH46: =BH45+1 -> 16 | BJ46: |__|__||__|__|__||__|__|__| | BK46: |__|__||__|__|__||__|__|__| | BL46: |__|__||__|__|__||__|__|__| | BM46: |__|__||__|__|__||__|__|__| | BN46: |__|__||__|__|__||__|__|__| | BO46: |__|__||__|__|__||__|__|__|
... A50: =A49+1 -> 20 | AI50: =AI49+1 -> 20 | AK50: |__|__| | AN50: |___| | AR50: |___| | BG50: |___|___| | BH50: =BH49+1 -> 20 | BJ50: |__|__||__|__|__||__|__|__| | BK50: |__|__||__|__|__||__|__|__| | BL50: |__|__||__|__|__||__|__|__| | BM50: |__|__||__|__|__||__|__|__| | BN50: |__|__||__|__|__||__|__|__| | BO50: |__|__||__|__|__||__|__|__|

Sheet 10Preg
A1: 10 | B1: Dossier Grossesse | AN1: 10 | AO1: Dossier Grossesse
D3: OBJET : TOUTES FEMMES 15 à 49 ANS DANS LE MÉNAGE
D4: RÉPONDANT : ELLE-MÊME
A6: CODE ID | D6: -10 | E6: =-A1-0.01 -> -10.01 | I6: =E6-0.01 -> -10.02 | M6: =I6-0.01 -> -10.03 | N6: =M6-0.01 -> -10.04 | R6: =N6-0.01 -> -10.05 | T6: =R6-0.01 -> -10.06 | X6: =T6-0.01 -> -10.07 | Z6: =X6-0.01 -> -10.08 | AD6: =Z6-0.01 -> -10.09 | AH6: =AD6-0.01 -> -10.1 | AK6: =AH6-0.01 -> -10.11 | AN6: CODE ID | AP6: =AK6-0.01 -> -10.12 | AR6: =AP6-0.01 -> -10.13 | AV6: =AR6-0.01 -> -10.14 | AX6: =AV6-0.01 -> -10.15 | BB6: =AX6-0.01 -> -10.16 | BC6: =BB6-0.01 -> -10.17 | BE6: =BC6-0.01 -> -10.18 | BI6: =BE6-0.01 -> -10.19 | BJ6: =BI6-0.01 -> -10.2 | BL6: =BJ6-0.01 -> -10.21
D7: Quel âge avez-vous? | E7: Avez-vous déjà été enceinte? | I7: Êtes-vous enceinte en ce moment ? | M7: De combien de mois êtes-vous enceinte ? | N7: Avez-vous des enfants auxquels vous avez donné naissance et qui vivent aujourd'hui avec vous ? | R7: A. | S7: B. | T7: Avez-vous des enfants auxquels vous avez donné naissance, qui sont encore en vie mais qui ne vivent pas aujourd'hui avec vous ? | X7: A. | Y7: B. | Z7: Madame/Mademoiselle, je comprends parfaitement que c’est difficile d’en parler, mais c’est très important pour nous de savoir/comprendre si cet événement est rare ou commun afin de permettre à l’État et ses partenaires de prendre de bonnes décisions. A cet effet, vous voudriez bien nous dire s’il vous est déjà arrivé de donner naissance à un enfant qui est né (e) en vie mais qui est mort par la suite ? | AD7: APPROFONDIR: Est-ce qu’il vous est déjà arrivé de donner naissance à un enfant qui a pleuré quand il/elle est né (e), mais qui est décédé par après ? | AH7: A. | AI7: B. | AK7: A. | AL7: B. | AP7: Veuillez confirmer que le nombre total d'enfants auxquels vous avez donné naissance s'élève à... [NOMBRE EN QUESTION] | AR7: EST-CE QUE LE NOMBRE DE BÉBÉS NÉS EN VIE | AV7: Quand avez-vous donné naissance pour la dernière fois à un enfant en vie ? | AX7: Avez-vous déjà eu une grossesse qui s'est terminée par un enfant mort-né, c'est-à-dire une grossesse d'au mois 28 semaines mais dont le bébé est mort avant sa naissance ? | BB7: Combien de grossesses se sont-elles terminées par un enfant mort-né ? | BC7: Quand avez-vous eu pour la dernière fois un enfant mort-né ? | BE7: Avez-vous déjà eu une grossesse qui s'est terminée par une fausse couche ou un avortement ? | BI7: Combien de grossesses se sont-elles terminées par une fausse couche ou un avortement ? | BJ7: Quand avez-vous eu pour la dernière fois une fausse couche ou un avortement ? | BL7: FEMMES DE 15-49 ANS AYANT EU AU MOINS UNE NAISSANCE VIVANTE, UN MORT-NÉ, UNE FAUSSE COUCHE/AVORTEMENT AU COURS DES 2 DERNIÈRES ANNÉES (ENTRE 2018 ET 2020)
R8: Combien de fils vivent avec vous ? | S8: ` | X8: Combien de fils vivent ailleurs ? | Y8: Combien de filles vivent ailleurs ? | AD8: APPROFONDISSEZ : | AH8: Combien de fils sont morts ? | AI8: Combien de filles sont mortes ? | AK8: TOTALISER LES RÉPONSES DE
D12: INDIQUER LE NOMBRE D'ANNEES | AR12: =AK6 -> -10.11
AR13: EST AU MOINS ÉGAL A UN?
AK15: =R6 -> -10.05
AK16: =X6 -> -10.07 | BL16: VÉRIFIEZ LES INFORMATIONS A
AK17: =AH6 -> -10.1 | AP17: =AK6 -> -10.11
AK19: ENTRER TOTAL ICI. S'IL N'Y EN A PAS EU, INSCRIRE 00. | AP19: Nombre: | AQ19: |__|__|
AP20: APPROFONDIR SI INCORRECT ET CORRIGER SI BESOIN | BL20: =AV6 -> -10.14
BL21: =BC6 -> -10.17
BL22: =BJ6 -> -10.2
E23: ENQUETEUR: VÉRIFIER QUE LA RÉPONSE CORRESPOND À LA RÉPONSE DONNÉE EN 104a ("Est-ce que [NOM] a été enceinte au cours de 24 derniers mois?") | AV23: MOIS NON CONNU…...98 | BC23: MOIS NON CONNU…...98 | BJ23: MOIS NON CONNU…...98 | BL23: ENQUETEUR: VÉRIFIER QUE LA RÉPONSE CORRESPOND À LA RÉPONSE DONNÉE EN 104a ("Est-ce que [NOM] a été enceinte au cours de 24 derniers mois?")
E24: OUI | F24: 1 | I24: OUI | J24: 1 | N24: OUI | O24: 1 | T24: OUI | U24: 1 | Z24: OUI | AA24: 1 | AB24: ► | AC24: =AH6 -> -10.1 | AD24: OUI | AE24: 1 | AR24: OUI | AS24: 1 | AX24: OUI | AY24: 1 | BE24: OUI | BF24: 1 | BL24: OUI | BM24: 1
B25: 1 | E25: NON | F25: 2 | G25: ► | H25: =BE6 -> -10.18 | I25: NON | J25: 2 | K25: ► | L25: =N6 -> -10.04 | N25: NON | O25: 2 | P25: ► | Q25: =T6 -> -10.06 | T25: NON | U25: 2 | V25: ► | W25: =Z6 -> -10.08 | Z25: NON | AA25: 2 | AD25: NON | AE25: 2 | AF25: ► | AG25: =AK6 -> -10.11 | AR25: NON | AS25: 2 | AT25: ► | AU25: =AX6 -> -10.15 | AX25: NON | AY25: 2 | AZ25: ► | BA25: =BE6 -> -10.18 | BE25: NON | BF25: 2 | BG25: ► | BH25: =BL6 -> -10.21 | BL25: NON | BM25: 2
I26: PAS SÛRE | J26: 3 | K26: ► | L26: =N6 -> -10.04
M27: MOIS | R27: FILS | S27: FILLES | X27: FILS | Y27: FILLES | AH27: FILS | AI27: FILLES | AK27: FILS | AL27: FILLES | AV27: MOIS | AW27: ANNÉE | BA27: ` | BB27: NOMBRE | BC27: MOIS | BD27: ANNÉE | BI27: NOMBRE | BJ27: MOIS | BK27: ANNÉE
AY28: `
A29: 1 | I29: ` | AN29: 1
A30: =A29+1 -> 2 | AN30: =AN29+1 -> 2 | AX30: `
A31: =A30+1 -> 3 | AN31: =AN30+1 -> 3
A32: =A31+1 -> 4 | AN32: =AN31+1 -> 4
A33: =A32+1 -> 5 | AN33: =AN32+1 -> 5
A34: =A33+1 -> 6 | AN34: =AN33+1 -> 6
A35: =A34+1 -> 7 | AN35: =AN34+1 -> 7
A36: =A35+1 -> 8 | AN36: =AN35+1 -> 8
A37: =A36+1 -> 9 | AN37: =AN36+1 -> 9
A38: =A37+1 -> 10 | AN38: =AN37+1 -> 10

Sheet 11Hist
A1: 11 | B1: Historique des naissances | V1: 11 | W1: Historique des naissances
A3: OBJET : TOUTES FEMMES 15 à 49 ANS DANS LE MÉNAGE | V3: =A3 -> OBJET : TOUTES FEMMES 15 à 49 ANS DANS LE MÉNAGE
A4: ENQUÊTEUR: LISTER LES NAISSANCES PAR ORDRE, DE LA PREMIÈRE À LA DERNIÈRE. LES NAISSANCES MULTIPLES SONT LISTÉES COMME DES NAISSANCES SEPARÉES | V4: =A4 -> ENQUÊTEUR: LISTER LES NAISSANCES PAR ORDRE, DE LA PREMIÈRE À LA DERNIÈRE. LES NAISSANCES MULTIPLES SONT LISTÉES COMME DES NAISSANCES SEPARÉES
A5: RÉPONDANT : ELLE-MÊME
V6: RÉPONDANT : ELLE-MÊME
A7: CODE ID | C7: =-A1-0.01 -> -11.01 | D7: (11.01)a | H7: =C7-0.01 -> -11.02 | I7: =H7-0.01 -> -11.03 | K7: =I7-0.01 -> -11.04 | N7: =K7-0.01 -> -11.05 | R7: =N7-0.01 -> -11.06 | T7: =R7-0.01 -> -11.07 | V7: =T7-0.01 -> -11.08 | Z7: =V7-0.01 -> -11.09 | AD7: (11,09a) | AE7: =Z7-0.01 -> -11.1
D8: CONTROLE: EST-CE QUE LA FEMME A EU AU MOINS UNE NAISSANCE VIVANTE ? | H8: Listez le noms des naissances en commençant par la plus récente, y compris des enfants décédés | I8: [NOM DE L'ENFANT] est-il de sexe masculin ou féminin ? | K8: Quelle est la date de naissance de [NOM DE L'ENFANT] ? | N8: [NOM DE L'ENFANT] est-il/elle encore en vie ? | R8: Quel âge a [NOM DE L'ENFANT] ? | T8: Quel âge avait [NOM DE L'ENFANT DÉCÉDÉ] au décès? | V8: Avez-vous consulté un prestataire de santé (y compris un RECO et un tradipraticien ) pour traiter la maladie qui a conduit a la mort de l enfant? | Z8: Dans quel type de formation sanitaire avez-vous consulté le prestataire de santé? Note : si la femme a fait recours plusieurs fosa, considerez le niveau le plus élévé | AD8: Dans quel village/quartier avez-vous consulté le prestataire de santé ? | AE8: S'IL S'AGIT D'UN HÔPITAL, D'UN CENTRE DE SANTE, D'UN POSTE DE SANTE OU CLINIQUE, APPROFONDIR POUR OBTENIR LE NOM DE CET ÉTABLISSEMENT ET INSCRIRE SON CODE.
C9: COPIER LE CODE ID DE LA MERE
R11: (SI <5 ANS, INDIQUER EN PLUS NOMBRE DE MOIS)
K14: INSCRIRE "98" SI LE RÉPONDANT NE CONNAIT PAS LE JOUR OU LE MOIS. S'IL NE CONNAIT PAS L'ANNÉE, APPROFONDIR EN UTILISANT UN TABLEAU D'ÉVÉNEMENTS
T15: (SI <5 ANS, INDIQUER AUSSI NOMBRE DE MOIS)
D16: OUI | E16: 1 | I16: MASCULIN | J16: 1 | N16: OUI | O16: 1 | V16: Oui | W16: 1 | Z16: Clinique Universitaire | AA16: 1 | AB16: ► | AC16: LIGNE SUIVANTE | AD16: SI VILLAGE HORS ZONE DE LA SANTÉ, SPÉCIFIER
D17: NON | E17: 2 | F17: ► | G17: ='12MatCare'!C7 -> -12 | N17: NON | O17: 2 | P17: ► | Q17: =T7 -> -11.07 | Z17: Hôpital Général Provincial de Reference | AA17: 2 | AB17: ► | AC17: LIGNE SUIVANTE
I18: FÉMININ | J18: 2 | V18: Non | W18: 2 | X18: ► | Y18: ENFANT SUIVANT
Z19: Hôpital General de reference | AA19: 3
Z20: Centre de Santé de reference | AA20: 4
R21: ► ALLER À L'ENFANT SUIVANT | Z21: Centre de Santé | AA21: 5
Z22: Poste de santé | AA22: 6
Z23: Personnel de santé en privé | AA23: 7 | AB23: ► | AC23: LIGNE SUIVANTE
Z24: Relais Communautaire | AA24: 8 | AB24: ► | AC24: LIGNE SUIVANTE
K25: A. | L25: B. | M25: C. | R25: A. | S25: B. | T25: A. | U25: B. | Z25: Tradipraticien | AA25: 9 | AB25: ► | AC25: LIGNE SUIVANTE
K26: JOUR | L26: MOIS | M26: ANNÉE | R26: ANNÉES | S26: MOIS | T26: ANNÉES | U26: MOIS | Z26: Pharmacie | AA26: 10 | AB26: ► | AC26: LIGNE SUIVANTE
Z27: Autre, precisez: ______ | AA27: 11 | AB27: ► | AC27: LIGNE SUIVANTE
D28: VÉRIFIER LA QUESTION (10,11)
A30: 1 | B30: 1
B31: 2
B32: 3
B33: 4
B34: 5
B35: 6
B36: 7
B37: 8
A38: 2 | B38: 1
B39: 2
B40: 3
B41: 4
B42: 5
B43: 6
B44: 7
B45: 8
A46: 3 | B46: 1
B47: 2
B48: 3
B49: 4
B50: 5
B51: 6
A52: 4 | B52: 1
B53: 2
B54: 3
B55: 4
B56: 5
B57: 6

Sheet 12MatCare
A1: 12 Soins prenatals et postnatals | X1: 12 Soins prenatals et postnatals | AM1: 12 Soins prenatals et postnatals | BG1: 12 Soins prenatals et postnatals | BN1: 12 Soins prenatals et postnatals | DF1: 12 Soins prenatals et postnatals | EJ1: 12 Soins prenatals et postnatals | ET1: 12 | FK1: 12 Soins prenatals et postnatals | FX1: 12 Soins prenatals et postnatals | GE1: 12 Soins prenatals et postnatals | HG1: 12 Soins prenatals et postnatals | IL1: 12 Soins prenatals et postnatals
C3: OBJET : FEMMES AYANT EU UN OU PLUSIEURS ENFANT(S) EN VIE OU MORT(S)-NÉ(S), FAUSSE(S) COUCHE(S) OU AVORTEMENT(S) DANS LES 24 DERNIERS MOIS
C4: ENQUETEUR: LES QUESTIONS DANS CETTE MODULE PORTENT SUR LA GROSSESSE PLUS RÉCENTE ARRIVÉE À TERME
C5: RÉPONDANT : ELLE-MÊME | K5: {=AM5:AO5SOINS PRÉNATALS} -> #NAME?
L6: SOINS PRÉNATALS | Y6: SOINS PRÉNATALS | AN6: SOINS PRÉNATALS | BG6: DÉPENSES VISITE PRENATALE | BO6: SIDA, TÉTANOS | CJ6: FER | CO6: PALUDISME | DG6: ISSUE DE LA GROSSESSE | DT6: ACCOUCHEMENT | EJ6: DÉPENSES ACCOUCHEMENT | FL6: SOINS POST-NATALS | FX6: DÉPENSES VISITE POST-NATALE | GF6: SOINS POST-NATALS | HH6: COMPRIMÉS/SIROP DE FER | HR6: VITAMINE A
A7: CODE ID | C7: =-12 -> -12 | D7: -12.01 | H7: (12,01)a | L7: -12.02 | P7: =L7-0.01 -> -12.03 | S7: =P7-0.01 -> -12.04 | X7: CODE ID | Y7: =S7-0.01 -> -12.05 | AA7: =Y7-0.01 -> -12.06 | AC7: (12,06)b | AE7: (12,06)a | AF7: =AA7-0.01 -> -12.07 | AK7: =AF7-0.01 -> -12.08 | AN7: =AK7-0.01 -> -12.09 | AO7: =AN7-0.01 -> -12.1 | AQ7: =AO7-0.01 -> -12.11 | AR7: =AQ7-0.01 -> -12.12 | AS7: -12.13 | BG7: (12.13a) | BN7: CODE ID | BO7: -12.14 | BS7: =BO7-0.01 -> -12.15 | BW7: =BS7-0.01 -> -12.16 | BY7: =BW7-0.01 -> -12.17 | CC7: =BY7-0.01 -> -12.18 | CD7: (12,18)a | CH7: (12,18)b | CJ7: -12.19 | CN7: =CJ7-0.01 -> -12.2 | CO7: =CN7-0.01 -> -12.21 | CS7: =CO7-0.01 -> -12.22 | CU7: =CS7-0.01 -> -12.23 | CW7: =CU7-0.01 -> -12.24 | CY7: =CW7-0.01 -> -12.25 | DC7: =CY7-0.01 -> -12.26 | DF7: CODE ID | DG7: =DC7-0.01 -> -12.27 | DK7: =DG7-0.01 -> -12.28 | DM7: =DK7-0.01 -> -12.29 | DR7: (12.29a) | DT7: =DM7-0.01 -> -12.3 | DV7: =DT7-0.01 -> -12.31 | DX7: (12,31)b | DZ7: (12,31)a | EA7: =DV7-0.01 -> -12.32 | EF7: =EA7-0.01 -> -12.33 | EJ7: (12.33A) | ET7: CODE ID | EU7: -12.34 | EY7: (12,34)b | FA7: (12.34a) | FC7: -12.35 | FE7: =FC7-0.01 -> -12.36 | FG7: =FE7-0.01 -> -12.37 | FK7: CODE ID | FL7: -12.47 | FQ7: -12.5 | FS7: -12.48 | FV7: =FS7-0.01 -> -12.49 | FX7: (12.50a) | GE7: CODE ID | GF7: -12.51 | GH7: (12,51)a | GI7: (12,51)b | GK7: =GF7-0.01 -> -12.52 | GP7: =GK7-0.01 -> -12.53 | GT7: =GP7-0.01 -> -12.54 | GX7: (12,54)a | HB7: (12,54)b | HG7: CODE ID | HH7: =GT7-0.01 -> -12.55 | HL7: =HH7-0.01 -> -12.56 | HN7: =HL7-0.01 -> -12.57 | HP7: =HN7-0.01 -> -12.58 | HR7: =HP7-0.01 -> -12.59 | HV7: =HR7-0.01 -> -12.6 | HY7: =HV7-0.01 -> -12.61 | IA7: =HY7-0.01 -> -12.62 | IE7: =IA7-0.01 -> -12.63 | IL7: CODE ID | IM7: =IE7-0.01 -> -12.64 | IQ7: =IM7-0.01 -> -12.65 | IT7: =IQ7-0.01 -> -12.66
C8: ENQUÊTEUR : COPIER LE CODE ID POUR FEMME AYANT RÉPONDU OUI À | D8: [NOM] vivait-elle dans ce village pendant sa dernière grossesse ? | H8: [NOM] vivait-elle dans une autre province durant sa dernière grossesse ? | L8: Maintenant, je vais vous poser quelques questions sur votre dernière grossesse qui s'est terminée par un enfant vivant, un enfant mort-né, une fausse couche ou un avortement. Avez-vous consulté un prestataire pour les soins prénatals lors de cette grossesse ? | P8: Pourquoi n'avez-vous pas consulté un personnel de santé pour les soins prénatals lors de cette grossesse ? INSCRIRE UN MAXIMUM DE 3 RAISONS | S8: Avez-vous essayé d'obtenir des soins prénatals mais le personnel de l'établissement vous a demandé de partir et de revenir un autre jour ? | Y8: Quel type de prestataire avez-vous vu pour les soins prénatals lors de cette grossesse ? | AA8: Dans quel village/Quartier avez-vous cherché les soins prénatals lors de cette grossesse ? | AC8: Quel mode de transport utilisez-vous pour vous rendre à ce village ou ce quartier? | AE8: Combien de temps vous faut-il pour vous rendre dans ce village ou ce quartier? | AF8: Dans quel type d'établissement ou de lieu avez-vous vu ce type de personnel ? | AK8: S'IL S'AGIT D'UN HÔPITAL, CENTRE DE SANTÉ,POSTE DE SANTÉ OU CLINIQUE, APPROFONDIR POUR OBTENIR LE NOM DE CET ÉTABLISSEMENT ET INSCRIRE SON CODE | AN8: De combien de mois étiez-vous enceinte lorsque vous avez reçu les premiers soins prénatals pour cette grossesse ? | AO8: Pourriez-vous nous montrer votre carnet de santé ou fiche CPN? ENQUÊTEUR: DEMANDER LE CARNET DE SANTÉ OU LA FICHE ET NOTER 1 POUR "VU" OU 2 SI "NON VU" | AQ8: Combien de fois avez-vous été en consultations prénatales pour cette grossesse ? | AR8: De combien de mois étiez-vous enceinte lorsque vous avez reçu les derniers soins prénatals pour cette grossesse ? | AS8: Maintenant, j'aimerais vous poser des questions sur ce qui a peut-être été effectué lors des visites de soins prénatals pour votre dernière grossesse. Durant ces visites, l'élément décrit ci-dessous a-t-il été réalisé lors d'au moins une visite ? | BG8: Au cours des votre première visite prénatale, quel a été le montant dépensé par votre ménage de sa propre poche pour la visite? Plus spécifiquement, combien votre ménage a-t-il dépensé pour… | BO8: Pendant cette grossesse, vous a-t-on proposé des conseils et un test pour détecter le virus qui provoque le SIDA ? | BS8: Je ne vais pas vous demander le résultat, mais avez-vous fait le test ? | BW8: Je ne vais pas vous demander le résultat mais l'avez-vous reçu ? | BY8: Pendant cette grossesse, vous a-t-on fait une injection (VAT) dans le bras pour éviter que le bébé n'attrape le tétanos, c'est-à-dire qu'il n'ait des convulsions après la naissance ? | CC8: Combien de fois avez-vous reçu cette injection durant cette grossesse ? | CD8: À n'importe quel moment avant cette grossesse, vous a-t-on fait des injections contre le tétanos ? | CH8: Avant cette grossesse, il y a combien d'années que vous avez reçu la dernière injection contre le tétanos ? | CJ8: Pendant cette grossesse, vous a-t-on donné ou avez-vous acheté des comprimés de fer ou du sirop de fer ? | CN8: Au cours de cette grossesse, pendant combien de jours avez-vous pris ces comprimés de fer ou ce sirop de fer ? | CO8: Pendant cette grossesse, avez-vous pris des médicaments pour éviter d'attraper le paludisme ? | CS8: Quels médicaments avez-vous pris ? ENQUÊTEUR: LIRE CHACUN D'ENTRE EUX À HAUTE VOIX ET ENREGISTRER LA RÉPONSE | CU8: Où avez-vous obtenu ces médicaments ? | CW8: Combien de doses de ce médicament avez-vous pris ? (EXPRIMER LE RESULTAT EN TERMES DE COMPRIMES) | CY8: Vous a-t-on parlé des signes de complications de la grossesse lors des consultations prénatales ? | DC8: Vous a-t-on dit où aller si vous aviez ces complications ? | DG8: Avez-vous eu des complications durant cette grossesse ou au moment de l’accouchement ? | DK8: Quelle est la principale complication que vous avez eue ? | DM8: Quel a été l'issue de cette grossesse ? | DR8: Quels sont le mois et l'année de l'accouchement ? | DT8: Lors de cette grossesse, qui vous a assisté pendant l'accouchement ? | DV8: Dans quel village/Quartier avez-vous accouché ? | DX8: Quel mode de transport utilisez-vous pour vous rendre à ce village ou ce quartier? | DZ8: Combien de temps vous faut-il pour vous rendre dans ce village ou ce quartier? | EA8: Où avez-vous accouché ? | EF8: S'IL S'AGIT D'UN HÔPITAL, CENTRE DE SANTÉ, POSTE DE SANTÉ OU CLINIQUE, APPROFONDIR POUR OBTENIR LE NOM DE CET ÉTABLISSEMENT ET INSCRIRE SON CODE. | EJ8: Au cours de l'accouchement en question, quel a été le montant dépensé par votre ménage de sa propre poche? Plus spécifiquement, combien votre ménage a-t-il dépensé pour… | EU8: Pourquoi n'avez-vous pas accouché dans un établissement de santé formel pour cette grossesse ? INSCRIRE UN MAXIMUM DE 3 RAISONS | EY8: Quel mode de transport utilisez-vous pour vous rendre à la formation sanitaire que vous avez choisi pour l'accouchement ? | FA8: Combien de temps vous faut-il pendant la période de l'accouchement pour aller de chez vous jusqu'a la formation sanitaire que vous avez choisi pour l'accouchement | FC8: L'accouchement s'est-il fait par césarienne, c'est-à-dire, a-t-on ouvert votre ventre pour en sortir le bébé ? | FE8: VERIFIER: SI L'ISSUE DE CETTE GROSSESSE EST UNE FAUSSE-COUCHE | FG8: Ce ou ces nouveau-nés étaient-ils des garçons ou des filles ? | FL8: Si vous avez accouché dans une formation sanitaire, un professionnel de santé a-t-il vérifié votre santé dans les 24 heurs suivant la naissance et avant que vous ayiez quitté la formation pour rentrer chez vous? | FQ8: Quel était le profil de la personne qui a effectué ce contrôle? | FS8: A combien de contrôles post-natals vous êtes-vous rendue ou combien de fois avez-vous été reçue au cours des 2 premiers mois suivant la naissance/fausse couche ? | FV8: Combien de temps après la naissance/fausse couche avez-vous eu le premier contrôle post-natal (qui ne soit pas celui reçu dans la formation où l'accouchemet a eu lieu dans les 24 heures suivant la naissance)? | FX8: Au cours de votre première visite post-natale (après votre éventuelle sortie de l'hôpital/centre/poste de santé) quel a été le montant dépensé par votre ménage de sa propre poche pour la visite? Plus spécifiquement, combien votre ménage a-t-il dépensé pour… | GF8: Dans quel village/quartier avez-vous effectué le premier contrôle (après votre éventuelle sortie d'une formation sanitaire)? | GH8: Combien de temps vous faut-il pour vous rendre dans ce village ou ce quartier? | GI8: Quel mode de transport utilisez-vous pour vous rendre à ce village ou ce quartier? | GK8: Où ce contrôle a-t-il eu lieu ? | GP8: S'IL S'AGIT D'UN HÔPITAL, D'UN CENTRE DE SANTÉ, D'UN POSTE DE SANTÉ OU CLINIQUE, APPROFONDIR POUR OBTENIR LE NOM DE CET ÉTABLISSEMENT ET INSCRIRE SON CODE. | GT8: Pourquoi n'avez-vous pas eu de contrôle post-natal dans une institution de santé formelle ou par du personnel de santé formel pour cette grossesse ? | GX8: Après cette naissance/fausse couche, vous a-t-on parlé des méthodes de planification familiale avant que vous quittiez la formation sanitaire? | HB8: Vous a-t-on parlé des méthodes de planification familiale en une autre occasion? | HH8: Après cette naissance/fausse couche, vous a-t-on donné ou avez-vous acheté des comprimés de fer, du sirop de fer ou de l'acide folique ? | HL8: Qui vous a fourni la dose de fer ? | HN8: Combien de temps après l'accouchement/fausse couche avez-vous pris la première dose de fer ? | HP8: Pendant combien de jours après la naissance/fausse couche avez-vous pris ces comprimés de fer ou ce sirop de fer ? | HR8: Au cours des deux premiers mois suivant la naissance/fausse couche, avez-vous reçu une dose de vitamine A (comme celle-ci) ? MONTRER LES AMPOULES/CAPSULES/SIROPS HABITUELS. | HV8: Qui vous a prescrit la dose de vitamine A ? | HY8: VÉRIFIER: SI L'ISSUE DE CETTE GROSSESSE EST UNE FAUSSE-COUCHE | IA8: Le ou les enfants est-il ou sont-ils toujours en vie ? | IE8: Quel âge avai(en)t cet enfant ou ces enfants lors de son ou de leur décès ? | IM8: Cet ou ces enfants vit-il ou vivent-ils toujours avec vous ? | IQ8: INSCRIRE LE CODE INDIVIDUEL D'IDENTIFICATION DE CET OU CES ENFANTS EN CONSULTANT LA LISTE | IT8: Au cours des dernières 24 heures, avez-vous donné à ce(s) enfant(s) l'un des produits suivants ?
AF10: S'IL Y EN A PLUS D'UN, INSCRIRE L'ÉTABLISSEMENT OU LE LIEU QUI CORRESPOND AU PROFESSIONNEL DONNÉ EN (12,06)
P11: TROP CHER | R11: 1 | AT11: OUI | AU11: 1 | DK11: SAIGNEMENTS PDT GROSSESSE | DL11: 1 | GT11: TROP CHER | GW11: 1
C12: ='10Preg'!BL6 -> -10.21 | P12: TROP LOIN | R12: 2 | Y12: S'IL Y A PLUS D'UN PERSONNEL DE SANTÉ, INSCRIRE LE PLUS QUALIFIÉ. | AT12: NON | AU12: 2 | EA12: CLINIQUE UNIVERSITAIRE | EC12: 1 | EU12: TROP CHER | EX12: 1 | GT12: TROP LOIN | GW12: 2 | HL12: DOCTEUR EN MÉDECINE | HM12: 1 | HV12: DOCTEUR EN MÉDECINE | HW12: 1 | IE12: INSCRIRE LA RÉPONSE EN MOIS
P13: TROP OCCUPÉ(E) (TRAVAIL, ENFANTS) | R13: 3 | DK13: SAIGNEMENTS LORS DE L'ACCOUCHEMENT | DL13: 2 | EA13: HÔPITAL GÉNÉRAL PROVINCIAL DE RÉFÉRENCE | EC13: 2 | EU13: TROP LOIN | EX13: 2 | GT13: TROP TARD LORS DE L'ACCOUCHEMENT | GW13: 3 | HL13: INFIRMIÈRE | HM13: 2 | HV13: INFIRMIÈRE | HW13: 2
P14: N'ÉTAIT PAS SUFFISAMMENT MALADE | R14: 4 | BG14: INSCRIRE 00 SI PAS DE DÉPENSE | DT14: DOCTEUR EN MÉDECINE | DU14: 1 | EA14: HÔPITAL GÉNÉRAL DE RÉFÉRENCE | EC14: 3 | EJ14: INSCRIRE 00 SI AUCUNE DÉPENSE | EU14: TROP TARD LORS DE L'ACCOUCHEMENT | EX14: 3 | FE14: SI OUI ► | FF14: =FL7 -> -12.47 | FG14: GARCON | FI14: 1 | FQ14: DOCTEUR EN MÉDECINE | FR14: 1 | FX14: INSCRIRE 00 SI AUCUNE DÉPENSE | GT14: L'ÉTAT DU BATIMENT DE LA STRUCTURE EST MAUVAIS | GW14: 4 | HL14: INFIRMIÈRE / ACCOUCHEUSE AUXILIAIRE | HM14: 3 | HV14: INFIRMIÈRE / ACCOUCHEUSE AUXILIAIRE | HW14: 3 | HY14: ►SECTION SUIVANTE | IA14: OUI | IB14: 1 | IC14: ► | ID14: =IM7 -> -12.64 | IE14: SI LA DURÉE EST INFÉRIEURE À UN MOIS, INSCRIRE 00 | IM14: OUI | IN14: 1 | IW14: OUI | IX14: 1
C15: FEMMES DE 15-49 ANS AYANT EU AU MOINS UNE NAISSANCE VIVANTE, UN MORT-NE, UNE FAUSSE COUCHE/AVORTEMENT AU COURS DES 24 DERNIERS MOIS | P15: ETAT PHYSIQUE DU BATIMENT N' INSPIRE PAS CONFIANCE | R15: 5 | AS15: A. | AT15: B. | AU15: C. | AV15: D. | AW15: E. | AX15: F. | AY15: G. | AZ15: H. | BA15: I. | BB15: J. | BC15: K. | BD15: L. | BE15: N. | BF15: O. | DK15: VERTIGES | DL15: 3 | DT15: INFIRMIÈRE | DU15: 2 | EA15: CENTRE DE SANTÉ DE RÉFÉRENCE/ CLINIQUE | EC15: 4 | EU15: L'ÉTAT DU BATIMENT DE LA STRUCTURE EST MAUVAIS | EX15: 4 | FG15: FILLE | FI15: 2 | FQ15: INFIRMIÈRE | FR15: 2 | GT15: L'ÉTABLISSEMENT A DES STOCKS INSUFFISANTS | GW15: 5 | HL15: RELAIS COMMAUTAIRE | HM15: 4 | HV15: RELAIS COMMAUTAIRE | HW15: 4 | IA15: NON | IB15: 2 | IM15: NON | IN15: 2 | IO15: ► | IP15: ENFANT SUIVANT | IW15: NON | IX15: 2
P16: L'ÉTABLISSEMENT A DES STOCKS MEDICAMENTS INSUFFISANTS | R16: 6 | AQ16: SI UNE FOIS, INSCRIRE 1 PUIS ► | AS16: Vous a-t-on pesé? | AT16: Vous a-t-on mesuré? | AU16: A-t-on mesuré votre Pression artérielle? | AV16: Avez-vous donné un échantillon d'urine? | AW16: Avez-vous donné un échantillon de sang? | AX16: Avez-vous programmé votre accouchement dans cet établissement ? | AY16: Le personnel de santé a-t-il palpé votre ventre ? | AZ16: Le personnel de santé a-t-il estimé la date de votre accouchement ? | BA16: Votre hauteur utérine a-t-elle été mesurée (cela se fait lorsque le personnel de santé mesure votre ventre en se servant d'un mètre ruban) ? | BB16: Le personnel de santé vous a-t-il demandé votre groupe sanguin et votre rhésus ? | BC16: Avez-vous reçu des conseils au sujet de votre régime alimentaire pendant votre grossesse ? | BD16: Avez-vous reçu des conseils sur ce qu'il faut faire en cas d'urgence ? | BE16: Avez-vous reçu des conseils Preparatoire à l'accouchement ? | BF16: Avez-vous reçu des conseils pour la planification familiale ? | BG16: Pouvez-vous me montrer les reçus? | DK16: HTA | DL16: 4 | DT16: INFIRMIÈRE / ACCOUCHEUSE AUXILIAIRE | DU16: 3 | EA16: CENTRE DE SANTÉ | EC16: 5 | EJ16: Pouvez-vous me montrer les reçus? | EU16: L'ÉTABLISSEMENT A DES STOCKS INSUFFISANTS | EX16: 5 | FQ16: INFIRMIÈRE / ACCOUCHEUSE AUXILIAIRE | FR16: 3 | FX16: Pouvez-vous me montrer les reçus? | GT16: MAUVAISE ATTITUDE DU PERSONNEL | GW16: 6 | HL16: TECHNICIEN DE LABORATOIRE | HM16: 5 | HV16: TECHNICIEN DE LABORATOIRE | HW16: 5 | IW16: NSP | IX16: 8
P17: MAUVAISE ATTITUDE DU PERSONNEL | R17: 7 | AA17: INSCRIRE LISIBLEMENT LE NOM DU VILLAGE/QUARTIER, PUIS LE CODE CORRESPONDANT | AE17: ENQUÊTEUR: ÉCRIRE LE TEMPS TOTAL EN MINUTES | DK17: JAMBES/VISAGES GONFLEE(S) | DL17: 5 | DT17: RELAIS COMMUNAUTAIRE | DU17: 4 | DV17: INSCRIRE LISIBLEMENT LE NOM DU VILLAGE/ QUARTIER, PUIS LE CODE CORRESPONDANT | DZ17: ENQUÊTEUR: ÉCRIRE LE TEMPS TOTAL EN MINUTES | EA17: POSTE DE SANTÉ | EC17: 6 | EU17: MAUVAISE ATTITUDE DU PERSONNEL | EX17: 6 | FQ17: RELAIS COMMUNAUTAIRE | FR17: 4 | GF17: INSCRIRE LISIBLEMENT LE NOM DU VILLAGE/ QUARTIER, PUIS LE CODE CORRESPONDANT | GH17: ENQUÊTEUR: ÉCRIRE LE TEMPS TOTAL EN MINUTES | GT17: NE CONNAIT AUCUN PERSONNEL DE LA SANTE | GW17: 7 | HL17: PHARMACIEN | HM17: 6 | HV17: PHARMACIEN | HW17: 6 | HY17: VÉRIFIER AVEC | IE17: ► INDIVIDU SUIVANT
D18: OUI | E18: 1 | F18: ► | G18: =L7 -> -12.02 | H18: OUI | I18: 1 | J18: ► | K18: SECTION SUIVANTE | L18: OUI | M18: 1 | N18: ► | O18: =Y7 -> -12.05 | P18: NE CONNAIT AUCUN MEMBRE DU PERSONNEL | R18: 8 | S18: OUI | T18: 1 | Y18: DOCTEUR EN MÉDECINE | Z18: 1 | AC18: À pied | AD18: 1 | AF18: CLINIQUE UNIVERSITAIRE | AH18: 1 | BG18: LIRE À HAUTE VOIX CHAQUE CATÉGORIE | DT18: TECHNICIEN DE LABORATOIRE | DU18: 5 | EA18: CHEZ PERSONNEL DE SANTÉ PRIVÉ | EC18: 7 | EJ18: LIRE À HAUTE VOIX CHAQUE CATÉGORIE | EU18: NE CONNAIT AUCUN PERSONNEL DE LA SANTÉ | EX18: 7 | FQ18: TECHNICIEN DE LABORATOIRE | FR18: 5 | FV18: INSCRIRE LA RÉPONSE EN JOURS. SI ELLE EST INFÉRIEURE À UN JOUR, INSCRIRE 00 | FX18: LIRE À HAUTE VOIX CHAQUE CATÉGORIE | GQ18: ► | GR18: =GX7 -> (12,54)a | GT18: MAUVAISE QUALITÉ DES SOINS | GW18: 8 | HL18: ACCOUCHEUSE / SAGE FEMME | HM18: 7 | HV18: ACCOUCHEUSE / SAGE FEMME | HW18: 7 | HY18: =DM7 -> -12.29
D19: NON | E19: 2 | H19: NON | I19: 2 | L19: NON | M19: 2 | P19: NE FAIT PAS CONFIANCE AU PERSONNEL | R19: 9 | S19: NON | T19: 2 | U19: ► | V19: =DG7 -> -12.27 | Y19: INFIRMIÈRE | Z19: 2 | AC19: En voiture ou en camionette | AD19: 2 | AF19: HÔPITAL GÉNÉRAL PROVINCIAL DE RÉFÉRENCE | AH19: 2 | AO19: VU | AP19: 1 | DK19: DOULEURS ABDOMINABLES | DL19: 6 | DT19: PHARMACIEN | DU19: 6 | EA19: CHEZ AGENT DE SANTÉ COMMUNAUTAIRE | EC19: 8 | ED19: ► | EE19: =EU7 -> -12.34 | EU19: MAUVAISE QUALITÉ DES SOINS | EX19: 8 | FQ19: PHARMACIEN | FR19: 6 | FS19: SI 00 | FT19: ► | FU19: =GT7 -> -12.54 | GK19: CLINIQUE UNIVERSITAIRE | GM19: 1 | GT19: SERVICE NON DISPONIBLE | GW19: 9 | HL19: GUÉRISSEUR TRADITIONNEL | HM19: 8
P20: PERSONNEL HABITUELLEMENT ABSENT | R20: 10 | Y20: INFIRMIÈRE / ACCOUCHEUSE AUXILIAIRE | Z20: 3 | AC20: À moto | AD20: 3 | AF20: HÔPITAL GÉNÉRAL DE RÉFÉRENCE | AH20: 3 | AO20: NON VU | AP20: 2 | DT20: ACCOUCHEUSE / SAGE FEMME | DU20: 7 | EA20: CHEZ UN TRADI PRATICIEN | EC20: 9 | ED20: ► | EE20: =EU7 -> -12.34 | EN20: ► (12.34a) | EU20: SERVICE NON DISPONIBLE | EX20: 9 | FQ20: ACCOUCHEUSE / SAGE FEMME | FR20: 7 | GK20: HÔPITAL GÉNÉRAL PROVINCIAL DE RÉFÉRENCE | GM20: 2 | GT20: PAS DE MOYEN DE TRANSPORT | GW20: 10 | HL20: GUÉRISSEUR SPIRITUEL | HM20: 9 | HV20: GUÉRISSEUR TRADITIONNEL | HW20: 8
P21: ÉTABLISSEMENT DE SANTÉ FERMÉ | R21: 11 | Y21: RELAIS COMMAUTAIRE | Z21: 4 | AC21: À vélo | AD21: 4 | AF21: CENTRE DE SANTÉ DE RÉFÉRENCE/ CLINIQUE | AH21: 4 | AQ21: =AS7 -> -12.13 | DK21: DOULEURS PELVIENNES | DL21: 7 | EA21: DANS UNE PHARMACIE PRIVÉE | EC21: 10 | ED21: ► | EE21: =EU7 -> -12.34 | EU21: PAS DE MOYEN DE TRANSPORT | EX21: 10 | GK21: HÔPITAL GÉNÉRAL DE RÉFÉRENCE | GM21: 3 | GT21: PAS EU BESOIN | GW21: 11 | HL21: VENDEUR DE MÉDICAMENTS | HM21: 10 | HN21: INSCRIRE LA RÉPONSE EN JOURS | HV21: GUÉRISSEUR SPIRITUEL | HW21: 9
P22: PAS DE TRANSPORT | R22: 12 | Y22: TECHNICIEN DE LABORATOIRE | Z22: 5 | AC22: En pirogue | AD22: 5 | AF22: CENTRE DE SANTÉ | AH22: 5 | AN22: ENQUÊTEUR - ARRONDIR AU MOIS | AR22: ENQUÊTEUR - ARRONDIR AU MOIS | BG22: A. | BH22: B. | BI22: C. | BJ22: D. | BK22: E | BL22: F | BO22: OUI | BP22: 1 | BS22: OUI | BT22: 1 | BW22: OUI | BX22: 1 | BY22: OUI | BZ22: 1 | CC22: NOMBRE D'INJECTIONS | CD22: OUI | CE22: 1 | CH22: NOMBRE D'ANNÉES | CJ22: OUI | CK22: 1 | CN22: NOMBRE DE JOURS | CO22: OUI | CP22: 1 | CS22: A. | CT22: B. | CU22: FORMATION SANITAIRE | CV22: 1 | CW22: NOMBRE COMPRIMÉS | CY22: OUI | CZ22: 1 | DC22: OUI | DD22: 1 | DG22: OUI | DH22: 1 | DK22: FIEVRE (de plus de 24h) | DL22: 8 | DM22: VIVANT À LA NAISSANCE, UNE SEULE NAISSANCE | DO22: 1 | DR22: MOIS (MM) | DS22: ANNÉE (AAAA) | DT22: GUÉRISSEUR TRADITIONNEL | DU22: 8 | DX22: À pied | DY22: 1 | EA22: CHEZ VENDEUR AMBULANT/MARCHÉ | EC22: 11 | ED22: ► | EE22: =EU7 -> -12.34 | EJ22: A. | EK22: B. | EL22: C. | EM22: D. | EN22: E | EO22: F | EP22: G | EQ22: H | ER22: I | ES22: J | EU22: PAS EU BESOIN | EX22: 11 | EY22: À pied | EZ22: 1 | FA22: ENQUÊTEUR: SI MOINS D'UNE HEURE INSCRIRE 0000 POUR LES HEURES ET REMPLIR SEULEMENT LES MINUTES | FC22: OUI | FD22: 1 | FG22: A. | FH22: B. | FI22: C. | FL22: OUI | FN22: 1 | FQ22: GUÉRISSEUR TRADITIONNEL | FR22: 8 | FX22: A. | FY22: B. | FZ22: C. | GA22: D. | GB22: E | GC22: F | GI22: À pied | GJ22: 1 | GK22: CENTRE DE SANTÉ DE RÉFÉRENCE/ CLINIQUE | GM22: 4 | GT22: HORAIRES PEU PRATIQUES | GW22: 12 | GX22: OUI | GY22: 1 | GZ22: ► | HA22: =HH7 -> -12.55 | HB22: Pendant les soins prénatals | HE22: 1 | HH22: OUI | HI22: 1 | HL22: MEMBRE DE LA FAMILLE | HM22: 11 | HR22: OUI | HS22: 1 | HV22: VENDEUR DE MÉDICAMENTS | HW22: 10 | IA22: A. | IB22: B. | ID22: C. | IE22: A. | IG22: B. | II22: C. | IM22: A. | IN22: B. | IO22: C. | IQ22: A. | IR22: B. | IS22: C. | IT22: A. | IU22: B. | IV22: C. | IW22: D | IX22: E | IY22: F | IZ22: G | JA22: H | JB22: I
P23: MAUVAISE QUALITÉ DES SOINS | R23: 13 | Y23: PHARMACIEN | Z23: 6 | AC23: En hors bord | AD23: 6 | AF23: POSTE DE SANTÉ | AH23: 6 | BG23: Frais de consultation | BH23: Frais de laboratoire/échographie/chirurgie | BI23: Autres paiements (frais non réglementaires,etc) | BJ23: Transports | BK23: Médicaments | BL23: Montant total des frais de santé | BO23: NON | BP23: 2 | BQ23: ► | BR23: =BY7 -> -12.17 | BS23: NON | BT23: 2 | BU23: ► | BV23: =BY7 -> -12.17 | BW23: NON | BX23: 2 | BY23: NON | BZ23: 2 | CA23: ► | CB23: =CJ7 -> -12.19 | CD23: NON | CE23: 2 | CF23: ► | CG23: =CJ7 -> -12.19 | CJ23: NON | CK23: 2 | CL23: ► | CM23: =CO7 -> -12.21 | CO23: NON | CP23: 2 | CQ23: ► | CR23: =CY7 -> -12.25 | CS23: Fansidar/SP | CT23: Autre, spécifiez | CU23: RELAIS COMMUNAUTAIRE | CV23: 2 | CY23: NON | CZ23: 2 | DA23: ► | DB23: =DG7 -> -12.27 | DC23: NON | DD23: 2 | DG23: NON | DH23: 2 | DI23: ► | DJ23: =DM7 -> -12.29 | DK23: CONVULSIONS | DL23: 9 | DM23: VIVANT À LA NAISSANCE, PLUSIEURS NAISSANCES | DO23: 2 | DT23: GUÉRISSEUR SPIRITUEL | DU23: 9 | DX23: En voiture ou en camionette | DY23: 2 | EA23: MÉDECINE ASIATIQUE | EC23: 12 | ED23: ► | EE23: =EU7 -> -12.34 | EJ23: Frais pour soins suivant l'accouchement | EK23: Frais de laboratoire/échographie/chirurgie | EL23: Autres paiements (frais non réglementaires,etc) | EM23: Transports | EN23: Médicaments | EO23: Repas (pour vous en tant que patiente) | EP23: Autre materiel (rasoirs, bassine, tissus) | EQ23: Séjour | ER23: Accompagnement d'un tiers (seuls frais requis par la structure pour la présence et l'éventuel séjour de cette personne, mais PAS les repas de cette personne) | ES23: Montant total des frais de santé | EU23: HORAIRES PEU PRATIQUES | EX23: 12 | EY23: En voiture ou en camionette | EZ23: 2 | FC23: NON | FD23: 2 | FG23: PREMIER ENFANT | FH23: DEUXIÈME ENFANT | FI23: TROISIÈME ENFANT | FL23: NON | FN23: 2 | FO23: ► | FP23: =FS7 -> -12.48 | FQ23: GUÉRISSEUR SPIRITUEL | FR23: 9 | FX23: Frais de consultation officiels | FY23: Frais de laboratoire/chirurgie | FZ23: Autres paiements (frais non réglementaires,etc) | GA23: Transports | GB23: Médicaments | GC23: Montant total des frais de santé | GI23: En voiture ou en camionette | GJ23: 2 | GK23: CENTRE DE SANTÉ | GM23: 5 | GT23: LONGUE ATTENTE | GW23: 13 | GX23: NON | GY23: 2 | HB23: Pendant les soins postnatals | HE23: 2 | HH23: NON | HI23: 2 | HJ23: ► | HK23: =HR7 -> -12.59 | HL23: AMI/VOISIN | HM23: 12 | HR23: NON | HS23: 2 | HT23: ► | HU23: =IA7 -> -12.62 | HV23: MEMBRE DE LA FAMILLE | HW23: 11 | IA23: PREMIER ENFANT | IB23: DEUXIÈME ENFANT | ID23: TROISIÈME ENFANT | IE23: PREMIER ENFANT | IG23: DEUXIÈME ENFANT | II23: TROISIÈME ENFANT | IM23: PREMIER ENFANT | IN23: DEUXIÈME ENFANT | IO23: TROISIÈME ENFANT | IQ23: PREMIER ENFANT | IR23: DEUXIÈME ENFANT | IS23: TROISIÈME ENFANT | IT23: SUPPLÉMENTS EN VITAMINES | IU23: EAU SIMPLE | IV23: EAU SUCRÉE / BONBON / BISCUIT | IW23: JUS DE FRUIT | IX23: LAIT MATERNISE | IY23: LAIT AUTRE QUE LAIT MATERNEL | IZ23: AUTRES LIQUIDES | JA23: ALIMENTS SOLIDES | JB23: BOUILLIE
P24: HORAIRES PEU PRATIQUES | R24: 14 | V24: ` | Y24: ACCOUCHEUSE / SAGE FEMME | Z24: 7 | AC24: Une combinaison de moyens de transport | AD24: 7 | AF24: CHEZ PERSONNEL DE SANTÉ PRIVÉ | AH24: 7 | DK24: TRAVAIL PROLONGE | DL24: 10 | DM24: MORT-NÉ | DO24: 3 | DP24: ► | DQ24: =FL7 -> -12.47 | DT24: VENDEUR DE MÉDICAMENTS | DU24: 10 | DX24: À moto | DY24: 3 | EA24: AUTRE (PRÉCISER) | EC24: 13 | ED24: ► | EE24: =EU7 -> -12.34 | EU24: LONGUE ATTENTE | EX24: 13 | EY24: À moto | EZ24: 3 | FL24: N'A PAS ACCOUCHÉ DANS UNE FORMATION SANITAIRE | FN24: 9 | FO24: ► | FP24: =FS7 -> -12.48 | FQ24: VENDEUR DE MÉDICAMENTS | FR24: 10 | GI24: À moto | GJ24: 3 | GK24: POSTE DE SANTÉ | GM24: 6 | GT24: PRÉFÈRE L'ACCOUCHEMENT À LA MAISON | GW24: 14 | HB24: Lors de l'admission pour l'accouchement | HE24: 3 | HL24: PAS D'ASSISTANCE | HM24: 13 | HV24: AMI/VOISIN | HW24: 12
P25: LONGUES ATTENTES | R25: 15 | Y25: GUÉRISSEUR TRADITIONNEL | Z25: 8 | AC25: Autre, preciser:_______________ | AD25: 97 | AF25: CHEZ AGENT DE SANTÉ COMMUNAUTAIRE | AH25: 8 | AI25: ► | AJ25: =AN7 -> -12.09 | CU25: GUÉRISSEUR TRADITIONNEL | CV25: 3 | DK25: AVORTEMENT SPONTANE | DL25: 11 | DM25: FAUSSE COUCHE | DO25: 4 | DP25: ► | DQ25: =FL7 -> -12.47 | DT25: MEMBRE DE LA FAMILLE | DU25: 11 | DX25: À vélo | DY25: 4 | EU25: PRÉFÈRE L'ACCOUCHEMENT À LA MAISON | EX25: 14 | EY25: À vélo | EZ25: 4 | FQ25: MEMBRE DE LA FAMILLE | FR25: 11 | GI25: À vélo | GJ25: 4 | GK25: CHEZ PERSONNEL DE SANTÉ PRIVÉ | GM25: 7 | GN25: ► | GO25: =GT$7 -> -12.54 | GT25: INSECURITÉ | GW25: 15 | HB25: Lors de consultation à la formation sanitaire | HE25: 4 | HL25: AUTRE (SPÉCIFIER) | HM25: 97 | HV25: PAS D'ASSISTANCE | HW25: 13
P26: INSECURITE | R26: 16 | Y26: GUÉRISSEUR SPIRITUEL | Z26: 9 | AF26: CHEZ UN TRADI PRATICIEN | AH26: 9 | AI26: ► | AJ26: =AN7 -> -12.09 | CU26: PHARMACIE OU VENDEUR DE MÉDICAMENTS | CV26: 4 | DM26: AVORTEMENT | DO26: 5 | DP26: ► | DQ26: =FL7 -> -12.47 | DT26: AMI/VOISIN | DU26: 12 | DX26: En pirogue | DY26: 5 | EU26: INSECURITÉ | EX26: 15 | EY26: En pirogue | EZ26: 5 | FL26: ` | FQ26: AMI/VOISIN | FR26: 12 | GI26: En pirogue | GJ26: 5 | GK26: CHEZ AGENT DE SANTÉ COMMUNAUTAIRE | GM26: 8 | GN26: ► | GO26: =GT7 -> -12.54 | GT26: MA FAMILLE NE VOULAIT PAS QUE J'Y AILLE | GW26: 16 | HB26: Autre, préciser | HE26: 97 | HV26: AUTRE (SPÉCIFIER) | HW26: 97
P27: PREFERE AUTOMEDICATION | R27: 17 | Y27: VENDEUR DE MÉDICAMENTS | Z27: 10 | AF27: DANS UNE PHARMACIE PRIVÉE | AH27: 10 | AI27: ► | AJ27: =AN7 -> -12.09 | AN27: NOMBRE DE MOIS | AQ27: NOMBRE DE FOIS | AR27: NOMBRE DE MOIS | DK27: AUTRE (SPÉCIFIEZ) | DL27: 97 | DT27: PAS D'ASSISTANCE | DU27: 13 | DX27: En hors bord | DY27: 6 | EU27: MA FAMILLE NE VOULAIT PAS QUE J'Y AILLE | EX27: 16 | EY27: En hors bord | EZ27: 6 | FQ27: PAS D'ASSISTANCE | FR27: 13 | GI27: En hors bord | GJ27: 6 | GK27: CHEZ UN TRADI PRATICIEN | GM27: 9 | GN27: ► | GO27: =GT$7 -> -12.54 | GT27: NE SAIS PAS | GW27: 98 | HP27: NOMBRE DE JOURS
P28: PREFERE MEDECINE TRADITIONNELLE | R28: 18 | Y28: AUTRE (SPÉCIFIER) | Z28: 97 | AF28: CHEZ VENDEUR AMBULANT/MARCHÉ | AH28: 11 | AI28: ► | AJ28: =AN7 -> -12.09 | CU28: MEMBRE DE LA FAMILLE | CV28: 5 | DT28: AUTRE (SPÉCIFIEZ) | DU28: 97 | DX28: Une combinaison de moyens de transport | DY28: 7 | EU28: AUTRE (SPÉCIFIER) | EX28: 97 | EY28: Une combinaison de moyens de transport | EZ28: 7 | FA28: ENQUETEUR: VÉRIFIEZ QUE LA RÉPONSE EST SAISIE EN HEURES ET MINUTES. | FQ28: AUTRE (SPÉCIFIER) | FR28: 97 | GI28: Une combinaison de moyens de transport | GJ28: 7 | GK28: DANS UNE PHARMACIE PRIVÉE | GM28: 10 | GN28: ► | GO28: =GT$7 -> -12.54 | GT28: AUTRE (SPÉCIFIER) | GW28: 97
P29: ETABLISSEMENT OFFRE PLUS DES MEDICAMENTS PAR VOIE ORALE | R29: 19 | AA29: ` | AF29: MÉDECINE ASIATIQUE | AH29: 12 | AI29: ► | AJ29: =AN7 -> -12.09 | AK29: NB: Il faut toujours préciser si la réponse est "Autre FOSA". | CU29: AMI / VOISIN | CV29: 6 | DX29: Autre, preciser:_______________ | DY29: 97 | EY29: Autre, preciser:_______________ | EZ29: 97 | FV29: JOURS | GI29: Autre, preciser:__________ | GJ29: 97 | GK29: CHEZ VENDEUR AMBULANT/MARCHÉ | GM29: 11 | GN29: ► | GO29: =GT$7 -> -12.54
P30: MANQUE D'EXAMEN DE LABORATOIRE | R30: 20 | V30: ` | AF30: AUTRE (PRÉCISER) | AH30: 13 | AI30: ► | AJ30: =AN7 -> -12.09 | BG30: CDF | BH30: CDF | BI30: CDF | BJ30: CDF | BK30: CDF | BL30: CDF | CU30: AUTRE | CV30: 7 | EJ30: CDF | EK30: CDF | EL30: CDF | EM30: CDF | EN30: CDF | EO30: CDF | EP30: CDF | EQ30: CDF | ER30: CDF | ES30: CDF | FX30: CDF | FY30: CDF | FZ30: CDF | GA30: CDF | GB30: CDF | GC30: CDF | GK30: MÉDECINE ASIATIQUE | GM30: 12 | GN30: ► | GO30: =GT$7 -> -12.54
P31: AUTRE (SPÉCIFIEZ) | R31: 97 | FA31: Minutes | GK31: AUTRE (PRÉCISER) | GM31: 13 | GN31: ► | GO31: =GO30 -> -12.54
L32: ` | P32: PREMIER | Q32: DEUXIÈME | R32: TROISIÈME | AA32: NOM | AB32: CODE | AE32: |__||__| minutes | AK32: NOM | AL32: CODE | DV32: NOM | DW32: CODE | DZ32: |__| |__|minutes | EF32: NOM | EI32: CODE | EJ32: |__|__||__|__|__||__|__|__| | EK32: |__|__||__|__|__||__|__|__| | EL32: |__|__||__|__|__||__|__|__| | EM32: |__|__||__|__|__||__|__|__| | EN32: |__|__||__|__|__||__|__|__| | EO32: |__|__||__|__|__||__|__|__| | EP32: |__|__||__|__|__||__|__|__| | EQ32: |__|__||__|__|__||__|__|__| | ER32: |__|__||__|__|__||__|__|__| | ES32: |__|__||__|__|__||__|__|__| | EU32: PREMIÈRE | EV32: DEUXIÈME | EW32: TROISIÈME | FA32: Heures | FS32: NOMBRE | FX32: |__|__||__|__|__||__|__|__| | FY32: |__|__||__|__|__||__|__|__| | FZ32: |__|__||__|__|__||__|__|__| | GA32: |__|__||__|__|__||__|__|__| | GB32: |__|__||__|__|__||__|__|__| | GC32: |__|__||__|__|__||__|__|__| | GF32: NOM | GG32: CODE | GH32: |__| |__|minutes | GP32: NOM | GS32: CODE | GT32: PREMIER | GU32: DEUXIÈME | GV32: TROISIÈME | HN32: JOURS | IE32: MOIS | IG32: MOIS | II32: MOIS | IQ32: CODE ID | IR32: CODE ID | IS32: CODE ID
A33: =A32+1 -> 1 | D33: |__| | H33: |__| | X33: =X32+1 -> 1 | BG33: |__|__||__|__|__||__| | BH33: |__|__||__|__|__||__| | BI33: |__|__||__|__|__||__| | BJ33: |__|__||__|__|__||__| | BK33: |__|__||__|__|__||__| | BL33: |__|__||__|__|__||__| | CW33: |__|__| | EJ33: |__|__||__|__|__||__|__|__| | EK33: |__|__||__|__|__||__|__|__| | EL33: |__|__||__|__|__||__|__|__| | EM33: |__|__||__|__|__||__|__|__| | EN33: |__|__||__|__|__||__|__|__| | EO33: |__|__||__|__|__||__|__|__| | EP33: |__|__||__|__|__||__|__|__| | EQ33: |__|__||__|__|__||__|__|__| | ER33: |__|__||__|__|__||__|__|__| | ES33: |__|__||__|__|__||__|__| | FX33: |__|__||__|__|__||__|__|__| | FY33: |__|__||__|__|__||__|__|__| | FZ33: |__|__||__|__|__||__|__|__| | GA33: |__|__||__|__|__||__|__|__| | GB33: |__|__||__|__|__||__|__|__| | GC33: |__|__||__|__|__||__|__|__|
A34: =A33+1 -> 2 | D34: |__| | H34: |__| | X34: =X33+1 -> 2 | BG34: |__|__||__|__|__||__| | BH34: |__|__||__|__|__||__| | BI34: |__|__||__|__|__||__| | BJ34: |__|__||__|__|__||__| | BK34: |__|__||__|__|__||__| | BL34: |__|__||__|__|__||__| | CW34: |__|__| | EJ34: |__|__||__|__|__||__|__|__| | EK34: |__|__||__|__|__||__|__|__| | EL34: |__|__||__|__|__||__|__|__| | EM34: |__|__||__|__|__||__|__|__| | EN34: |__|__||__|__|__||__|__|__| | EO34: |__|__||__|__|__||__|__|__| | EP34: |__|__||__|__|__||__|__|__| | EQ34: |__|__||__|__|__||__|__|__| | ER34: |__|__||__|__|__||__|__|__| | ES34: |__|__||__|__|__||__|__| | FX34: |__|__||__|__|__||__|__|__| | FY34: |__|__||__|__|__||__|__|__| | FZ34: |__|__||__|__|__||__|__|__| | GA34: |__|__||__|__|__||__|__|__| | GB34: |__|__||__|__|__||__|__|__| | GC34: |__|__||__|__|__||__|__|__|
A35: =A34+1 -> 3 | D35: |__| | H35: |__| | X35: =X34+1 -> 3 | BG35: |__|__||__|__|__||__| | BH35: |__|__||__|__|__||__| | BI35: |__|__||__|__|__||__| | BJ35: |__|__||__|__|__||__| | BK35: |__|__||__|__|__||__| | BL35: |__|__||__|__|__||__| | CW35: |__|__| | EJ35: |__|__||__|__|__||__|__|__| | EK35: |__|__||__|__|__||__|__|__| | EL35: |__|__||__|__|__||__|__|__| | EM35: |__|__||__|__|__||__|__|__| | EN35: |__|__||__|__|__||__|__|__| | EO35: |__|__||__|__|__||__|__|__| | EP35: |__|__||__|__|__||__|__|__| | EQ35: |__|__||__|__|__||__|__|__| | ER35: |__|__||__|__|__||__|__|__| | ES35: |__|__||__|__|__||__|__| | FX35: |__|__||__|__|__||__|__|__| | FY35: |__|__||__|__|__||__|__|__| | FZ35: |__|__||__|__|__||__|__|__| | GA35: |__|__||__|__|__||__|__|__| | GB35: |__|__||__|__|__||__|__|__| | GC35: |__|__||__|__|__||__|__|__|
A36: =A35+1 -> 4 | D36: |__| | H36: |__| | X36: =X35+1 -> 4 | BG36: |__|__||__|__|__||__| | BH36: |__|__||__|__|__||__| | BI36: |__|__||__|__|__||__| | BJ36: |__|__||__|__|__||__| | BK36: |__|__||__|__|__||__| | BL36: |__|__||__|__|__||__| | CW36: |__|__| | EJ36: |__|__||__|__|__||__|__|__| | EK36: |__|__||__|__|__||__|__|__| | EL36: |__|__||__|__|__||__|__|__| | EM36: |__|__||__|__|__||__|__|__| | EN36: |__|__||__|__|__||__|__|__| | EO36: |__|__||__|__|__||__|__|__| | EP36: |__|__||__|__|__||__|__|__| | EQ36: |__|__||__|__|__||__|__|__| | ER36: |__|__||__|__|__||__|__|__| | ES36: |__|__||__|__|__||__|__|__| | FX36: |__|__||__|__|__||__|__|__| | FY36: |__|__||__|__|__||__|__|__| | FZ36: |__|__||__|__|__||__|__|__| | GA36: |__|__||__|__|__||__|__|__| | GB36: |__|__||__|__|__||__|__|__| | GC36: |__|__||__|__|__||__|__|__|
A37: =A36+1 -> 5 | D37: |__| | H37: |__| | X37: =X36+1 -> 5 | BG37: |__|__||__|__|__||__| | BH37: |__|__||__|__|__||__| | BI37: |__|__||__|__|__||__| | BJ37: |__|__||__|__|__||__| | BK37: |__|__||__|__|__||__| | BL37: |__|__||__|__|__||__| | CW37: |__|__| | EJ37: |__|__||__|__|__||__|__|__| | EK37: |__|__||__|__|__||__|__|__| | EL37: |__|__||__|__|__||__|__|__| | EM37: |__|__||__|__|__||__|__|__| | EN37: |__|__||__|__|__||__|__|__| | EO37: |__|__||__|__|__||__|__|__| | EP37: |__|__||__|__|__||__|__|__| | EQ37: |__|__||__|__|__||__|__|__| | ER37: |__|__||__|__|__||__|__|__| | ES37: |__|__||__|__|__||__|__|__| | FX37: |__|__||__|__|__||__|__|__| | FY37: |__|__||__|__|__||__|__|__| | FZ37: |__|__||__|__|__||__|__|__| | GA37: |__|__||__|__|__||__|__|__| | GB37: |__|__||__|__|__||__|__|__| | GC37: |__|__||__|__|__||__|__|__|
A38: =A37+1 -> 6 | D38: |__| | H38: |__| | X38: =X37+1 -> 6 | BG38: |__|__||__|__|__||__| | BH38: |__|__||__|__|__||__| | BI38: |__|__||__|__|__||__| | BJ38: |__|__||__|__|__||__| | BK38: |__|__||__|__|__||__| | BL38: |__|__||__|__|__||__| | CW38: |__|__| | EJ38: |__|__||__|__|__||__|__|__| | EK38: |__|__||__|__|__||__|__|__| | EL38: |__|__||__|__|__||__|__|__| | EM38: |__|__||__|__|__||__|__|__| | EN38: |__|__||__|__|__||__|__|__| | EO38: |__|__||__|__|__||__|__|__| | EP38: |__|__||__|__|__||__|__|__| | EQ38: |__|__||__|__|__||__|__|__| | ER38: |__|__||__|__|__||__|__|__| | ES38: |__|__||__|__|__||__|__|__| | FX38: |__|__||__|__|__||__|__|__| | FY38: |__|__||__|__|__||__|__|__| | FZ38: |__|__||__|__|__||__|__|__| | GA38: |__|__||__|__|__||__|__|__| | GB38: |__|__||__|__|__||__|__|__| | GC38: |__|__||__|__|__||__|__|__|
A39: =A38+1 -> 7 | D39: |__| | H39: |__| | X39: =X38+1 -> 7 | BG39: |__|__||__|__|__||__| | BH39: |__|__||__|__|__||__| | BI39: |__|__||__|__|__||__| | BJ39: |__|__||__|__|__||__| | BK39: |__|__||__|__|__||__| | BL39: |__|__||__|__|__||__| | CW39: |__|__| | EJ39: |__|__||__|__|__||__|__|__| | EK39: |__|__||__|__|__||__|__|__| | EL39: |__|__||__|__|__||__|__|__| | EM39: |__|__||__|__|__||__|__|__| | EN39: |__|__||__|__|__||__|__|__| | EO39: |__|__||__|__|__||__|__|__| | EP39: |__|__||__|__|__||__|__|__| | EQ39: |__|__||__|__|__||__|__|__| | ER39: |__|__||__|__|__||__|__|__| | ES39: |__|__||__|__|__||__|__|__| | FX39: |__|__||__|__|__||__|__|__| | FY39: |__|__||__|__|__||__|__|__| | FZ39: |__|__||__|__|__||__|__|__| | GA39: |__|__||__|__|__||__|__|__| | GB39: |__|__||__|__|__||__|__|__| | GC39: |__|__||__|__|__||__|__|__|
A40: =A39+1 -> 8 | D40: |__| | H40: |__| | X40: =X39+1 -> 8 | BG40: |__|__||__|__|__||__| | BH40: |__|__||__|__|__||__| | BI40: |__|__||__|__|__||__| | BJ40: |__|__||__|__|__||__| | BK40: |__|__||__|__|__||__| | BL40: |__|__||__|__|__||__| | CW40: |__|__| | EJ40: |__|__||__|__|__||__|__|__| | EK40: |__|__||__|__|__||__|__|__| | EL40: |__|__||__|__|__||__|__|__| | EM40: |__|__||__|__|__||__|__|__| | EN40: |__|__||__|__|__||__|__|__| | EO40: |__|__||__|__|__||__|__|__| | EP40: |__|__||__|__|__||__|__|__| | EQ40: |__|__||__|__|__||__|__|__| | ER40: |__|__||__|__|__||__|__|__| | ES40: |__|__||__|__|__||__|__|__| | FX40: |__|__||__|__|__||__|__|__| | FY40: |__|__||__|__|__||__|__|__| | FZ40: |__|__||__|__|__||__|__|__| | GA40: |__|__||__|__|__||__|__|__| | GB40: |__|__||__|__|__||__|__|__| | GC40: |__|__||__|__|__||__|__|__|
A41: =A40+1 -> 9 | D41: |__| | H41: |__| | X41: =X40+1 -> 9 | BG41: |__|__||__|__|__||__| | BH41: |__|__||__|__|__||__| | BI41: |__|__||__|__|__||__| | BJ41: |__|__||__|__|__||__| | BK41: |__|__||__|__|__||__| | BL41: |__|__||__|__|__||__| | CW41: |__|__| | EJ41: |__|__||__|__|__||__|__|__| | EK41: |__|__||__|__|__||__|__|__| | EL41: |__|__||__|__|__||__|__|__| | EM41: |__|__||__|__|__||__|__|__| | EN41: |__|__||__|__|__||__|__|__| | EO41: |__|__||__|__|__||__|__|__| | EP41: |__|__||__|__|__||__|__|__| | EQ41: |__|__||__|__|__||__|__|__| | ER41: |__|__||__|__|__||__|__|__| | ES41: |__|__||__|__|__||__|__|__| | FX41: |__|__||__|__|__||__|__|__| | FY41: |__|__||__|__|__||__|__|__| | FZ41: |__|__||__|__|__||__|__|__| | GA41: |__|__||__|__|__||__|__|__| | GB41: |__|__||__|__|__||__|__|__| | GC41: |__|__||__|__|__||__|__|__|

Sheet 13Repr
A1: 13 | B1: Santé de la reproduction (femme) | AD1: 13 | AE1: Santé de la reproduction (femme) | AF1: Santé de la reproduction (femme) | AX1: 13 | AY1: Santé de la reproduction (femme) | AZ1: Santé de la reproduction (femme) | BJ1: 13 | BK1: Santé de la reproduction (femme) | BL1: Santé de la reproduction (femme) | BX1: 13 | BY1: Santé de la reproduction (femme) | CO1: 13 | CP1: Santé de la reproduction (femme)
A3: OBJET : FEMMES 15 à 49
A4: RÉPONDANT : ELLE-MÊME
A6: CODE ID | C6: =-A1-0.01 -> -13.01 | G6: =C6-0.01 -> -13.02 | K6: =G6-0.01 -> -13.03 | O6: =K6-0.01 -> -13.04 | Q6: =O6-0.01 -> -13.05 | S6: =Q6-0.01 -> -13.06 | W6: =S6-0.01 -> -13.07 | Y6: =W6-0.01 -> -13.08 | AA6: =Y6-0.01 -> -13.09 | AD6: CODE ID | AF6: (13,10)a | AL6: =AA6-0.01 -> -13.1 | AS6: =AL6-0.01 -> -13.11 | AX6: CODE ID | AZ6: =AS6-0.01 -> -13.12 | BC6: (13,12)bis | BG6: (13,13)bis | BJ6: CODE ID | BL6: -13.13 | BP6: =AZ6-0.02 -> -13.14 | BR6: (13,14)a | BS6: (13,14)b | BU6: =BP6-0.01 -> -13.15 | BX6: CODE ID | BZ6: =BU6-0.01 -> -13.16 | CB6: =BZ6-0.01 -> -13.17 | CD6: (13.17)a | CE6: (13.17)b | CG6: =CB6-0.01 -> -13.18 | CI6: =CG6-0.01 -> -13.19 | CK6: =CI6-0.01 -> -13.2 | CM6: =CK6-0.01 -> -13.21 | CO6: CODE ID | CQ6: =CM6-0.01 -> -13.22
C7: ENQUÊTEUR : VÉRIFIER LA QUESTION | G7: Lorsque vous êtes tombée enceinte, l'aviez-vous souhaitée en ce moment là, plus tard ou pas du tout ? | K7: Si vous pouviez choisir vous-même, combien de temps attendriez-vous avant la naissance de votre prochain enfant ? | O7: Durant les semaines à venir, si vous découvriez que vous êtes enceinte, serait-ce un grand problème, un petit problème ou pas du tout un problème pour vous ? | Q7: Êtes-vous pour ou contre les couples qui emploient des méthodes contraceptives pour éviter les grossesses ? | S7: Actuellement, avez-vous un partenaire sexuel régulier ? | W7: Pensez-vous que votre partenaire (régulier) soit pour ou contre les couples qui emploient des méthodes contraceptives pour éviter les grossesses ? | Y7: Au cours des six derniers mois, combien de fois avez-vous parlé à votre partenaire régulier au sujet du planning familial/de l'utilisation de contraceptifs ? | AA7: A votre avis, pensez-vous que votre partenaire régulier veut plus d'enfants, moins d'enfants ou le même nombre d'enfants que vous? | AF7: Avez-vous déjà entendu parler de la méthode de planning familial suivante: | AL7: Avez-vous entendu parler de méthodes de planning familial avec l'un des canaux suivants ? | AS7: À l'heure actuelle, faites-vous quelque chose ou utilisez-vous une méthode pour retarder la grossesse ou éviter de tomber enceinte ? | AZ7: À l'heure actuelle, pourquoi n'utilisez-vous pas une méthode pour retarder la grossesse ou éviter de tomber enceinte ? INSCRIRE UN MAXIMUM DE 3 RAISONS | BC7: Par le passé, avez-vous fait quelque chose ou utilisez-vous une méthode pour retarder la grossesse ou éviter de tomber enceinte ? | BG7: Quelle est la dernière méthode que vous utilisiez? | BL7: Quelle est la méthode que vous utilisez actuellement ? | BP7: Dans quel village/quartier avez-vous appris la méthode actuelle pour la première fois ? | BR7: Combien de temps vous faut-il pour vous rendre dans ce village ou ce quartier? | BS7: Quel mode de transport utilisez-vous pour vous rendre à ce village ou ce quartier? | BU7: Chez qui avez-vous appris la méthode actuelle lorsque vous avez commencé à vous en servir (la première fois) ? | BZ7: S'IL S'AGIT D'UN PERSONNEL DE SANTÉ, APPROFONDIR POUR AVOIR LE NOM DE L'HÔPITAL, DU CENTRE DE SANTÉ,DU POSTE DE SANTÉ OU CLINIQUE OÙ L'APPROVISIONNEMENT S'EST FAIT ET INSCRIRE SON CODE | CB7: Dans quel village/quartier avez-vous obtenu la méthode actuelle pour la dernière fois ? | CD7: Combien de temps vous faut-il pour vous rendre dans ce village ou ce quartier? | CE7: Quel mode de transport utilisez-vous pour vous rendre à ce village ou ce quartier? | CG7: Chez qui avez-vous appris la méthode actuelle lors de votre dernier réapprovisionnement ? | CI7: S'IL S'AGIT D'UN PERSONNEL QUALIFIÉ, APPROFONDIR POUR AVOIR LE NOM DE L'HÔPITAL, DU CENTRE DE SANTÉ,DU POSTE DE SANTÉ OU CLINIQUE OÛ L'APPROVISIONNEMENT S'EST FAIT ET INSCRIRE SON CODE | CK7: Depuis combien de temps utilisez-vous la méthode actuelle ? | CM7: Combien avez-vous payé votre dernier réapprovisionnement ? | CQ7: Maintenant je vais vous lire une série d'affirmations concernant les méthodes de contraception moderne/hormonale et j'aimerais que vous me disiez si vous êtes tout à fait d'accord, plutot d'accord, plutot pas d'accord, ou pas du tout d'accord avec chacun de ces énoncés.
C9: ='10Preg'!I6 -> -10.02 | BG9: INDIQUER LA PRINCIPALE S'IL Y A PLUS D'UNE MÉTHODE QUELQUE SOIT LA RÉPONSE PASSER À (13,22) | BL9: S'IL Y A PLUS D'UNE MÉTHODE, INDIQUEZ LA PRINCIPALE
C10: LA FEMME EST-ELLE ACTUELLEMENT ENCEINTE ? | AF10: (a) Pilule: Les femmes peuvent prendre une pilule chaque jour pour éviter de tomber enceintes. | AG10: (b) Injectables : Les femmes peuvent avoir une injection faite par du personnel de santé pour les empêcher de tomber enceintes pendant un mois ou plus. | AH10: (c) Implants: Les femmes peuvent se faire insérer par un médecin ou une infirmière un batonnet ou plus sous la peau du haut du bras pour les empêcher de tomber enceintes, pendant une année ou plus. | AI10: (d) Condom masculin: Les hommes peuvent mettre une capote en caoutchouc sur leur pénis avant les rapports sexuels. | AJ10: (e) Condom féminin: Les femmes peuvent placer un fourreau dans leur vagin avant les rapports sexuels. | AK10: (f) Autre (spécifier) | AZ10: Aimerait tomber enceinte | BB10: 01 | CG10: DOCTEUR EN MÉDECINE | CH10: 1 | CQ10: A. | CS10: B. | CU10: C. | CW10: D. | CY10: E. | DA10: F. | DC10: G.
AZ11: Est contre la contraception | BB11: 02 | BG11: STÉRILISATION FÉMININE | BH11: 1 | BL11: STÉRILISATION FÉMININE | BM11: 1 | BU11: DOCTEUR EN MÉDECINE | BV11: 1 | CG11: INFIRMIÈRE | CH11: 2 | CQ11: La contraception hormonale comme la pilule, les implants ou les injectables réduisent les risques d'infection des ovaires et de l'utérus. | CS11: La contraception hormonale comme la pilule, les implants ou les injectables peuvent aider à réguler les cycles hormonaux. | CU11: La contraception hormonale comme la pilule, les implants ou les injectables peuvent entrainer une prise de poids. | CW11: La contraception hormonale comme la pilule, les implants ou les injectables sont efficaces pour éviter de tomber enceinte. | CY11: La contraception hormonale comme la pilule, les implants ou les injectables peuvent endommager l'utérus. | DA11: La contraception hormonale comme la pilule, les implants ou les injectables réduisent l'appétit sexuel des femmes. | DC11: La contraception hormonale comme la pilule, les implants ou les injectables peuvent entrainer des malformations des futurs foetus.
AZ12: Partenaire est contre la contraception | BB12: 03 | BG12: STÉRILISATION MASCULINE | BH12: 2 | BL12: STÉRILISATION MASCULINE | BM12: 2 | BU12: INFIRMIÈRE | BV12: 2 | CG12: INFIRMIÈRE / ACCOUCHEUSE AUXILIAIRE | CH12: 3
AZ13: Famille est contre la contraception | BB13: 04 | BG13: DIU/SPIRALE | BH13: 3 | BL13: DIU/SPIRALE | BM13: 3 | BU13: INFIRMIÈRE / ACCOUCHEUSE AUXILIAIRE | BV13: 3 | CG13: RELAIS COMMAUTAIRE | CH13: 4
AZ14: Pas disponible | BB14: 05 | BG14: INJECTABLES/DEPOPROVERA | BH14: 4 | BL14: INJECTABLES/DEPOPROVERA | BM14: 4 | BP14: ENQUÊTEUR : INSCRIRE CODE HORS ZONE SI CE VILLAGE N'APPARTIENT PAS À LA ZONE DE SANTÉ | BU14: RELAIS COMMAUTAIRE | BV14: 4 | CG14: TECHNICIEN DE LABORATOIRE | CH14: 5
AZ15: Trop cher | BB15: 06 | BG15: IMPLANTS/NORPLANT | BH15: 5 | BL15: IMPLANTS/NORPLANT | BM15: 5 | BU15: TECHNICIEN DE LABORATOIRE | BV15: 5 | CG15: PHARMACIEN | CH15: 6 | CK15: INSCRIRE LES ANNÉES S'IL Y A PLUS DE 12 MOIS OU LES MOIS S'IL Y A MOINS DE 12 MOIS.
AZ16: A peur des effets secondaires | BB16: 07 | BG16: PILULE | BH16: 6 | BL16: PILULE | BM16: 6 | BR16: ENQUÊTEUR: ÉCRIRE LE TEMPS TOTAL EN MINUTES | BU16: PHARMACIEN | BV16: 6 | CB16: ENQUÊTEUR : INSCRIRE CODE HORS ZONE SI CE VILLAGE N'APPARTIENT PAS À LA ZONE DE SANTÉ | CD16: ENQUÊTEUR: ÉCRIRE LE TEMPS TOTAL EN MINUTES | CG16: ACCOUCHEUSE / SAGE FEMME | CH16: 7
AZ17: Ne connait aucune méthode | BB17: 08 | BG17: PRÉSERVATIF MASCULIN | BH17: 7 | BL17: PRÉSERVATIF MASCULIN | BM17: 7 | BU17: ACCOUCHEUSE / SAGE FEMME | BV17: 7 | CG17: GUÉRISSEUR TRADITIONNEL | CH17: 8
AZ18: Pas de partenaire régulier | BB18: 09 | BG18: PRÉSERVATIF FÉMININ | BH18: 8 | BL18: PRÉSERVATIF FÉMININ | BM18: 8 | BU18: GUÉRISSEUR TRADITIONNEL | BV18: 8 | CG18: GUÉRISSEUR SPIRITUEL | CH18: 9
AP19: OUI | AR19: 1 | AZ19: Mari absent | BB19: 10 | BG19: DIAPHRAGME | BH19: 9 | BL19: DIAPHRAGME | BM19: 9 | BU19: GUÉRISSEUR SPIRITUEL | BV19: 9 | BZ19: ENQUÊTEUR: INSCRIRE 99 SI L'ÉTABLISSEMENT EST HORS ZONE DE SANTÉ | CG19: VENDEUR DE MÉDICAMENTS | CH19: 10 | CI19: ENQUÊTEUR: INSCRIRE 99 SI L'ÉTABLISSEMENT EST HORS ZONE DE SANTÉ
C20: OUI | D20: 1 | G20: OUI À CE MOMENT | J20: 1 | K20: NE PEUT PAS DÉCIDER | L20: 1 | O20: GROS PROBLÈME | P20: 1 | Q20: POUR | R20: 1 | S20: OUI | T20: 1 | W20: POUR | X20: 1 | Y20: JAMAIS | Z20: 1 | AA20: PAREIL | AB20: 1 | AF20: OUI 1 | AG20: OUI 1 | AH20: OUI 1 | AI20: OUI 1 | AJ20: OUI 1 | AP20: NON | AR20: 2 | AS20: OUI | AT20: 1 | AU20: ► | AV20: -13.13 | AZ20: Pas encore eu de relation sexuelle | BB20: 11 | BG20: MOUSSE/GEL | BH20: 10 | BL20: MOUSSE/GEL | BM20: 10 | BU20: VENDEUR DE MÉDICAMENTS | BV20: 10 | CG20: MEMBRE DE LA FAMILLE | CH20: 11
C21: NON | D21: 2 | E21: ► | F21: =K6 -> -13.03 | G21: PLUS TARD | J21: 2 | K21: MOINS DE 2 ANS | L21: 2 | O21: PETIT PROBLÈME | P21: 2 | Q21: CONTRE | R21: 2 | S21: NON | T21: 2 | U21: ► | V21: =AF6 -> (13,10)a | W21: CONTRE | X21: 2 | Y21: UNE OU DEUX FOIS | Z21: 2 | AA21: PLUS | AB21: 2 | AF21: NON 2 | AG21: NON 2 | AH21: NON 2 | AI21: NON 2 | AJ21: NON 2 | AL21: A | AM21: B | AN21: C | AO21: D | AP21: E | AQ21: F | AR21: G | AS21: NON | AT21: 2 | AZ21: Interdit dans ma religion | BB21: 12 | BC21: OUI | BD21: 1 | BG21: MÉTHODE D'AMÉNORRHÉE DE LA LACTATION | BH21: 11 | BL21: MÉTHODE D'AMÉNORRHÉE DE LA LACTATION | BM21: 11 | BN21: ► | BO21: =CQ6 -> -13.22 | BS21: À pied | BT21: 1 | BU21: MEMBRE DE LA FAMILLE | BV21: 11 | CE21: À pied | CF21: 1 | CG21: AMI/VOISIN | CH21: 12
G22: PAS DU TOUT | J22: 3 | K22: PLUS DE 2 ANS | L22: 3 | O22: PAS DE PROBLÈME | P22: 3 | Q22: NE SAIT PAS | R22: 8 | W22: NE SAIT PAS | X22: 8 | AA22: MOINS | AB22: 3 | AL22: Professionnel de santé | AM22: Relais Communautaire | AN22: Amis / Famille | AO22: Radio, télé | AP22: Campagne de sensibilisation | AQ22: Église ou communauté religieuse | AR22: Autre (spécifier) | AZ22: Ne sait pas quelle méthode utilisée | BB22: 13 | BC22: NON | BD22: 2 | BE22: ► | BF22: -13.22 | BG22: RYTHME/MÉTHODE NATURELLE | BH22: 12 | BS22: En voiture ou en camionette | BT22: 2 | BU22: AMI/VOISIN | BV22: 12 | CE22: En voiture ou en camionette | CF22: 2 | CG22: PAS D'ASSISTANCE | CH22: 13
K23: N'EN VEUT PAS D'AUTRES | L23: 4 | O23: NE PEUT PAS TOMBER ENCEINTE | P23: 4 | Y23: PLUS DE DEUX FOIS | Z23: 3 | AA23: NE SAIT PAS | AB23: 8 | AZ23: Ne sait pas ou se procurer la méthode souhaitée | BB23: 14 | BG23: RETRAIT | BH23: 13 | BL23: RYTHME/MÉTHODE NATURELLE | BM23: 12 | BN23: ► | BO23: =BO21 -> -13.22 | BS23: À moto | BT23: 3 | BU23: PAS D'ASSISTANCE | BV23: 13 | CE23: À moto | CF23: 3 | CG23: AUTRE (PRÉCISER) | CH23: 97 | CQ23: Tout à fait d'accord | CR23: 1 | CS23: Tout à fait d'accord | CT23: 1 | CU23: Tout à fait d'accord | CV23: 1 | CW23: Tout à fait d'accord | CX23: 1 | CY23: Tout à fait d'accord | CZ23: 1 | DA23: Tout à fait d'accord | DB23: 1 | DC23: Tout à fait d'accord | DD23: 1
K24: N'A PAS ENCORE DÉCIDÉ | L24: 5 | AZ24: Ménopausée/Hystérectomie | BB24: 15 | BG24: MÉTHODES DITES TRADITIONNELLES | BH24: 14 | BL24: RETRAIT | BM24: 13 | BN24: ► | BO24: =BO23 -> -13.22 | BS24: À vélo | BT24: 4 | BU24: AUTRE (SPÉCIFIER) | BV24: 97 | CE24: À vélo | CF24: 4 | CQ24: Plutot d'accord | CR24: 2 | CS24: Plutot d'accord | CT24: 2 | CU24: Plutot d'accord | CV24: 2 | CW24: Plutot d'accord | CX24: 2 | CY24: Plutot d'accord | CZ24: 2 | DA24: Plutot d'accord | DB24: 2 | DC24: Plutot d'accord | DD24: 2
K25: INFERTILE | L25: 6 | M25: ► | N25: SECTION SUIVANTE | AZ25: Ne peut pas avoir d'enfant | BB25: 16 | BL25: MÉTHODES DITES TRADITIONNELLES OU POPULAIRES | BM25: 14 | BN25: ► | BO25: =BO24 -> -13.22 | BS25: En pirogue | BT25: 5 | BZ25: NB: Il faut toujours préciser si la réponse est "Autre FOSA". | CE25: En pirogue | CF25: 5 | CI25: NB: Il faut toujours préciser si la réponse est "Autre FOSA". | CQ25: Plutot pas d'accord | CR25: 3 | CS25: Plutot pas d'accord | CT25: 3 | CU25: Plutot pas d'accord | CV25: 3 | CW25: Plutot pas d'accord | CX25: 3 | CY25: Plutot pas d'accord | CZ25: 3 | DA25: Plutot pas d'accord | DB25: 3 | DC25: Plutot pas d'accord | DD25: 3
BS26: En hors bord | BT26: 6 | CE26: En hors bord | CF26: 6 | CG26: SI RÉPONSE 04, 08, 09, 10, 11, 12, 13 ou 97 | CQ26: Pas du tout d'accord | CR26: 4 | CS26: Pas du tout d'accord | CT26: 4 | CU26: Pas du tout d'accord | CV26: 4 | CW26: Pas du tout d'accord | CX26: 4 | CY26: Pas du tout d'accord | CZ26: 4 | DA26: Pas du tout d'accord | DB26: 4 | DC26: Pas du tout d'accord | DD26: 4
AZ27: Pas de source d'accès proche | BB27: 17 | BS27: Une combinaison de moyens de transport ou autre (préciser) | BT27: 97 | CE27: Une combinaison de moyens de transport ou autre (préciser) | CF27: 97 | CG27: ► (13,20)
AZ28: A eu de mauvaises expériences avec ces méthodes par le passé | BB28: 18 | BG28: ► | BH28: -13.22 | BP28: NOM | BQ28: CODE | BR28: |__|__|__| minutes | BZ28: NOM | CA28: CODE | CB28: NOM | CC28: CODE | CD28: |__||__| minutes | CI28: NOM | CJ28: CODE | CK28: ANNÉES | CL28: MOIS | CM28: CDF
A29: 1 | AD29: 1 | AX29: 1 | AZ29: Ne croit pas en l'efficacité des méthodes | BB29: 19 | BJ29: 1 | BX29: 1 | CO29: 1
A30: =A29+1 -> 2 | AD30: =AD29+1 -> 2 | AX30: =AX29+1 -> 2 | BJ30: =BJ29+1 -> 2 | BX30: =BX29+1 -> 2 | CO30: =CO29+1 -> 2
A31: =A30+1 -> 3 | AD31: =AD30+1 -> 3 | AX31: =AX30+1 -> 3 | AZ31: Autre (spécifier) NB: Il faut toujours préciser si la réponse est "Autre". | BB31: 97 | BJ31: =BJ30+1 -> 3 | BX31: =BX30+1 -> 3 | CO31: =CO30+1 -> 3
A32: =A31+1 -> 4 | AD32: =AD31+1 -> 4 | AX32: =AX31+1 -> 4 | AZ32: A. | BA32: B. | BB32: C. | BJ32: =BJ31+1 -> 4 | BX32: =BX31+1 -> 4 | CO32: =CO31+1 -> 4
A33: =A32+1 -> 5 | AD33: =AD32+1 -> 5 | AX33: =AX32+1 -> 5 | AZ33: PREMIÈRE | BA33: DEUXIÈME | BB33: TROISIÈME | BJ33: =BJ32+1 -> 5 | BX33: =BX32+1 -> 5 | CO33: =CO32+1 -> 5
A34: =A33+1 -> 6 | AD34: =AD33+1 -> 6 | AX34: =AX33+1 -> 6 | BJ34: =BJ33+1 -> 6 | BX34: =BX33+1 -> 6 | CO34: =CO33+1 -> 6
A35: =A34+1 -> 7 | AD35: =AD34+1 -> 7 | AX35: =AX34+1 -> 7 | BJ35: =BJ34+1 -> 7 | BX35: =BX34+1 -> 7 | CO35: =CO34+1 -> 7
A36: =A35+1 -> 8 | AD36: =AD35+1 -> 8 | AX36: =AX35+1 -> 8 | BJ36: =BJ35+1 -> 8 | BX36: =BX35+1 -> 8 | CO36: =CO35+1 -> 8
A37: =A36+1 -> 9 | AD37: =AD36+1 -> 9 | AX37: =AX36+1 -> 9 | BJ37: =BJ36+1 -> 9 | BX37: =BX36+1 -> 9 | CO37: =CO36+1 -> 9
A38: =A37+1 -> 10 | AD38: =AD37+1 -> 10 | AX38: =AX37+1 -> 10 | BJ38: =BJ37+1 -> 10 | BX38: =BX37+1 -> 10 | CO38: =CO37+1 -> 10
A39: =A38+1 -> 11 | AD39: =AD38+1 -> 11 | AX39: =AX38+1 -> 11 | BJ39: =BJ38+1 -> 11 | BX39: =BX38+1 -> 11 | CO39: =CO38+1 -> 11
A40: =A39+1 -> 12 | AD40: =AD39+1 -> 12 | AX40: =AX39+1 -> 12 | BJ40: =BJ39+1 -> 12 | BX40: =BX39+1 -> 12 | CO40: =CO39+1 -> 12
A41: =A40+1 -> 13 | AD41: =AD40+1 -> 13 | AX41: =AX40+1 -> 13 | BJ41: =BJ40+1 -> 13 | BX41: =BX40+1 -> 13 | CO41: =CO40+1 -> 13
A42: =A41+1 -> 14 | AD42: =AD41+1 -> 14 | AX42: =AX41+1 -> 14 | BJ42: =BJ41+1 -> 14 | BX42: =BX41+1 -> 14 | CO42: =CO41+1 -> 14
A43: =A42+1 -> 15 | AD43: =AD42+1 -> 15 | AX43: =AX42+1 -> 15 | BJ43: =BJ42+1 -> 15 | BX43: =BX42+1 -> 15 | CO43: =CO42+1 -> 15
A44: =A43+1 -> 16 | AD44: =AD43+1 -> 16 | AX44: =AX43+1 -> 16 | BJ44: =BJ43+1 -> 16 | BX44: =BX43+1 -> 16 | CO44: =CO43+1 -> 16
A45: =A44+1 -> 17 | AD45: =AD44+1 -> 17 | AX45: =AX44+1 -> 17 | BJ45: =BJ44+1 -> 17 | BX45: =BX44+1 -> 17 | CO45: =CO44+1 -> 17
... A48: =A47+1 -> 20 | AD48: =AD47+1 -> 20 | AX48: =AX47+1 -> 20 | BJ48: =BJ47+1 -> 20 | BX48: =BX47+1 -> 20 | CO48: =CO47+1 -> 20

Sheet 14Vacc
A1: 14 | B1: Vaccination | BD1: 14 | BE1: Vaccination | CE1: 14 | CF1: Vaccination
A2: OBJET : ENFANTS DE MOINS DE 5 ANS DES FEMMES ÉLIGIBLES DE 15-49 ANS
A3: RÉPONDANT : MÈRE OU GARDIENNE PRINCIPALE DE CHAQUE ENFANT DE MOINS DE 5 ANS
D5: =-A1-0.01 -> -14.01 | H5: CONFIRMER LE NOMBRE D'ENFANTS ÂGÉS 0-5 DONT LES GARDIENNES PRINCIPALES SONT LES FEMMES ÉLIGIBLES DE 15-49 ANS
A6: NUMÉRO D'ORDRE | C6: =D5-0.01 -> -14.02 | D6: =C6-0.01 -> -14.03 | I6: =D6-0.01 -> -14.04 | BD6: NUMERO D'ORDRE | BF6: =I6-0.01 -> -14.05 | BJ6: =BF6-0.01 -> -14.06 | BL6: =BJ6-0.01 -> -14.07 | BP6: =BL6-0.01 -> -14.08 | BR6: =BP6-0.01 -> -14.09 | BV6: =BR6-0.01 -> -14.1 | BX6: =BV6-0.01 -> -14.11 | BY6: =BX6-0.01 -> -14.12 | CC6: =BY6-0.01 -> -14.13 | CE6: CODE ID | CG6: =CC6-0.01 -> -14.14 | CK6: =CG6-0.01 -> -14.15 | CM6: =CK6-0.01 -> -14.16 | CO6: =CM6-0.01 -> -14.17 | CP6: =CO6-0.01 -> -14.18 | CR6: =CP6-0.01 -> -14.19 | CV6: =CR6-0.01 -> -14.2 | CX6: =CV6-0.01 -> -14.21 | CZ6: =CX6-0.01 -> -14.22 | DA6: =CZ6-0.01 -> -14.23 | DC6: =DA6-0.01 -> -14.24 | DE6: =DC6-0.01 -> -14.25 | DI6: =DE6-0.01 -> -14.26 | DL6: =DI6-0.01 -> -14.27 | DO6: =DL6-0.01 -> -14.28 | DR6: =DO6-0.01 -> -14.29 | DV6: =DR6-0.01 -> -14.3 | DZ6: (14.30a) | EC6: =EN6-0.01 -> -14.34 | EF6: =DV6-0.01 -> -14.31 | EJ6: =EF6-0.01 -> -14.32 | EN6: =EJ6-0.01 -> -14.33 | EU6: =EC6-0.01 -> -14.35 | EZ6: (14.35a) | FC6: =EU6-0.01 -> -14.36 | FL6: =FC6-0.01 -> -14.37 | GJ6: =FL6-0.01 -> -14.38 | GN6: =GJ6-0.01 -> -14.39 | GS6: =GN6-0.01 -> -14.4 | GW6: =GS6-0.01 -> -14.41
C7: INSCRIRE LE CODE DE LA GARDIENNE PRINCIPALE | D7: Avez-vous une carte de vaccination ou la fiche de pese pour les enfants de moins de 5 ans sur laquelle les vaccinations de [NOM] sont inscrites ? | K7: COPIER LA DATE DE VACCINATION POUR CHAQUE VACCIN FIGURANT SUR CETTE CARTE | BF7: [NOM] a-t-il été vacciné ou a reçu de la vitamine A ou des vaccins faits lors d'une journée nationale de vaccination ou dans le cadre d'une semaine de la santé des enfants qui ne sont pas mentionnés sur cette carte? | BJ7: Avez-vous déjà eu un carnet pour les moins de 5 ans sur lequel les vaccinations de [NOM] sont inscrites ? | BL7: [NOM] a-t-il/elle déjà été vacciné(e) pour éviter certaines maladies, y compris les vaccins faits lors d'une journée nationale de vaccination ou dans le cadre d'une semaine africaine de vaccination? | BP7: [NOM] a-t-il/elle reçu le vaccin BCG contre la tuberculose, sous la forme d'une injection dans l'avant-bras qui laisse en général une cicatrice ? | BR7: [NOM] a-t-il/elle été vacciné(e) contre la polio, sous la forme de gouttes versées dans la bouche ? | BV7: Quand [NOM] a-t-il/elle été vacciné(e) contre la polio pour la première fois ? | BX7: Combien de fois le vaccin contre la polio a-t-il été fait ? | BY7: [NOM] a-t-il/elle été vacciné(e) contre la PENTAVALENT, sous la forme d'une injection se faisant dans la cuisse, en général en même temps que le vaccin contre la polio ? | CC7: Combien de fois le vaccin PENTAVALENT a-t-il été administré ? | CG7: [NOM] a-t-il/elle reçu une injection contre la rougeole ( VAR), c'est-à-dire une injection dans le bras à l'âge de 9 mois ou plus tard, pour éviter qu'[IL / ELLE] n'attrape la rougeole ? | CK7: [NOM] a-t-il/elle reçu ce vaccin contre la rougeole avant ou après son premier anniversaire ? | CM7: [NOM] a-t-il/elle déjà reçu le vaccin Pneumo contre la pneumonie ? | CO7: Combien de fois le vaccin Pneumo a-t-il été administré ? | CP7: [NOM] a-t-il/elle déjà reçu le vaccin contre la fièvre jaune ? | CR7: [NOM] a-t-il/elle reçu une supplémentation en vitamine A lors d'une journée nationale de vaccination ? | CV7: Comment ce supplément a-t-il été fourni ? | CX7: Quand cette supplémentation en vitamine A a-t-elle été fournie pour la dernière fois ? | CZ7: Au cours des 12 derniers mois, combien de supplémentation en vitamine A cet enfant a-t-il reçues ? | DA7: [NOM] a-t-il/elle dormi sous une moustiquaire la nuit dernière? | DC7: [NOM] est-il/elle présentement couvert (e) par une assurance maladie? | DE7: [NOM] a-il/elle été pesé à la naissance ? | DI7: Quel était le poids de [NOM] à la naissance ? INSCRIRE LE POIDS EN KILOGRAMMES SI LE POIDS N'EST PAS CONNU, INSCRIRE 9,99 | DL7: CONFIRMER : LE POIDS EST-IL BASÉ SUR LA MÉMOIRE OU UNE CARTE DE SANTÉ / FICHE? | DO7: À la naissance, [NOM] était-il très gros, plus gros que la moyenne, moyen, plus petit que la moyenne ou très petit? | DR7: Avez-vous allaité [NOM] ? | DV7: Après la naissance de [NOM], au bout de combien de temps avez-vous commencé à l'allaiter ? INSCRIRE RÉPONSE EN HEURES SI LA DURÉE EST INFÉRIEURE À UNE HEURE, INSCRIRE 00 | DY7: Est-ce que [NOM] est toujours allaité? | EC7: Pendant combien de mois l'avez-vous allaité ? INSCRIRE RÉPONSE EN MOIS SI LA DURÉE EST INFÉRIEURE À UN MOIS, INSCRIRE 00 | EF7: [NOM] a-t-il/elle plus ou moins 6 mois? | EJ7: Durant les 6 premiers mois suivant l'accouchement, a-t-on donné au nouveau-né autre chose que du lait maternel ? | EN7: Qu'a-t-on donné à boire au bébé en dehors du lait maternel ? | EU7: [NOM] a-t-il/elle plus ou moins de 2 ans? | EY7: CONTROLE TABLETTE: EST-CE QUE LE MENAGE EST SITUE AU PROVINCE KWILU | FC7: Au cours des dernières 24 heures, avez-vous donné à [NOM] l'un des produits suivants ? | FL7: Au cours des dernières 24 heures, avez-vous donné à [NOM] l'un des produits suivants ? | GJ7: CONTROLE TABLETTE: IL Y A-T-IL AU MOINS UNE DES CATÉGORIES DE J À Y POUR LAQUELLE LA FEMME A DIT OUI? | GN7: Au cours des dernières 24 heures, avez-vous donné à [NOM] l'un des aliments solides, semi-solides ou mous ? | GS7: Au cours des dernières 24 heures, quel type d'aliment solide, semi-solide ou mou [NOM] a-t-il mangé? ENQUÊTEUR: SE REPORTER À LA LISTE IN (14,37) SI BESOIN. | GW7: Au cours des dernières 24 heures, combien de fois [NOM] a-t-il mangé les aliments solides, semi-solides ou mous cités?
K9: INSCRIRE LE JOUR AVEC DEUX CHIFFRES (PLAGE ALLANT DE 01 À 31)
K10: INSCRIRE LE MOIS AVEC DEUX CHIFFRES (PLAGE ALLANT DE 01 À 12)
K11: INSCRIRE L'ANNÉE AVEC DEUX CHIFFRES (PLAGE ALLANT DE 16 À 20) | EN11: INSCRIRE UN MAXIMUM DE 3 RÉPONSES
CV12: CAPSULE BLEUE/ROUGE AVALÉE EN UNE SEULE FOIS | CW12: 1 | FC12: Oui | FI12: 1 | FV12: Oui | FX12: 1
FV13: Non | FX13: 2
FC14: Non | FI14: 2 | FV14: Ne sait pas | FX14: 98
FC15: Ne sait pas | FI15: 98
D16: SI OUI, INSCRIRE SI VOUS AVEZ VU OU NON CETTE CARNET DE VACCINATION | CV16: CAPSULE DÉCOUPÉE AUX CISEAUX | CW16: 2
CX17: IL Y A MOINS DE 6 MOIS | CY17: 1
CV19: CAPSULE DÉCOUPÉE AVEC UNE LAME | CW19: 3
CX20: IL Y A ENTRE 6 ET 12 MOIS | CY20: 2 | FG20: ► | FH20: =-15.01 -> -15.01
D22: OUI, VU | F22: 1 | J22: A. | M22: B. | P22: C. | S22: D. | V22: E. | Y22: F. | AB22: G. | AE22: H. | AH22: I. | AK22: J. | AN22: K. | AQ22: L. | AT22: M. | AW22: N | AZ22: O | BF22: OUI | BG22: 1 | BH22: ► | BI22: =BP6 -> -14.08 | BJ22: OUI | BK22: 1 | BL22: OUI | BM22: 1 | BP22: OUI | BQ22: 1 | BR22: OUI | BS22: 1 | BV22: JUSTE APRÈS LA NAISSANCE | BW22: 1 | BY22: OUI | BZ22: 1 | CG22: OUI | CH22: 1 | CK22: AVANT | CL22: 1 | CM22: OUI | CN22: 1 | CP22: OUI | CQ22: 1 | CR22: OUI | CS22: 1 | CV22: CAPSULE PERCÉE À L'AIDE D'UNE AIGUILLE | CW22: 4 | DA22: OUI | DB22: 1 | DC22: OUI | DD22: 1 | DE22: OUI | DF22: 1 | DL22: MÉMOIRE | DN22: 1 | DO22: TRÈS GROS ( plus de 4Kg) | DQ22: 1 | DR22: OUI | DS22: 1 | DY22: OUI | DZ22: 1 | EA22: ► | EB22: =EF6 -> -14.31 | EF22: Moins de 6 mois | EG22: 1 | EH22: ► | EI22: =FC6 -> -14.36 | EJ22: Oui | EK22: 1 | EN22: LAIT (EN DEHORS DU LAIT MATERNEL) | EQ22: 1 | ER22: LAIT MATERNISÉ | ET22: 6 | EU22: Deux ans ou moins | EV22: 1 | EY22: Oui | EZ22: 1 | FA22: ► | FB22: =FL6 -> -14.37 | FC22: A. | FD22: B. | FE22: C. | FF22: D | FG22: E | FH22: F | FI22: G | FJ22: H | FK22: I | FL22: A. | FM22: B. | FN22: C. | FO22: D. | FP22: E. | FQ22: F. | FR22: I. | FS22: J. | FT22: K. | FU22: M. | FV22: N. | FW22: O. | FX22: P. | FY22: Q. | FZ22: R. | GA22: S. | GB22: T. | GC22: U. | GD22: V. | GE22: W. | GF22: X. | GG22: Y. | GH22: G. | GI22: H. | GJ22: Oui | GK22: 1 | GL22: ► | GM22: =GW6 -> -14.41 | GN22: Oui | GO22: 1
I23: BCG | L23: VPO 0 | O23: VPO1 | R23: Pentavalent1 (DTC1,HepB1,HiB1) | U23: Pneumo-13. 1 | X23: VPO2 | AA23: Pentavalent 2 (DTC2,HepB2,HiB2) | AD23: Pneumo-13.2 | AG23: VPO3 | AJ23: Pentavalent 3 (DTC3,HepB3,HiB3) | AM23: Pneumo-13. 3 | AP23: Rougeole (VAR) | AS23: Fièvre Jaune(VAA) | AV23: Vitamine A - première dose | AY23: Vitamine A - deuxième dose | BF23: NON | BG23: 2 | BH23: ► | BI23: =DA6 -> -14.23 | BJ23: NON | BK23: 2 | BL23: NON | BM23: 2 | BN23: ► | BO23: =CR6 -> -14.19 | BP23: NON | BQ23: 2 | BR23: NON | BS23: 2 | BT23: ► | BU23: =BY6 -> -14.12 | BY23: NON | BZ23: 2 | CA23: ► | CB23: =CG6 -> -14.14 | CG23: NON | CH23: 2 | CI23: ► | CJ23: =CM6 -> -14.16 | CK23: APRÈS | CL23: 2 | CM23: NON | CN23: 2 | CP23: NON | CQ23: 2 | CR23: NON | CS23: 2 | CT23: ► | CU23: =DA6 -> -14.23 | DA23: NON | DB23: 2 | DC23: NON | DD23: 2 | DE23: NON | DF23: 2 | DG23: ► | DH23: =DO6 -> -14.28 | DL23: CARNET DE SANTÉ OU FICHE | DN23: 2 | DO23: PLUS GROS QUE LA MOYENNE ( 2,6Kg à 3,9Kg) | DQ23: 2 | DR23: NON | DS23: 2 | DT23: ► | DU23: =EN6 -> -14.33 | DY23: NON | DZ23: 2 | EF23: 6 mois ou plus | EG23: 2 | EJ23: Non | EK23: 2 | EL23: ► | EM23: =EC6 -> -14.34 | ER23: THÉ/INFUSIONS | ET23: 7 | EU23: Plus de deux ans | EV23: 2 | EW23: ► | EX23: ='15 Child Health'!C6 -> -15.01 | EY23: Non | EZ23: 2 | FC23: SUPPLÉMENTS EN VITAMINES | FD23: EAU SIMPLE | FE23: EAU SUCRÉE / BONBON / BISCUIT | FF23: JUS DE FRUIT | FG23: LAIT MATERNISE | FH23: LAIT AUTRE QUE LAIT MATERNEL | FI23: AUTRES LIQUIDES | FJ23: ALIMENTS SOLIDES | FK23: BOUILLIE | FL23: SUPPLÉMENTS EN VITAMINES | FM23: EAU SIMPLE | FN23: EAU SUCRÉE / BONBON / BISCUIT | FO23: JUS DE FRUIT | FP23: LAIT MATERNISE | FQ23: LAIT AUTRE QUE LAIT MATERNEL | FR23: BOUILLIE (FAITE MAISON) | FS23: DU YAOURT | FT23: DES PRODUITS CÉRÉALIERS ( RIZ, MAÏS, AVOINE, DU PAIN, FUFU/NSHIMA) | FU23: BOUILLIE ENRICHIE ACHETÉE (COMME CERELAC) | FV23: TUBERCULE ORANGE, PATATE DOUCE, IGNAME, COURGE, CAROTTE | FW23: TUBERCULE BLANC, POMME DE TERRE, MANIOC, CASSAVA, HARICOT IGNAME | FX23: BITEKO TEKO, MATEMBELE, NGAI NGAI, NDEMBI, PONDU, PINALE OU AUTRE LÉGUME À FEUILLE | FY23: MANGUE, PAPAYE, BANANE, ANANAS | FZ23: BANANE PLANTAIN | GA23: AUTRES FRUITS OU LÉGUMES (POMME, AVOCAT, TOMATE) | GB23: FOIE, ROGNON, COEUR OU AUTRES ABATS | GC23: VIANDE (BOEUF, POULET, PORD, DINDE, AGNEAU, CHÈVRE) | GD23: OEUFS | GE23: POISSON OU CRUSTACÉ (PAR EXEMPLE CAPTAIN, COSSA COSSA, ...) | GF23: HARICOT ROUGE, HARIGOT NOIR, HARICOT BLANC, POIS, LENTILLE | GG23: FROMAGE | GH23: AUTRES LIQUIDES | GI23: AUTRES ALIMENTS SOLIDES | GJ23: Non | GK23: 2 | GN23: Non | GO23: 2 | GP23: ► | GQ23: SECTION SUIVANTE
D24: OUI, PAS VU | F24: 2 | G24: ► | H24: =BL6 -> -14.07 | BV24: PLUS TARD | BW24: 2 | DO24: MOYEN (2,5KG) | DQ24: 3 | EN24: EAU SIMPLE | EQ24: 2 | ER24: MIEL | ET24: 8
CV25: AUTRE (SPÉCIFIER) | CW25: 7 | CX25: IL Y A 12 MOIS OU PLUS | CY25: 3 | DO25: PLUS PETIT QUE LA MOYENNE (1,6Kg et 2,4Kg) | DQ25: 4 | EN25: EAU SUCRÉE/CONTENANT DU GLUCOSE | EQ25: 3 | ER25: CAFÉ | ET25: 9
D26: NON | F26: 3 | G26: ► | H26: =BJ6 -> -14.06 | DO26: TRÈS PETIT ( Moins de 1,5Kg) | DQ26: 5 | ER26: JUS DE FRUIT | ET26: 10 | GS26: INSCRIRE 3 TYPES D'ALIMENT MAXIMUM
I27: JOUR | J27: MOIS | K27: ANNÉE | L27: JOUR | M27: MOIS | N27: ANNÉE | O27: JOUR | P27: MOIS | Q27: ANNÉE | R27: JOUR | S27: MOIS | T27: ANNÉE | U27: JOUR | V27: MOIS | W27: ANNÉE | X27: JOUR | Y27: MOIS | Z27: ANNÉE | AA27: JOUR | AB27: MOIS | AC27: ANNÉE | AD27: JOUR | AE27: MOIS | AF27: ANNÉE | AG27: JOUR | AH27: MOIS | AI27: ANNÉE | AJ27: JOUR | AK27: MOIS | AL27: ANNÉE | AM27: JOUR | AN27: MOIS | AO27: ANNÉE | AP27: JOUR | AQ27: MOIS | AR27: ANNÉE | AS27: JOUR | AT27: MOIS | AU27: ANNÉE | AV27: JOUR | AW27: MOIS | AX27: ANNÉE | AY27: JOUR | AZ27: MOIS | BA27: ANNÉE | BX27: NOMBRE DE | CC27: NOMBRE DE | CO27: NOMBRE DE | EN27: SOLUTION EAU+SUCRE+SEL | EQ27: 4 | ER27: AUTRE (PRÉCISER) | ET27: 97
C28: CODE ID | BX28: FOIS | CC28: FOIS | CO28: FOIS | CZ28: NOMBRE | EN28: CALMANT POUR LES COLIQUES | EQ28: 5 | GW28: NOMBRE DE FOIS
A29: 1 | BD29: 1 | CE29: 1
A30: =A29+1 -> 2 | BD30: =BD29+1 -> 2 | CE30: =CE29+1 -> 2
A31: =A30+1 -> 3 | BD31: =BD30+1 -> 3 | CE31: =CE30+1 -> 3
A32: =A31+1 -> 4 | BD32: =BD31+1 -> 4 | CE32: =CE31+1 -> 4
A33: =A32+1 -> 5 | BD33: =BD32+1 -> 5 | CE33: =CE32+1 -> 5
A34: =A33+1 -> 6 | BD34: =BD33+1 -> 6 | CE34: =CE33+1 -> 6
A35: =A34+1 -> 7 | BD35: =BD34+1 -> 7 | CE35: =CE34+1 -> 7
A36: =A35+1 -> 8 | BD36: =BD35+1 -> 8 | CE36: =CE35+1 -> 8
A37: =A36+1 -> 9 | BD37: =BD36+1 -> 9 | CE37: =CE36+1 -> 9
A38: =A37+1 -> 10 | BD38: =BD37+1 -> 10 | CE38: =CE37+1 -> 10
A39: =A38+1 -> 11 | BD39: =BD38+1 -> 11 | CE39: =CE38+1 -> 11
A40: =A39+1 -> 12 | BD40: =BD39+1 -> 12 | CE40: =CE39+1 -> 12
A41: =A40+1 -> 13 | BD41: =BD40+1 -> 13 | CE41: =CE40+1 -> 13
... A48: =A47+1 -> 20 | BD48: =BD47+1 -> 20 | CE48: =CE47+1 -> 20

Sheet 17CHW
A1: 17 | B1: Utilisation du service d'un Relais Communautaire et satisfaction | W1: 17 | X1: Utilisation du service d'un Relais Communautaire et satisfaction | AU1: 17 | AV1: Utilisation du service d'un Relais Communautaire et satisfaction
A3: OBJETS : TOUTES LES FEMMES DE 15 À 49 ANS
A4: RÉPONDANT : ELLE-MÊME | AW4: POSER CES QUESTIONS (17.08-17.12) SEULEMENT SI LA FEMME EN QUESTION N'EST PAS LE CHEF DE MÉNAGE (C.A.d SI ELLE N'A PAS DÉJÀ RÉPONDU ELLE-MÊME AU QUESTIONNAIRE MÉNAGE)
A6: CODE ID | C6: =-A1-0.01 -> -17.01 | H6: =C6-0.01 -> -17.02 | W6: CODE ID | Y6: =H6-0.01 -> -17.03 | AC6: =Y6-0.01 -> -17.04 | AE6: =AC6-0.01 -> -17.05 | AL6: =AE6-0.01 -> -17.06 | AP6: =AL6-0.01 -> -17.07 | AU6: CODE ID | AW6: =AP6-0.01 -> -17.08 | AY6: =AW6-0.01 -> -17.09 | BA6: =AY6-0.02 -> -17.11 | BC6: =BA6-0.01 -> -17.12
C7: Au cours des trois derniers mois, avez-vous rencontré un Relais Communautaire/Secouriste/Accoucheuse Traditionnelle chez vous ou dans la communauté ? | H7: Ce Relais Communautaire vous a-t-il/elle fourni les services suivants ? | Y7: La dernière fois que vous avez rencontré un Relais Communautaire, avez-vous payé pour des services ou des conseils ? | AC7: Combien avez-vous payé pour les services ou les conseils? | AE7: Quel est votre niveau de satisfaction avec les Relais Communautaires en ce qui concerne les aspects suivants ? | AL7: Recommanderiez-vous des Relais Communautaires à d'autres femmes ou familles ? | AP7: Pourquoi ne les recommanderiez-vous pas ? | AW7: A votre avis, quelle est la formation où l'on peut recevoir les meilleurs services de santé prénatals (CPN) dans ce village ou ses alentours? (indepéndamment des frais imposés) | AY7: A votre avis, quelle est la formation où l'on peut recevoir les meilleurs services de santé pour un accouchement dans ce village ou ses alentours? (indepéndamment des frais imposés) | BA7: A votre avis, quelle est la formation où l'on peut recevoir les meilleurs services de santé pour les soins des enfants de moins de 5 ans dans ce village ou ses alentours? (indepéndamment des frais imposés) | BC7: A votre avis, quelle est la formation où l'on peut recevoir les meilleurs services de santé pour la planification familiale dans ce village ou ses alentours? (indepéndamment des frais imposés)
H9: INSCRIRE LES CODES OUI OU NON POUR CHAQUE SERVICE CI-DESSOUS
AP10: INSCRIRE UN MAXIMUM DE 3 RAISONS
K12: OUI | L12: 1 | AP12: MAUVAISE QUALITÉ DES SOINS | AS12: 1
K13: NON | L13: 2
AG14: TRÈS INSATISFAITE | AI14: 1 | AP14: PAS SERVIABLE | AS14: 2
AG15: INSATISFAITE | AI15: 2 | AP15: PAS RESPECTUEUX(SE)/ PAS AMICAL(E) | AS15: 3
H16: A. | I16: B. | J16: C. | K16: D. | L16: E. | M16: F. | N16: G. | O16: H. | P16: I. | Q16: J. | R16: K | S16: L | T16: M | U16: N | AG16: SATISFAITE | AI16: 3
H17: Référence au service de soins prénatals | I17: Référence pour accouchement en institution, à la maternité | J17: Référence au service de soins postnatals | K17: Référence à un service de conseils et tests volontaires VIH/SIDA / de prévention de transmission du VIH/SIDA entre la mère et l'enfant | L17: Référence à un service de vaccination des enfants | M17: Conseils sur le VIH/SIDA | N17: Conseils sur le planning familial | O17: Surveillance de la croissance de l'enfant / conseils sur la nutrition de l'enfant | P17: Conseils sur l'eau et les règles sanitaires | Q17: Distribution de préservatifs | R17: Sessions d'Information, d'Éducation et de Communication portant sur d'autres sujets liés à la santé | S17: Distribution | T17: Distribution | U17: Distribution de moustiquaires imprégnées | AG17: TRÈS SATISFAITE | AI17: 4
C18: OUI, À LA MAISON | E18: 1 | S18: de | T18: de | Y18: OUI | Z18: 1 | AP18: TRAITEMENT TROP CHER | AS18: 4
C19: OUI, DANS LA COMMUNAUTÉ | E19: 2 | S19: medicaments | T19: medicaments | Y19: NON | Z19: 2 | AA19: ► | AB19: =AE6 -> -17.05 | AL19: OUI | AM19: 1 | AN19: ► | AO19: =AW6 -> -17.08
S20: antipaludiques | T20: anti- | AE20: A. | AF20: B. | AG20: C. | AH20: D. | AI20: E. | AJ20: F. | AK20: G. | AL20: NON | AM20: 2 | AP20: ACCÈS DIFFICILE | AS20: 5 | AW20: NOM DE l'ÉTABLISSEMENT | AY20: =AW20 -> NOM DE l'ÉTABLISSEMENT | BA20: =AY20 -> NOM DE l'ÉTABLISSEMENT | BC20: =BA20 -> NOM DE l'ÉTABLISSEMENT
C21: OUI, À LA MAISON ET DANS LA COMMUNAUTÉ | E21: 3 | T21: pyrétiques | AE21: La connaissance des Relais Communautaires de leur métier | AF21: La rapidité de réaction des Relais Communautaires par rapport à vos besoins | AG21: Le nombre de Relais Communautaires disponible | AH21: Le temps et la disponibilité de Relais Communautaires pour s'occuper de vous | AI21: Les informations fournies par le Relais Communautaires | AJ21: Le respect et l'acceuil des Relais Communautaires vis à vis de la communauté | AK21: Le bon exemple à suivre que les Relais Communautaires montrent au sein de la communauté | AW21: _______________________ | AY21: _______________________ | BA21: _______________________ | BC21: _______________________
T22: (contre la fievre) | AP22: MANQUE DE FOURNITURES/MÉDICAMENTS | AS22: 6
AW23: CODE | AY23: CODE | BA23: CODE | BC23: CODE
C24: POSTE DE SANTÉ | E24: 4
C25: CONCESSION DE L'AGENT DE SANTÉ | E25: 5
C26: NON | E26: 6 | F26: ► | G26: =AW6 -> -17.08
AP27: AUTRE, SPÉCIFIER | AS27: 7
AC30: CDF | AP30: 1 | AQ30: 2 | AR30: 3
A31: 1 | W31: 1 | AC31: |__|__||__|__|__| | AU31: 1
A32: =A31+1 -> 2 | W32: =W31+1 -> 2 | AC32: |__|__||__|__|__| | AU32: =AU31+1 -> 2
A33: =A32+1 -> 3 | W33: =W32+1 -> 3 | AC33: |__|__||__|__|__| | AU33: =AU32+1 -> 3
A34: =A33+1 -> 4 | W34: =W33+1 -> 4 | AC34: |__|__||__|__|__| | AU34: =AU33+1 -> 4
A35: =A34+1 -> 5 | W35: =W34+1 -> 5 | AC35: |__|__||__|__|__| | AU35: =AU34+1 -> 5
A36: =A35+1 -> 6 | W36: =W35+1 -> 6 | AC36: |__|__||__|__|__| | AU36: =AU35+1 -> 6
A37: =A36+1 -> 7 | W37: =W36+1 -> 7 | AC37: |__|__||__|__|__| | AU37: =AU36+1 -> 7
A38: =A37+1 -> 8 | W38: =W37+1 -> 8 | AC38: |__|__||__|__|__| | AU38: =AU37+1 -> 8
A39: =A38+1 -> 9 | W39: =W38+1 -> 9 | AC39: |__|__||__|__|__| | AU39: =AU38+1 -> 9
A40: =A39+1 -> 10 | W40: =W39+1 -> 10 | AC40: |__|__||__|__|__| | AU40: =AU39+1 -> 10
A41: =A40+1 -> 11 | W41: =W40+1 -> 11 | AC41: |__|__||__|__|__| | AU41: =AU40+1 -> 11
A42: =A41+1 -> 12 | W42: =W41+1 -> 12 | AC42: |__|__||__|__|__| | AU42: =AU41+1 -> 12
A43: =A42+1 -> 13 | W43: =W42+1 -> 13 | AC43: |__|__||__|__|__| | AU43: =AU42+1 -> 13
... A50: =A49+1 -> 20 | W50: =W49+1 -> 20 | AC50: |__|__||__|__|__| | AU50: =AU49+1 -> 20

Sheet 15 Child Health
A1: 15 | B1: Statut de Santé des enfants | AB1: Statut de Santé | AC1: 8 | AD1: Statut de Santé et Utilisation | BJ1: Statut de Santé | BK1: 8 | BL1: Statut de Santé et Utilisation | CX1: 9 Statut de Santé et Utilisation | DF1: 8 Statut de Santé et Utilisation
A2: OBJET : ENFANTS DE MOINS DE 5 ANS DES FEMMES ÉLIGIBLES DE 15-49 ANS
A3: RÉPONDANT : MÈRE DE CHAQUE ENFANT DE MOINS DE 5 ANS
D5: MALADIE AIGUË | AC5: RECHERCHE DE SOINS, DERNIÈRE VISITE | BK5: RECHERCHE DE SOINS, DERNIÈRE VISITE | CX5: DÉPENSES | DF5: DIARRHÉE | DW5: HOSPITALISATION
A6: CODE ID | C6: =-A1-0.01 -> -15.01 | D6: -15.1 | H6: (15,10a) | I6: (15,10b) | J6: (15,10c) | M6: (15,10d) | R6: -15.12 | V6: =R6-0.01 -> -15.13 | X6: =V6-0.01 -> -15.14 | AA6: CODE ID | AC6: -15.21 | AG6: =AC6-0.01 -> -15.22 | AJ6: =AG6-0.01 -> -15.23 | AO6: =AJ6-0.01 -> -15.24 | AR6: =AO6-0.01 -> -15.25 | AW6: =AR6-0.01 -> -15.26 | AZ6: =AW6-0.01 -> -15.27 | BI6: CODE ID | BK6: =AZ6-0.01 -> -15.28 | BM6: (15,28)a | BO6: =BK6-0.01 -> -15.29 | BS6: =BO6-0.01 -> -15.3 | BU6: =BS6-0.01 -> -15.31 | BX6: =BU6-0.01 -> -15.32 | BZ6: =BX6-0.01 -> -15.33 | CB6: =BZ6-0.01 -> -15.34 | CF6: (15.34)a | CJ6: (15.34)b | CN6: (15.34)c | CQ6: (15.34)d | CS6: =CB6-0.01 -> -15.35 | CU6: -15.38 | CW6: CODE ID | CX6: =CU6-0.01 -> -15.39 | DE6: CODE ID | DF6: -15.45 | DJ6: =DF6-0.01 -> -15.46 | DL6: =DJ6-0.01 -> -15.47 | DN6: =DL6-0.01 -> -15.48 | DR6: =DN6-0.01 -> -15.49 | DU6: =DR6-0.01 -> -15.5 | DW6: =DU6-0.01 -> -15.51 | EA6: =DW6-0.01 -> -15.52 | EC6: =EA6-0.01 -> -15.53
C7: CODE D'IDENTIFICATION DU(DE LA) GARDIEN(NE) (PERSONNE QUI A RÉPONDU AU NOM DE L'ENFANT<5 ANS) | D7: ENQUÊTEUR, LIRE À VOIX HAUTE: Maintenant j'aimerais vous poser quelques questions concernant votre/vos enfant(s). Est-ce que [NOM] a été malade au cours de 2 dernières semaines? | H7: APPROFONDIR: Est-ce que (NOM) a été malade avec de la fièvre à n'importe quel moment au cours des 2 dernières semaines ? | I7: Est-ce que (NOM) a été malade avec de la toux à n'importe quel moment au cours des 2 dernières semaines ? | J7: Est-ce que (NOM) a eu de la diarrhée au cours des deux dernières semaines ? (au moins 3 émissions de selles molles ou liquides dans une journée) | M7: CONTROLE: LA MÈRE A-T-ELLE RÉPONDU NON (2) AUX QUESTIONS (15,10), (15,10a), (15,10b) ET (15,10c)? | R7: Connaissez-vous le nom de sa maladie ? | V7: Quel est le nom de la maladie? | X7: Qui vous a dit le nom de sa maladie? | AC7: Avez-vous effectué une quelconque démarche pour soigner [NOM] que ce soit chez un guérisseur, de l'automédication ou une consultation dans une formation sanitaire ? | AG7: Combien de temps après le début de sa maladie avez-vous attendu avant de chercher à faire soigner [NOM] pour la 1ère fois ? | AJ7: Quel type de recours avez-vous choisi et dans quel ordre ? | AO7: Dans quel village/quartier avez-vous cherché premièrement à faire soigner [NOM] ? | AR7: Dans ce village, où exactement avez-vous cherché à faire soigner [NOM] ? | AW7: S'IL S'AGIT D'UN HÔPITAL, D'UN CENTRE DE SANTÉ OU D'UN POSTE DE SANTÉ OU CLINIQUE, APPROFONDISSEZ POUR OBTENIR LE NOM DE CET ÉTABLISSEMENT ET INSCRIRE SON CODE. | AZ7: Pourquoi ne vous-êtes-vous pas rendu(e) avec [NOM] dans un établissement de santé ou n'avez-vous pas vu du personnel médical pour le/la faire soigner ? | BK7: Lors de la dernière visite, combien de temps a-t-il fallu pour se rendre à la formation sanitaire/lieu de soin ? | BM7: Quel mode de transport utilisez-vous pour vous rendre à ce village ou ce quartier? | BO7: Lors de la dernière visite, avez-vous effectivement consulté un personnel médical avec [NOM] ? | BS7: Pourquoi n'y-a-t-il pas eu d'interaction directe entre [NOM] et un personnel medical ? | BU7: Lors de la dernière visite, pendant combien de temps [NOM] a-t-il/elle dû attendre avant de voir un personnel soignant ? | BX7: Ce personnel soignant a-t-il posé des questions pour savoir comment se sentait [NOM] et connaître les symptômes de [NOM] ? | BZ7: Ce personnel soignant a-t-il procédé à des examens physiques sur [NOM], par exemple, en prenant sa pression artérielle, en écoutant son cœur, etc. ? | CB7: Ce personnel soignant a-t-il procédé à un examen de dépistage du paludisme? | CF7: Quel a été le résultat du test de dépistage du paludisme? | CJ7: [NOM] a-t-il/elle reçu des médicaments antipaludéens? | CN7: Quel antipaludéen [NOM] a-t-il/elle reçu? | CQ7: Combien de comprimé de ce médicament restait-il à la fin du traitement? INSCRIRE 0 SI TOUS LES COMPRIMES ONT ETE PRIS | CS7: Ce personnel soignant a-t-il ordonné des radiographies ou des examens en laboratoires (tests urinaires ou sanguins, par exemple) ? | CU7: Ce personnel soignant a-t-il prescrit d'autres médicaments? | CX7: Au cours des 2 dernières semaines, quel est le montant dépensé par votre ménage de sa propre poche pour traiter la maladie de [NOM] ? Plus spécifiquement, combien votre ménage a-t-il dépensé pour… | DF7: CONTROLE : L'INDIVIDU A-T-IL MOINS DE 5 ANS ET A-T-IL EU LA DIARRHÉE? (VÉRIFIER SI (15,10)c = OUI) | DJ7: Quelle quantité de liquide a-t-on fait boire à [NOM] pendant cette maladie ? lui a-t-on proposé plus que d'habitude, à peu près la même chose, moins que d'habitude ou rien du tout ? | DL7: Quelle quantité de nourriture a-t-on cherché à faire manger à [NOM] pendant cette maladie ? Lui a-t-on proposé plus que d'habitude, à peu près la même chose, moins que d'habitude ou rien du tout ? | DN7: A-t-on donné à [NOM] un liquide provenant d'un paquet spécial appelé Solution de Réhydratation par voie Orale (SRO), comme celui-ci ou avez-vous préparé une solution à base de l'eau, de sel et de sucre? | DR7: Où avez-vous obtenu ce paquet de Solution de Réhydratation par voie Orale (SRO) ? | DU7: S'IL S'AGIT D'UN HÔPITAL OU CS, CHECHER À OBTENIR LE NOM DE CET ÉTABLISSEMENT ET INSCRIRE SON CODE | DW7: Au cours des 4 dernières semaines, [NOM] a-t-il/elle été hospitalisé ? | EA7: Dans quel Type de formation sanitaire [NOM] a-t-il/elle été hospitalisé ? | EC7: Au cours des 4 dernières semaines, combien d'argent votre ménage a-t-il dépensé de sa poche pour le séjour de [NOM] dans cet établissement de santé, cet hôpital ou ce lieu de soins pour traiter cette maladie ?
AZ9: TROP CHER | BH9: 1
AZ10: TROP LOIN | BH10: 2 | DR10: CLINIQUE UNIVERSITAIRE | DT10: 1
AZ11: TROP OCCUPÉ(E) (TRAVAIL, ENFANTS) | BH11: 3 | DR11: HÔPITAL GÉNÉRAL PROVINCIAL DE RÉFÉRENCE | DT11: 2
V12: ENQUÊTEUR : ECRIRE CI-DESSOUS LE NOM DE LA MALADIE MENTIONNÉE PAR LE RÉPONDANT | AZ12: N'ÉTAIT PAS SUFFISAMMENT MALADE | BH12: 4 | BS12: AUCUN PERSONNEL TRAITANT PRÉSENT | BT12: 1 | DR12: HÔPITAL GÉNÉRAL DE RÉFÉRENCE | DT12: 3
AZ13: ETAT PHYSIQUE DU BATIMENT INSPIRE PAS CONFIANCE | BH13: 5 | BS13: PERSONNEL TRAITANT TROP OCCUPÉ | BT13: 2 | CX13: INSCRIRE 00 SI AUCUNE DÉPENSE | DR13: CENTRE DE SANTÉ DE RÉFÉRENCE/ CLINIQUE | DT13: 4
AZ14: L'ÉTABLISSEMENT A DES STOCKS MEDICAMENTS INSUFFISANTS | BH14: 6 | BS14: PERSONNEL TRAITANT NE CONSULTE PAS | BT14: 3 | DR14: CENTRE DE SANTÉ | DT14: 5
AG15: DANS LES 24 HEURES | AI15: 1 | AO15: SI VILLAGE HORS ZONE DE SANTÉ, NOTER 99 | AR15: CLINIQUE UNIVERSITAIRE | AT15: 1 | AZ15: MAUVAISE ATTITUDE DU PERSONNEL | BH15: =BH14+1 -> 7 | BK15: ENQUÊTEUR : INSCRIRE LES RÉPONSES EN MINUTES | BS15: REFUS DU PERSONNEL TRAITANT | BT15: 4 | CX15: Pouvez-vous me montrer l'ordonnance ou le carnet de vaccination ? | DR15: POSTE DE SANTÉ | DT15: 6
AR16: HÔPITAL GÉNÉRAL PROVINCIAL DE RÉFÉRENCE | AT16: 2 | AZ16: NE CONNAIT AUCUN MEMBRE DU PERSONNEL | BH16: =BH15+1 -> 8 | BS16: AUCUN PERSONNEL TRAITANT FÉMININ | BT16: 5 | DR16: PERSONNEL DE SANTE EN PRIVE | DT16: 7
AG17: ENTRE 24 ET 48 HEURES | AI17: 2 | AR17: HÔPITAL GÉNÉRAL DE RÉFÉRENCE | AT17: 3 | AZ17: NE FAIT PAS CONFIANCE AU PERSONNEL | BH17: =BH16+1 -> 9 | BS17: AUCUN PERSONNEL TRAITANT MASCULIN | BT17: 6 | BU17: ENQUÊTEUR : INSCRIRE LES RÉPONSES EN MINUTES | CX17: LIRE À HAUTE VOIX CHAQUE CATÉGORIE | DN17: ENQUÊTEUR : MONTRER LE PAQUET AU RÉPONDANT | DR17: AGENT DE SANTÉ COMMUNAUTAIRE | DT17: 8
AR18: CENTRE DE SANTÉ DE RÉFÉRENCE/ CLINIQUE | AT18: 4 | AW18: ENQUÊTEUR: APRÉS RÉPONSE | AZ18: PERSONNEL HABITUELLEMENT ABSENT | BH18: =BH17+1 -> 10 | BS18: PERSONNEL TRAITANT NON QUALIFIÉ | BT18: 7 | DR18: MÉDECIN TRADITIONNEL | DT18: 9
D19: OUI | E19: 1 | F19: ► | G19: =I6 -> (15,10b) | H19: OUI 1 | I19: OUI 1 | J19: OUI 1 | M19: Oui, elle a répondu NON à toutes ces questions | O19: 1 | P19: ► | Q19: =DW6 -> -15.51 | R19: OUI | S19: 1 | X19: EVIDENT (Cas d'accident) | Y19: 1 | AC19: OUI | AD19: 1 | AG19: DANS LA MEME SEMAINE | AI19: 3 | AJ19: Formation sanitaire | AL19: 1 | AR19: CENTRE DE SANTÉ | AT19: 5 | AX19: ► | AY19: =BK6 -> -15.28 | AZ19: ÉTABLISSEMENT DE SANTÉ FERMÉ | BH19: =BH18+1 -> 11 | BM19: À pied | BN19: 1 | BO19: OUI | BP19: 1 | BS19: ATTENTE TROP LONGUE | BT19: 8 | BX19: OUI | BY19: 1 | BZ19: OUI | CA19: 1 | CB19: OUI | CC19: 1 | CF19: Positif, l'enfant avait le paludisme. | CG19: 1 | CJ19: OUI | CK19: 1 | CN19: Thérapie Combinée à base d'Artémisinine (TCA) ASAQ (3 Comprime) | CP19: 1 | CS19: OUI | CT19: 1 | CU19: OUI | CV19: 1 | DR19: PHARMACIE PRIVÉE | DT19: 10
D20: NON 2 | H20: NON 2 | I20: NON 2 | J20: NON 2 | M20: Non elle a répondu OUI à au moins une de ces questions | O20: 2 | R20: NON | S20: 2 | T20: ► | U20: =AC6 -> -15.21 | X20: GUÉRISSEUR | Y20: 2 | AC20: NON | AD20: 2 | AE20: ► | AF20: =AZ6 -> -15.27 | AJ20: Tradipraticien | AL20: 2 | AM20: ► | AN20: (15.27) | AR20: POSTE DE SANTÉ | AT20: 6 | AZ20: PAS DE TRANSPORT | BH20: =BH19+1 -> 12 | BM20: En voiture ou en camionette | BN20: 2 | BO20: NON | BP20: 2 | BQ20: ► | BR20: =BU6 -> -15.31 | BS20: PATIENT ARRIVÉ HORS HEURE DE CONSULTATION | BT20: 9 | BX20: NON | BY20: 2 | BZ20: NON | CA20: 2 | CB20: NON | CC20: 2 | CD20: ► | CE20: =CS6 -> -15.35 | CF20: Négatif, l'enfant n'avait pas le paludisme. | CG20: 2 | CJ20: NON | CK20: 2 | CL20: ► | CM20: =CS6 -> -15.35 | CN20: Thérapie Combinée à base d'Artémisinine (TCA) AL (6 Comprime) | CP20: 2 | CS20: NON | CT20: 2 | CU20: NON | CV20: 2 | DF20: OUI | DG20: 1 | DJ20: PLUS QUE D'HABITUDE | DK20: 1 | DL20: PLUS QUE D'HABITUDE | DM20: 1 | DN20: OUI | DO20: 1 | DR20: VENDEUR AMBULANT/MARCHE | DT20: 11 | DW20: OUI | DX20: 1 | EA20: Clinique Universitaire | EB20: 1 | EC20: ENQUÊTEUR: REPORTER LES FRAIS D'HOSPITALISATION
X21: PERSONNEL DE SANTÉ | Y21: 3 | AG21: DANS LES 15 JOURS | AI21: 4 | AJ21: Automédication moderne | AL21: 3 | AM21: ► | AN21: (15.27) | AR21: CHEZ PERSONNEL DE SANTÉ PRIVÉ | AT21: 7 | AZ21: MAUVAISE QUALITÉ DES SOINS | BH21: =BH20+1 -> 13 | BM21: À moto | BN21: 3 | BS21: DIFFICULTÉS FINANCIÈRES/ NE PEUT PAS PAYER LES HONORAIRES | BT21: 10 | CN21: Thérapie Combinée à base d'Artémisinine (TCA) AL (12 Comprime) | CP21: 3 | CX21: A. | CY21: B. | CZ21: C. | DA21: D. | DB21: E | DC21: F | DF21: NON | DG21: 2 | DH21: ► | DI21: =DW6 -> -15.51 | DN21: NON | DO21: 2 | DP21: ► | DQ21: =DW6 -> -15.51 | DR21: MÉDECINE ASIATIQUE | DT21: 12 | DW21: NON | DX21: 2 | DY21: ► | DZ21: SECTION SUIVANTE | EA21: Hôpital Général Provincial de Reference | EB21: 2
X22: MOI-MÊME | Y22: 4 | AJ22: Automédication traditionnelle | AL22: 4 | AM22: ► | AN22: (15.27) | AR22: CHEZ AGENT DE SANTÉ COMMUNAUTAIRE | AT22: 8 | AU22: ► | AV22: =AV26 -> -15.27 | AZ22: HORAIRES PEU PRATIQUES | BH22: =BH21+1 -> 14 | BK22: ALLER SIMPLE | BM22: À vélo | BN22: 4 | CN22: Chloroquine | CP22: 4 | CX22: Frais de consultation officiels | CY22: Frais de laboratoire/radiographie et de chirurgie | CZ22: Autres paiements (frais non reglémentaire,etc) | DA22: Transports | DB22: Médicaments | DC22: Montant total des frais de santé | DJ22: À PEU PRÈS PAREIL | DK22: 2 | DL22: À PEU PRÈS PAREIL | DM22: 2 | DR22: VOISIN/AMIS | DT22: 13 | EA22: Hôpital General de reference | EB22: 3
X23: AUTRE PERSONNE | Y23: 97 | AG23: DANS LES 3 SEMAINES | AI23: 5 | AJ23: Médecine Asiatique | AL23: 5 | AM23: ► | AN23: (15.27) | AR23: CHEZ UN TRADI PRATICIEN | AT23: 9 | AU23: ► | AV23: =AV22 -> -15.27 | AZ23: LONGUES ATTENTES | BH23: 15 | BM23: En pirogue | BN23: 5 | BS23: STRCTURE FERMÉE | BT23: 11 | CN23: Quinine | CP23: 5 | DR23: SOIS-MEME | DT23: 14 | EA23: Centre de Santé de reference/ clinique | EB23: 4
AJ24: Agent de santé communautaire | AL24: 6 | AM24: ► | AN24: (15.27) | AR24: DANS UNE PHARMACIE PRIVÉE | AT24: 10 | AU24: ► | AV24: =AV23 -> -15.27 | AZ24: INSECURITÉ | BH24: 16 | BM24: En hors bord | BN24: 6 | BS24: AUTRE | BT24: 97 | CN24: Fansidar / Paludar (SP) | CP24: 6 | DJ24: MOINS QUE D'HABITUDE | DK24: 3 | DL24: MOINS QUE D'HABITUDE | DM24: 3 | DR24: AUTRE, PRÉCISER | DT24: 97
AG25: PLUS DE 3 SEMAINES | AI25: 6 | AJ25: Prière de guerison | AL25: 7 | AM25: ► | AN25: (15.27) | AO25: POUR CHACUN DES RECOURS AUX SOINS, NOTER LE NOM DU VILLAGE ET LE CODE DANS LA COLONNE CORRESPONDANTE, TOUJOURS METTRE DANS LE MÊME ORDRE. | AR25: CHEZ VENDEUR AMBULANT/MARCHÉ | AT25: 11 | AU25: ► | AV25: =AV24 -> -15.27 | AZ25: PRÉFÈRE AUTOMÉDICATION | BH25: 17 | BM25: Une combinaison de moyens de transport ou autre (préciser) | BN25: 97 | CN25: Autre, precisez:______ | CP25: 7
AJ26: Autre, precisez | AL26: 8 | AM26: ► | AN26: (15.27) | AR26: MÉDECINE ASIATIQUE | AT26: 12 | AU26: ► | AV26: =AZ6 -> -15.27 | AZ26: PRÉFÈRE MÉDECINE TRADITIONNELLE | BH26: 18 | CN26: Ne sait pas | CP26: 9 | DJ26: RIEN À BOIRE | DK26: 4 | DL26: RIEN À MANGER | DM26: 4
C27: CODE ID DU GARDIENNE | AR27: AUTRE (PRÉCISER) | AT27: 13 | AU27: ► | AV27: =AZ6 -> -15.27 | AZ27: ÉTABLISSEMENT OFFRE PLUS DES MÉDICAMENTS PAR VOIE ORALE | BH27: 19 | BS27: APRES REPONSE A CETTE QUESTION ►
AZ28: MANQUE D'EXAMEN DE LABORATOIRE | BH28: 20 | BT28: =DF6 -> -15.45
AJ29: a. 1er fois | AK29: b. 2ème fois | AM29: c. 3ème fois | AO29: a. Code 1er VILLAGE | AP29: b. Code 2e VILLAGE | AQ29: c. Code 3e VILLAGE | AR29: a. Code 1er LIEU | AS29: b. Code 2e LIEU | AU29: c. code 3e LIEU | AW29: a. Code 1er ETABLISSEMENT | AX29: b. Code 2e ETABLISSEMENT | AY29: c. Code 3e ETABLISSEMENT | AZ29: AUTRE 97 | BA29: APRES REPONSE ► | BH29: =DF6 -> -15.45 | BK29: MINUTES | BM29: NB: Il faut toujours préciser si la réponse est "Une combinaison de moyens de transport ou autre (préciser)". | BS29: ENQUÊTEUR : POUR LES RÉPONSES AUTRES, PRÉCISER ICI | BT29: CODE RÉPONSE | BU29: MINUTES | CX29: CDF | CY29: CDF | CZ29: CDF | DA29: CDF | DB29: CDF | DC29: CDF | DR29: ENQUÊTEUR : POUR LES RÉPONSES AUTRES, PRÉCISER ICI | DT29: CODE RÉPONSE | DU29: NOM | DV29: CODE | EC29: CDF
AZ30: ENQUÊTEUR : POUR LES RÉPONSES AUTRES, PRÉCISER ICI
A31: 1 | X31: |__|__| | AA31: 1 | AC31: |___| | AZ31: a. 1er fois | BC31: b. 2ème fois | BF31: c. 3ème fois | BI31: 1 | BK31: |__|__|__| | BN31: |__| | BO31: |__| | BT31: |___|___| | BU31: |__|__|__| | BX31: |___| | BZ31: |___| | CB31: |___| | CF31: |___| | CJ31: |___| | CQ31: |___| | CS31: |___| | CU31: |___| | CW31: 1 | CX31: |__|__||__|__|__||__|__|__| | CY31: |__|__||__|__|__||__|__|__| | CZ31: |__|__||__|__|__||__|__|__| | DA31: |__|__||__|__|__||__|__|__| | DB31: |__|__||__|__|__||__|__|__| | DC31: |__|__||__|__|__||__| | DE31: 1 | DF31: |___| | DJ31: |___| | DL31: |___| | DN31: |___| | DT31: |__|__| | DV31: |__|__| | DW31: |__|__| | EA31: |__|__| | EC31: |__|__||__|__|__||__|
A32: =A31+1 -> 2 | X32: |__|__| | AA32: =AA31+1 -> 2 | AC32: |___| | AZ32: CODE RÉPONSE | BA32: CODE RÉPONSE | BB32: CODE RÉPONSE | BC32: CODE RÉPONSE | BD32: CODE RÉPONSE | BE32: CODE RÉPONSE | BF32: CODE RÉPONSE | BG32: CODE RÉPONSE | BH32: CODE RÉPONSE | BI32: =BI31+1 -> 2 | BK32: |__|__|__| | BN32: |__| | BO32: |__| | BT32: |___|___| | BU32: |__|__|__| | BX32: |___| | BZ32: |___| | CB32: |___| | CF32: |___| | CJ32: |___| | CQ32: |___| | CS32: |___| | CU32: |___| | CW32: =CW31+1 -> 2 | CX32: |__|__||__|__|__||__|__|__| | CY32: |__|__||__|__|__||__|__|__| | CZ32: |__|__||__|__|__||__|__|__| | DA32: |__|__||__|__|__||__|__|__| | DB32: |__|__||__|__|__||__|__|__| | DC32: |__|__||__|__|__||__| | DE32: =DE31+1 -> 2 | DF32: |___| | DJ32: |___| | DL32: |___| | DN32: |___| | DT32: |__|__| | DV32: |__|__| | DW32: |__|__| | EA32: |__|__| | EC32: |__|__||__|__|__||__|
A33: =A32+1 -> 3 | X33: |__|__| | AA33: =AA32+1 -> 3 | AC33: |___| | AZ33: |__|__| | BA33: |__|__| | BB33: |__|__| | BC33: |__|__| | BD33: |__|__| | BE33: |__|__| | BF33: |__|__| | BG33: |__|__| | BH33: |__|__| | BI33: =BI32+1 -> 3 | BK33: |__|__|__| | BN33: |__| | BO33: |__| | BT33: |___|___| | BU33: |__|__|__| | BX33: |___| | BZ33: |___| | CB33: |___| | CF33: |___| | CJ33: |___| | CQ33: |___| | CS33: |___| | CU33: |___| | CW33: =CW32+1 -> 3 | CX33: |__|__||__|__|__||__|__|__| | CY33: |__|__||__|__|__||__|__|__| | CZ33: |__|__||__|__|__||__|__|__| | DA33: |__|__||__|__|__||__|__|__| | DB33: |__|__||__|__|__||__|__|__| | DC33: |__|__||__|__|__||__| | DE33: =DE32+1 -> 3 | DF33: |___| | DJ33: |___| | DL33: |___| | DN33: |___| | DT33: |__|__| | DV33: |__|__| | DW33: |__|__| | EA33: |__|__| | EC33: |__|__||__|__|__||__|
A34: =A33+1 -> 4 | X34: |__|__| | AA34: =AA33+1 -> 4 | AC34: |___| | AZ34: |__|__| | BA34: |__|__| | BB34: |__|__| | BC34: |__|__| | BD34: |__|__| | BE34: |__|__| | BF34: |__|__| | BG34: |__|__| | BH34: |__|__| | BI34: =BI33+1 -> 4 | BK34: |__|__|__| | BN34: |__| | BO34: |__| | BT34: |___|___| | BU34: |__|__|__| | BX34: |___| | BZ34: |___| | CB34: |___| | CF34: |___| | CJ34: |___| | CQ34: |___| | CS34: |___| | CU34: |___| | CW34: =CW33+1 -> 4 | CX34: |__|__||__|__|__||__|__|__| | CY34: |__|__||__|__|__||__|__|__| | CZ34: |__|__||__|__|__||__|__|__| | DA34: |__|__||__|__|__||__|__|__| | DB34: |__|__||__|__|__||__|__|__| | DC34: |__|__||__|__|__||__| | DE34: =DE33+1 -> 4 | DF34: |___| | DJ34: |___| | DL34: |___| | DN34: |___| | DT34: |__|__| | DV34: |__|__| | DW34: |__|__| | EA34: |__|__| | EC34: |__|__||__|__|__||__|
A35: =A34+1 -> 5 | X35: |__|__| | AA35: =AA34+1 -> 5 | AC35: |___| | AZ35: |__|__| | BA35: |__|__| | BB35: |__|__| | BC35: |__|__| | BD35: |__|__| | BE35: |__|__| | BF35: |__|__| | BG35: |__|__| | BH35: |__|__| | BI35: =BI34+1 -> 5 | BK35: |__|__|__| | BN35: |__| | BO35: |__| | BT35: |___|___| | BU35: |__|__|__| | BX35: |___| | BZ35: |___| | CB35: |___| | CF35: |___| | CJ35: |___| | CQ35: |___| | CS35: |___| | CU35: |___| | CW35: =CW34+1 -> 5 | CX35: |__|__||__|__|__||__|__|__| | CY35: |__|__||__|__|__||__|__|__| | CZ35: |__|__||__|__|__||__|__|__| | DA35: |__|__||__|__|__||__|__|__| | DB35: |__|__||__|__|__||__|__|__| | DC35: |__|__||__|__|__||__| | DE35: =DE34+1 -> 5 | DF35: |___| | DJ35: |___| | DL35: |___| | DN35: |___| | DT35: |__|__| | DV35: |__|__| | DW35: |__|__| | EA35: |__|__| | EC35: |__|__||__|__|__||__|
A36: =A35+1 -> 6 | X36: |__|__| | AA36: =AA35+1 -> 6 | AC36: |___| | AZ36: |__|__| | BA36: |__|__| | BB36: |__|__| | BC36: |__|__| | BD36: |__|__| | BE36: |__|__| | BF36: |__|__| | BG36: |__|__| | BH36: |__|__| | BI36: =BI35+1 -> 6 | BK36: |__|__|__| | BN36: |__| | BO36: |__| | BT36: |___|___| | BU36: |__|__|__| | BX36: |___| | BZ36: |___| | CB36: |___| | CF36: |___| | CJ36: |___| | CQ36: |___| | CS36: |___| | CU36: |___| | CW36: =CW35+1 -> 6 | CX36: |__|__||__|__|__||__|__|__| | CY36: |__|__||__|__|__||__|__|__| | CZ36: |__|__||__|__|__||__|__|__| | DA36: |__|__||__|__|__||__|__|__| | DB36: |__|__||__|__|__||__|__|__| | DC36: |__|__||__|__|__||__| | DE36: =DE35+1 -> 6 | DF36: |___| | DJ36: |___| | DL36: |___| | DN36: |___| | DT36: |__|__| | DV36: |__|__| | DW36: |__|__| | EA36: |__|__| | EC36: |__|__||__|__|__||__|
A37: =A36+1 -> 7 | X37: |__|__| | AA37: =AA36+1 -> 7 | AC37: |___| | AZ37: |__|__| | BA37: |__|__| | BB37: |__|__| | BC37: |__|__| | BD37: |__|__| | BE37: |__|__| | BF37: |__|__| | BG37: |__|__| | BH37: |__|__| | BI37: =BI36+1 -> 7 | BK37: |__|__|__| | BN37: |__| | BO37: |__| | BT37: |___|___| | BU37: |__|__|__| | BX37: |___| | BZ37: |___| | CB37: |___| | CF37: |___| | CJ37: |___| | CQ37: |___| | CS37: |___| | CU37: |___| | CW37: =CW36+1 -> 7 | CX37: |__|__||__|__|__||__|__|__| | CY37: |__|__||__|__|__||__|__|__| | CZ37: |__|__||__|__|__||__|__|__| | DA37: |__|__||__|__|__||__|__|__| | DB37: |__|__||__|__|__||__|__|__| | DC37: |__|__||__|__|__||__| | DE37: =DE36+1 -> 7 | DF37: |___| | DJ37: |___| | DL37: |___| | DN37: |___| | DT37: |__|__| | DV37: |__|__| | DW37: |__|__| | EA37: |__|__| | EC37: |__|__||__|__|__||__|
A38: =A37+1 -> 8 | X38: |__|__| | AA38: =AA37+1 -> 8 | AC38: |___| | AZ38: |__|__| | BA38: |__|__| | BB38: |__|__| | BC38: |__|__| | BD38: |__|__| | BE38: |__|__| | BF38: |__|__| | BG38: |__|__| | BH38: |__|__| | BI38: =BI37+1 -> 8 | BK38: |__|__|__| | BN38: |__| | BO38: |__| | BT38: |___|___| | BU38: |__|__|__| | BX38: |___| | BZ38: |___| | CB38: |___| | CF38: |___| | CJ38: |___| | CQ38: |___| | CS38: |___| | CU38: |___| | CW38: =CW37+1 -> 8 | CX38: |__|__||__|__|__||__|__|__| | CY38: |__|__||__|__|__||__|__|__| | CZ38: |__|__||__|__|__||__|__|__| | DA38: |__|__||__|__|__||__|__|__| | DB38: |__|__||__|__|__||__|__|__| | DC38: |__|__||__|__|__||__| | DE38: =DE37+1 -> 8 | DF38: |___| | DJ38: |___| | DL38: |___| | DN38: |___| | DT38: |__|__| | DV38: |__|__| | DW38: |__|__| | EA38: |__|__| | EC38: |__|__||__|__|__||__|
A39: =A38+1 -> 9 | X39: |__|__| | AA39: =AA38+1 -> 9 | AC39: |___| | AZ39: |__|__| | BA39: |__|__| | BB39: |__|__| | BC39: |__|__| | BD39: |__|__| | BE39: |__|__| | BF39: |__|__| | BG39: |__|__| | BH39: |__|__| | BI39: =BI38+1 -> 9 | BK39: |__|__|__| | BN39: |__| | BO39: |__| | BT39: |___|___| | BU39: |__|__|__| | BX39: |___| | BZ39: |___| | CB39: |___| | CF39: |___| | CJ39: |___| | CQ39: |___| | CS39: |___| | CU39: |___| | CW39: =CW38+1 -> 9 | CX39: |__|__||__|__|__||__|__|__| | CY39: |__|__||__|__|__||__|__|__| | CZ39: |__|__||__|__|__||__|__|__| | DA39: |__|__||__|__|__||__|__|__| | DB39: |__|__||__|__|__||__|__|__| | DC39: |__|__||__|__|__||__| | DE39: =DE38+1 -> 9 | DF39: |___| | DJ39: |___| | DL39: |___| | DN39: |___| | DT39: |__|__| | DV39: |__|__| | DW39: |__|__| | EA39: |__|__| | EC39: |__|__||__|__|__||__|
A40: =A39+1 -> 10 | X40: |__|__| | AA40: =AA39+1 -> 10 | AC40: |___| | AZ40: |__|__| | BA40: |__|__| | BB40: |__|__| | BC40: |__|__| | BD40: |__|__| | BE40: |__|__| | BF40: |__|__| | BG40: |__|__| | BH40: |__|__| | BI40: =BI39+1 -> 10 | BK40: |__|__|__| | BN40: |__| | BO40: |__| | BT40: |___|___| | BU40: |__|__|__| | BX40: |___| | BZ40: |___| | CB40: |___| | CF40: |___| | CJ40: |___| | CQ40: |___| | CS40: |___| | CU40: |___| | CW40: =CW39+1 -> 10 | CX40: |__|__||__|__|__||__|__|__| | CY40: |__|__||__|__|__||__|__|__| | CZ40: |__|__||__|__|__||__|__|__| | DA40: |__|__||__|__|__||__|__|__| | DB40: |__|__||__|__|__||__|__|__| | DC40: |__|__||__|__|__||__| | DE40: =DE39+1 -> 10 | DF40: |___| | DJ40: |___| | DL40: |___| | DN40: |___| | DT40: |__|__| | DV40: |__|__| | DW40: |__|__| | EA40: |__|__| | EC40: |__|__||__|__|__||__|
A41: =A40+1 -> 11 | X41: |__|__| | AA41: =AA40+1 -> 11 | AC41: |___| | AZ41: |__|__| | BA41: |__|__| | BB41: |__|__| | BC41: |__|__| | BD41: |__|__| | BE41: |__|__| | BF41: |__|__| | BG41: |__|__| | BH41: |__|__| | BI41: =BI40+1 -> 11 | BK41: |__|__|__| | BN41: |__| | BO41: |__| | BT41: |___|___| | BU41: |__|__|__| | BX41: |___| | BZ41: |___| | CB41: |___| | CF41: |___| | CJ41: |___| | CQ41: |___| | CS41: |___| | CU41: |___| | CW41: =CW40+1 -> 11 | CX41: |__|__||__|__|__||__|__|__| | CY41: |__|__||__|__|__||__|__|__| | CZ41: |__|__||__|__|__||__|__|__| | DA41: |__|__||__|__|__||__|__|__| | DB41: |__|__||__|__|__||__|__|__| | DC41: |__|__||__|__|__||__| | DE41: =DE40+1 -> 11 | DF41: |___| | DJ41: |___| | DL41: |___| | DN41: |___| | DT41: |__|__| | DV41: |__|__| | DW41: |__|__| | EA41: |__|__| | EC41: |__|__||__|__|__||__|
A42: =A41+1 -> 12 | X42: |__|__| | AA42: =AA41+1 -> 12 | AC42: |___| | AZ42: |__|__| | BA42: |__|__| | BB42: |__|__| | BC42: |__|__| | BD42: |__|__| | BE42: |__|__| | BF42: |__|__| | BG42: |__|__| | BH42: |__|__| | BI42: =BI41+1 -> 12 | BK42: |__|__|__| | BN42: |__| | BO42: |__| | BT42: |___|___| | BU42: |__|__|__| | BX42: |___| | BZ42: |___| | CB42: |___| | CF42: |___| | CJ42: |___| | CQ42: |___| | CS42: |___| | CU42: |___| | CW42: =CW41+1 -> 12 | CX42: |__|__||__|__|__||__|__|__| | CY42: |__|__||__|__|__||__|__|__| | CZ42: |__|__||__|__|__||__|__|__| | DA42: |__|__||__|__|__||__|__|__| | DB42: |__|__||__|__|__||__|__|__| | DC42: |__|__||__|__|__||__| | DE42: =DE41+1 -> 12 | DF42: |___| | DJ42: |___| | DL42: |___| | DN42: |___| | DT42: |__|__| | DV42: |__|__| | DW42: |__|__| | EA42: |__|__| | EC42: |__|__||__|__|__||__|
A43: =A42+1 -> 13 | X43: |__|__| | AA43: =AA42+1 -> 13 | AC43: |___| | AZ43: |__|__| | BA43: |__|__| | BB43: |__|__| | BC43: |__|__| | BD43: |__|__| | BE43: |__|__| | BF43: |__|__| | BG43: |__|__| | BH43: |__|__| | BI43: =BI42+1 -> 13 | BK43: |__|__|__| | BN43: |__| | BO43: |__| | BT43: |___|___| | BU43: |__|__|__| | BX43: |___| | BZ43: |___| | CB43: |___| | CF43: |___| | CJ43: |___| | CQ43: |___| | CS43: |___| | CU43: |___| | CW43: =CW42+1 -> 13 | CX43: |__|__||__|__|__||__|__|__| | CY43: |__|__||__|__|__||__|__|__| | CZ43: |__|__||__|__|__||__|__|__| | DA43: |__|__||__|__|__||__|__|__| | DB43: |__|__||__|__|__||__|__|__| | DC43: |__|__||__|__|__||__| | DE43: =DE42+1 -> 13 | DF43: |___| | DJ43: |___| | DL43: |___| | DN43: |___| | DT43: |__|__| | DV43: |__|__| | DW43: |__|__| | EA43: |__|__| | EC43: |__|__||__|__|__||__|
... A50: =A49+1 -> 20 | X50: |__|__| | AA50: =AA49+1 -> 20 | AC50: |___| | AZ50: |__|__| | BA50: |__|__| | BB50: |__|__| | BC50: |__|__| | BD50: |__|__| | BE50: |__|__| | BF50: |__|__| | BG50: |__|__| | BH50: |__|__| | BI50: =BI49+1 -> 20 | BK50: |__|__|__| | BN50: |__| | BO50: |__| | BT50: |___|___| | BU50: |__|__|__| | BX50: |___| | BZ50: |___| | CB50: |___| | CF50: |___| | CJ50: |___| | CQ50: |___| | CS50: |___| | CU50: |___| | CW50: =CW49+1 -> 20 | CX50: |__|__||__|__|__||__|__|__| | CY50: |__|__||__|__|__||__|__|__| | CZ50: |__|__||__|__|__||__|__|__| | DA50: |__|__||__|__|__||__|__|__| | DB50: |__|__||__|__|__||__|__|__| | DC50: |__|__||__|__|__||__| | DE50: =DE49+1 -> 20 | DF50: |___| | DJ50: |___| | DL50: |___| | DN50: |___| | DT50: |__|__| | DV50: |__|__| | DW50: |__|__| | EA50: |__|__| | EC50: |__|__||__|__|__||__|

Sheet 16Anth
A1: 16 | B1: Taille et poids | Z1: Taille et poids | AA1: 15 | AB1: Taille et poids
A3: OBJET : TOUS LES ENFANTS DE MOINS DE 5 ANS DU MÉNAGE
A4: RÉPONDANT : MÈRE OU PRINCIPAL GARDIEN DE CHAQUE ENFANT DE MOINS DE 5 ANS
A6: CODE ID | C6: =-A1-0.01 -> -16.01 | E6: =C6-0.01 -> -16.02 | I6: =E6-0.01 -> -16.03 | K6: =I6-0.01 -> -16.04 | M6: =K6-0.01 -> -16.05 | O6: =M6-0.01 -> -16.06 | T6: =O6-0.01 -> -16.07 | X6: =T6-0.01 -> -16.08 | AA6: CODE ID | AC6: =X6-0.01 -> -16.09 | AO6: =AC6-0.01 -> -16.1 | AS6: =AO6-0.01 -> -16.11 | BC6: =AS6-0.01 -> -16.12 | BE6: =BC6-0.01 -> -16.13 | BO6: =BE6-0.01 -> -16.14
C7: INSCRIRE L'ÂGE DE CHAQUE PERSONNE, À PARTIR DU FLAP 2 (2.04) | E7: Au cours des six derniers mois, a-t-on mesuré [NOM] pour déterminer son état sur le plan nutritionnel ? | I7: Quelle a été la date des dernières mesures ? | K7: Lors des dernières mesures, quelle a été la méthode employée pour déterminer l'état nutritionnel de [NOM] ? | M7: Lors des dernières mesures, où a-t-on mesuré [NOM] ? | O7: Quel a été le résultat des dernières mesures de la circonference des bras (MUAC) ? | T7: Avez-vous obtenu des soins spécialisés pour traiter la malnutrition de [NOM] après les dernières mesures ? | X7: Où avez-vous obtenu les soins pour traiter la malnutrition de [NOM] ? | AC7: L'un des éléments suivants a-t-il été fourni pour traiter la malnutrition de [NOM] ? | AO7: LIRE À HAUTE VOIX LE FORMULAIRE DE CONSENTEMENT ANTHROPOMÉTRIQUE À TOUTES LES FEMMES DE 15 À 49 ANS/MERE OU À LA PERSONNE RESPONSABLE DE L'ENFANT NB :Prière de mesurer en premier le poids afin de mettre l'enfant en confiacnce | AS7: INSCRIVEZ LA TAILLE EN CENTIMÈTRES (avec seulement un chiffre après la virgule) | BC7: INSCRIRE LA MÉTHODE DE MESURE DE LA TAILLE (SI L'ENFANT A MOINS DE DEUX ANS UTILISER LA MÉTHODE COUCHÉ(E) ) | BE7: INSCRIVEZ LE POIDS EN KILOGRAMMES (avec seulement un chiffre après la virgule) On rappelle que la mesure du poids doit être fait 2 fois pour éviter les erreurs de mesure et de saisie | BO7: INSCRIVEZ LA CIRCONFÉRENCE DU BRAS EN MILLIMETRE (avec seulement un chiffre après la virgule) NB : Si MUAC<12,5 cm (zone rouge ou jaune), prière d'informer le superviseur pour se rassurer des resultats obtenus. Si confirmation, informer la mère ou la gardienne d'amener immediatement l'enfant dans la FOSA la plus proche
AC12: LIRE À HAUTE VOIX CHAQUE OPTION ET INSCRIRE OUI OU NON | AS12: On rappelle que la mesure de la taille doit être fait 2 fois pour éviter les erreurs de mesure et de saisie
O14: SI (16,04) EST DIFFERENT DE 4 ALLER À (16,07) | AO14: MESURÉE | AP14: 1
AO16: PAS PRÉSENT(E) | AP16: 2 | AQ16: ► | AR16: PERSONNE SUIVANTE
I17: NSP | J17: 98 | K17: Taille uniquement | L17: 1 | M17: CLINIQUE UNIVERSITAIRE | N17: 1 | X17: CLINIQUE UNIVERSITAIRE | Y17: 1 | AO17: TROP MALADE OU HANDICAPÉ(E) | AP17: 3 | AQ17: ► | AR17: PERSONNE SUIVANTE
M18: HÔPITAL GÉNÉRAL PROVINCIAL DE RÉFÉRENCE | N18: 2 | X18: HÔPITAL GÉNÉRAL PROVINCIAL DE RÉFÉRENCE | Y18: 2
K19: Poids uniquement | L19: 2 | M19: HÔPITAL GÉNÉRAL DE RÉFÉRENCE | N19: 3 | X19: HÔPITAL GÉNÉRAL DE RÉFÉRENCE | Y19: 3 | AD19: OUI | AG19: 1 | AO19: REFUSÉE | AP19: 4 | AQ19: ► | AR19: PERSONNE SUIVANTE
M20: CENTRE DE SANTÉ DE RÉFÉRENCE/ CLINIQUE | N20: 4 | X20: CENTRE DE SANTÉ DE RÉFÉRENCE/ CLINIQUE | Y20: 4 | AD20: NON | AG20: 2 | AO20: AUTRE (SPÉCIFIER) | AP20: 7 | AQ20: ► | AR20: PERSONNE SUIVANTE
K21: Taille et Poids | L21: 3 | M21: CENTRE DE SANTÉ | N21: 5 | X21: CENTRE DE SANTÉ | Y21: 5
E22: OUI | F22: 1 | M22: POSTE DE SANTÉ | N22: 6 | O22: JAUNE | Q22: 1 | T22: OUI | U22: 1 | X22: POSTE DE SANTÉ | Y22: 6 | AC22: Vitamine A | AD22: Conseils sur la nutrition | AE22: Fer | AF22: Lait thérapeutique/ Mixture( lait huile et sucre) | AG22: Sachet de pate d'arachide ( Plumpunut) | AH22: Bouillie | AI22: Anti biotique | AJ22: L'acide Folique | AK22: Mebendazole | AL22: Autres vitamines et micronutriments | AM22: Référé(e) à un niveau supérieur | AN22: Autre
E23: NON | F23: 2 | G23: ► | H23: =AO6 -> -16.1 | K23: Circonférence du bras | L23: 4 | M23: DOMICILE D'UN AGENT DE SANTÉ | N23: 7 | O23: VERT | Q23: 2 | R23: ► | S23: =AO6 -> -16.1 | T23: NON | U23: 2 | V23: ► | W23: =AO6 -> -16.1 | X23: DOMICILE D'UN AGENT DE SANTE | Y23: 7 | BC23: DEBOUT | BD23: 1
M24: À VOTRE PROPRE DOMICILE | N24: 8 | O24: ROUGE | Q24: 3 | X24: À VOTRE PROPRE DOMICILE | Y24: 8 | BC24: COUCHÉ(E) | BD24: 2
M25: AUTRE DOMICILE | N25: 9 | O25: NSP | Q25: 98 | X25: AUTRE DOMICILE | Y25: 9
K26: Ne Sait Pas | L26: 98 | M26: LIEU EN PLEIN AIR | N26: 10 | X26: LIEU EN PLEIN AIR | Y26: 10
C27: A. | D27: B. | M27: AUTRE (SPÉCIFIER) | N27: 97 | X27: AUTRE (SPÉCIFIER) | Y27: 97 | AS27: 1ère mesure | AX27: 2ème mesure | BE27: 1ère mesure | BJ27: 2ème mesure
C28: ANNÉES | D28: MOIS | I28: MOIS | J28: ANNÉE | AS28: CENTIMÈTRES | AX28: CENTIMÈTRES | BE28: KILOGRAMMES | BJ28: KILOGRAMMES | BO28: CENTIMÈTRES
AC29: A | AD29: B | AE29: C | AF29: D | AG29: E | AH29: F | AI29: G | AJ29: H | AK29: I | AL29: J | AM29: K | AN29: L
A30: 1 | AA30: 1 | AV30: , | BA30: , | BH30: , | BM30: , | BQ30: ,
A31: =A30+1 -> 2 | AA31: =AA30+1 -> 2 | AV31: , | BA31: , | BH31: , | BM31: , | BQ31: ,
A32: =A31+1 -> 3 | AA32: =AA31+1 -> 3 | AV32: , | BA32: , | BH32: , | BM32: , | BQ32: ,
A33: =A32+1 -> 4 | AA33: =AA32+1 -> 4 | AV33: , | BA33: , | BH33: , | BM33: , | BQ33: ,
A34: =A33+1 -> 5 | AA34: =AA33+1 -> 5 | AV34: , | BA34: , | BH34: , | BM34: , | BQ34: ,
A35: =A34+1 -> 6 | AA35: =AA34+1 -> 6 | AV35: , | BA35: , | BH35: , | BM35: , | BQ35: ,
A36: =A35+1 -> 7 | AA36: =AA35+1 -> 7 | AV36: , | BA36: , | BH36: , | BM36: , | BQ36: ,
A37: =A36+1 -> 8 | AA37: =AA36+1 -> 8 | AV37: , | BA37: , | BH37: , | BM37: , | BQ37: ,
A38: =A37+1 -> 9 | AA38: =AA37+1 -> 9 | AV38: , | BA38: , | BH38: , | BM38: , | BQ38: ,
A39: =A38+1 -> 10 | AA39: =AA38+1 -> 10 | AV39: , | BA39: , | BH39: , | BM39: , | BQ39: ,
A40: =A39+1 -> 11 | AA40: =AA39+1 -> 11 | AV40: , | BA40: , | BH40: , | BM40: , | BQ40: ,
A41: =A40+1 -> 12 | AA41: =AA40+1 -> 12 | AV41: , | BA41: , | BH41: , | BM41: , | BQ41: ,
A42: =A41+1 -> 13 | AA42: =AA41+1 -> 13 | AV42: , | BA42: , | BH42: , | BM42: , | BQ42: ,
... A49: =A48+1 -> 20 | AA49: =AA48+1 -> 20 | AV49: , | BA49: , | BH49: , | BM49: , | BQ49: ,

Sheet 19Mat Santé psy
A1: 19 | B1: Santé psychologique (femme)
A3: OBJET : FEMMES 15 à 49
A4: RÉPONDANT : ELLE-MÊME
A5: ENQUETEUR: Maintenant, je vais vous poser quelques questions sur votre santé et votre bien-être.
A6: CODE ID | C6: =-A1-0.01 -> -19.01 | F6: =C6-0.01 -> -19.02 | I6: =F6-0.01 -> -19.03 | L6: =I6-0.01 -> -19.04 | O6: =L6-0.01 -> -19.05
C7: Au cours des 2 dernières semaines, à quelle fréquence vous êtes-vous sentie joyeuse et de bonne humeur? | F7: Au cours des 2 dernières semaines, à quelle fréquence vous êtes-vous sentie calme et détendue? | I7: Au cours des 2 dernières semaines, à quelle fréquence vous êtes-vous sentie active et vigoureuse? | L7: Au cours des 2 dernières semaines, à quelle fréquence vous êtes-vous sentie fraiche et reposée au réveil ? | O7: Au cours des 2 dernières semaines, à quelle fréquence vous êtes-vous sentiestimulée, que vos journées étaient remplies de choses intéressantes?
C16: Tout le temps | D16: 1 | F16: Tout le temps | G16: 1 | I16: Tout le temps | J16: 1 | L16: Tout le temps | M16: 1 | O16: Tout le temps | P16: 1
C17: La plupart du temps | D17: 2 | F17: La plupart du temps | G17: 2 | I17: La plupart du temps | J17: 2 | L17: La plupart du temps | M17: 2 | O17: La plupart du temps | P17: 2
C18: Plus de la moitie du temps | D18: 3 | F18: Plus de la moitie du temps | G18: 3 | I18: Plus de la moitie du temps | J18: 3 | L18: Plus de la moitie du temps | M18: 3 | O18: Plus de la moitie du temps | P18: 3
C19: Moins de la moitie du temps | D19: 4 | F19: Moins de la moitie du temps | G19: 4 | I19: Moins de la moitie du temps | J19: 4 | L19: Moins de la moitie du temps | M19: 4 | O19: Moins de la moitie du temps | P19: 4
C20: De temps en temps | D20: 5 | F20: De temps en temps | G20: 5 | I20: De temps en temps | J20: 5 | L20: De temps en temps | M20: 5 | O20: De temps en temps | P20: 5
C21: Jamais | D21: 6 | F21: Jamais | G21: 6 | I21: Jamais | J21: 6 | L21: Jamais | M21: 6 | O21: Jamais | P21: 6
A22: 1
A23: =A22+1 -> 2
A24: =A23+1 -> 3
A25: =A24+1 -> 4
A26: =A25+1 -> 5
A27: =A26+1 -> 6
A28: =A27+1 -> 7
A29: =A28+1 -> 8
A30: =A29+1 -> 9
A31: =A30+1 -> 10
A32: =A31+1 -> 11
A33: =A32+1 -> 12
A34: =A33+1 -> 13
... A41: =A40+1 -> 20

Sheet 18Contact
A1: 18 | B1: Informations sur les contacts
B3: RÉPONDANT : LE CHEF DE MÉNAGE OU LE MEMBRE DU MÉNAGE LE MIEUX INFORMÉ
A5: =-A1-0.01 -> -18.01 | B5: Êtes-vous disposé à communiquer avec nous dans le futur en cas de besoin?
T6: OUI | V6: 1
T7: NON | V7: 2 | Z7: ► | AA7: Fin
A8: =A5-0.01 -> -18.02 | B8: Disposez-vous d'un contact téléphonique á partir duquel nous pourrions vous contacter?
B9: enquêteur: Si oui veuillez demander le numero de téléphone | T9: OUI | V9: 1
T10: Inscrivez numéro de tel: | AA10: ► | AB10: Fin
T11: NON | W11: ► | X11: =A8-0.01 -> -18.03
C14: =A8-0.01 -> -18.03
C15: Pouvez-vous me communiquer le nom d'un ou des membres de votre ménage qui ont un portable, afin que nous puissions vous contacter si cela s'avérait necessaire ?
AD16: CODES DE LIENS DE PARENTÉ
C17: INSCRIRE LE CODE D'IDENTIFICATION ET LE NOM | AD17: PARENT | AG17: 1
AD18: AMI | AG18: 2 | AI18: |__|
C19: NOM | P19: CODE ID | S19: NUMÉRO DE PORTABLE | AD19: VOISIN | AG19: 3
B20: 1
B21: 2
B22: 3
B23: 4
B24: 5
B25: 6
B28: REMERCIER LES MEMBRES DU MÉNAGE (LE MANUEL INDIQUE COMMENT CONCLURE)
B32: DÉCRIVEZ EN DÉTAIL COMMENT TROUVER CE MÉNAGE, EN COMMENCANT PAR UN REPÈRE FACILEMENT IDENTIFIABLE.

Sheet Notes
A1: Remarques de l'enquêteur
A3: INSCRIRE LES REMARQUES POUR CHAQUE RÉPONDANT (LE CAS ÉCHÉANT)
A5: 1
A9: =A5+1 -> 2
A13: =A9+1 -> 3
A17: =A13+1 -> 4
A21: =A17+1 -> 5
A25: =A21+1 -> 6
A29: =A25+1 -> 7
A33: =A29+1 -> 8
A37: =A33+1 -> 9
A41: =A37+1 -> 10
A45: =A41+1 -> 11
A49: =A45+1 -> 12
A53: =A49+1 -> 13
... A61: =A57+1 -> 15

Sheet Annexe1
A2: CODES SYMPTÖME | B2: SYMPTÖME DES MALADIES
A3: 1 | B3: Abcès
A4: 2 | B4: Anémie
A5: 3 | B5: Bouche fermée, crispée
A6: 4 | B6: Boutons
A7: 5 | B7: Boutons sur tout le corps
A8: 6 | B8: Constipation
A9: 7 | B9: Convulsions
A10: 8 | B10: Corps chaud
A11: 9 | B11: Corps enflé (œdème général)
A12: 10 | B12: Coup rejeté en arrière
A13: 11 | B13: Démangeaisons (prurit)
A14: 12 | B14: Déshydratation
... A98: 98 | B98: Soif intense
